Workbook
Name dashboardmonthlist: Calc!$U$4:$U$16
Name dashboardpropertylist: OFFSET(Calc!$E$4,0,0,Calc!$E$2+1,1)
Name dashboardyearlist: Calc!$S$4:$S$14
Name expensecategorylist: OFFSET(Calc!$K$5,0,0,Calc!$K$2,1)
Name ExpenseChartLabel: OFFSET(Calc!$Y$34,0,0,Calc!$Y$32,1)
Name ExpenseChartSource: OFFSET(Calc!$Z$34,0,0,Calc!$Y$32,1)
Name incomecategorylist: OFFSET(Calc!$H$5,0,0,Calc!$H$2,1)
Name month: Calc!$AC$20
Name monthlist: Calc!$U$5:$U$16
Name paymenttypelist: OFFSET(Calc!$Q$5,0,0,Calc!$Q$2,1)
Name property: Calc!$AA$20
Name propertylist: OFFSET(Calc!$E$5,0,0,Calc!$E$2,1)
Name propertytypelist: OFFSET(Calc!$N$5,0,0,Calc!$N$2,1)
Name startingmonth: Menu!$I$21
Name startingyear: Menu!$I$18
Name year: Calc!$AB$20
Name yearlist: Calc!$W$4:$W$19

Sheet Menu
C2: RENTAL INCOME AND EXPENSES TEMPLATE
C3: MENU
C15: SETTINGS
C17: Income Categories | E17: Expense Categories | G17: Property Types | I17: Starting Year
C18: Deposit | E18: Advertising | G18: Tiny Home | I18: 2021
C19: Rent | E19: Cleaning & Maintenance | G19: Apartment
E20: Commissions | G20: Townhome | I20: Starting Month
E21: Insurance | I21: February
E22: Management Fees
E23: Repairs
E24: Supplies
E25: Taxes
E26: Utilities
E27: Bills
G29: Rent Payment Type
G30: Monthly
G31: Quarterly
G32: 6 Month
G33: Yearly

Sheet PropertyDatabase
B2: RENTAL INCOME AND EXPENSES TEMPLATE
B3: PROPERTY DATABASE
B5: Property Name | C5: City | D5: State | E5: Address | F5: Property Type | G5: Current Rent Price | H5: Current Contract Date | I5: Payment Day of Month | J5: Payment Type | K5: Bank Account | L5: Tenant Name | M5: Contact Info | N5: Deposit | O5: Notes
B6: House 1 | C6: New York | D6: USA | E6: 8724 Smith Drive Buffalo 14221 | F6: Tiny Home | G6: 1000 | H6: 44562 | I6: 1 | J6: Monthly | K6: 8402-3068-5092-3035 | L6: Jemima Begum | M6: jemima@mail.com | N6: 500
B7: House 2 | C7: New York | D7: USA | E7: 320 Wentworth Lane Hempstead 11550 | F7: Apartment | G7: 1500 | H7: 44562 | I7: 2 | J7: Quarterly | K7: 4779-7997-3743-4306 | L7: Mercedes Banks | M7: mercedes@mail.com | N7: 500
B8: House 3 | C8: New York | D8: USA | E8: 369 Cambridge St. Ridgewood 1138 | F8: Townhome | G8: 2500 | H8: 44562 | I8: 3 | J8: Yearly | K8: 7487-5412-8393-8358 | L8: Macauley Peck | M8: macauley@mail.com | N8: 500
B9: House 4 | C9: New York | D9: USA | E9: 975 Edgewood St. Brooklyn 11214 | F9: Apartment | G9: 2500 | H9: 44563 | I9: 4 | J9: Yearly | K9: 4640-8342-5599-9590 | L9: Hannah Shaw | M9: hannah@mail.com | N9: 500
B10: House 5 | C10: New York | D10: USA | E10: 74 Trusel Rd. Troy 12180 | F10: Townhome | G10: 3000 | H10: 44564 | I10: 5 | J10: Yearly | K10: 7819-6226-3002-6706 | L10: Carmel Beltran | M10: carmel@mail.com | N10: 500
B11: House 6 | C11: New York | D11: USA | E11: 56 La Sierra Dr. Bronx10467 | F11: Apartment | G11: 2750 | H11: 44565 | I11: 6 | J11: Yearly | K11: 1384-8485-1588-8944 | L11: Sarah-Jayne Morrison | M11: sarah-jayne@mail.com | N11: 500
B12: House 7 | C12: New York | D12: USA | E12: 75 Windsor Dr. Brooklyn 11219 | F12: Townhome | G12: 2750 | H12: 44566 | I12: 7 | J12: Yearly | K12: 1437-7990-1458-7620 | L12: Alyce Milner | M12: alyce@mail.com | N12: 500
B13: House 8 | C13: New York | D13: USA | E13: 151 Euclid Dr. Bronx 10472 | F13: Apartment | G13: 3000 | H13: 44567 | I13: 8 | J13: Yearly | K13: 7444-7202-8840-4463 | L13: Aviana Kenny | M13: 202-555-8915 | N13: 500

Sheet TenantRecords
B2: RENTAL INCOME AND EXPENSES TEMPLATE
B3: TENANT RECORDS
B5: Property Name | C5: Tenant Name | D5: Contact Info | E5: Initial Rent Price | F5: Last Rent Price | G5: Contract Starting Date | H5: Contract End Date | I5: Bank Account | J5: Deposit | K5: Notes
B6: House 1 | C6: Harris Montes | D6: 202-555-3086 | E6: 1000 | F6: 1200 | G6: 44242 | H6: 44607 | I6: Account 1 | J6: 500
B7: House 2 | C7: Doris Power | D7: 202-555-3023 | E7: 1250 | F7: 1600 | G7: 43913 | H7: 44643 | I7: Account 2 | J7: 750

Sheet Income
B2: RENTAL INCOME AND EXPENSES TEMPLATE
B3: INCOME
B8: Property Name | C8: Income Category | D8: Notes | E8: =INDEX(Calc!$AA$7:$AL$7,1,COLUMN(R8)-COLUMN($Q8)) -> 44228 | F8: =INDEX(Calc!$AA$7:$AL$7,1,COLUMN(S8)-COLUMN($Q8)) -> 44256 | G8: =INDEX(Calc!$AA$7:$AL$7,1,COLUMN(T8)-COLUMN($Q8)) -> 44287 | H8: =INDEX(Calc!$AA$7:$AL$7,1,COLUMN(U8)-COLUMN($Q8)) -> 44317 | I8: =INDEX(Calc!$AA$7:$AL$7,1,COLUMN(V8)-COLUMN($Q8)) -> 44348 | J8: =INDEX(Calc!$AA$7:$AL$7,1,COLUMN(W8)-COLUMN($Q8)) -> 44378 | K8: =INDEX(Calc!$AA$7:$AL$7,1,COLUMN(X8)-COLUMN($Q8)) -> 44409 | L8: =INDEX(Calc!$AA$7:$AL$7,1,COLUMN(Y8)-COLUMN($Q8)) -> 44440 | ... P8: =INDEX(Calc!$AA$7:$AL$7,1,COLUMN(AC8)-COLUMN($Q8)) -> 44562
B9: House 1 | C9: Deposit | E9: 1800 | U9: 1
B10: House 1 | C10: Rent | E10: 900 | F10: 900 | G10: 900 | H10: 900 | I10: 900 | J10: 900 | K10: 900 | L10: 900 | M10: 900 | N10: 900 | O10: 900 | P10: 900 | U10: 2
B11: House 2 | C11: Deposit | E11: 2500 | U11: 3
B12: House 2 | C12: Rent | E12: 1250 | F12: 1250 | G12: 1250 | H12: 1250 | I12: 1250 | J12: 1250 | K12: 1250 | L12: 1250 | M12: 1250 | N12: 1250 | O12: 1250 | P12: 1250 | U12: 4
B13: House 3 | C13: Deposit | E13: 3200 | U13: 5
B14: House 3 | C14: Rent | E14: 1600 | F14: 1600 | G14: 1600 | H14: 1600 | I14: 1600 | J14: 1600 | K14: 1600 | L14: 1600 | M14: 1600 | N14: 1600 | O14: 1600 | P14: 1600 | U14: 6
B15: House 4 | C15: Deposit | E15: 1400 | U15: 7
B16: House 4 | C16: Rent | E16: 700 | F16: 700 | G16: 700 | H16: 700 | I16: 700 | J16: 700 | K16: 700 | L16: 700 | M16: 700 | N16: 700 | O16: 700 | P16: 700 | U16: 8
U17: 9
U18: 10
U19: 11
U20: 12
U21: 13
U22: 14
U23: 15
U24: 16
U25: 17
U26: 18
U27: 19
U28: 20
B110: Property Name | C110: Income Category | D110: Notes | E110: =INDEX(Calc!$AA$8:$AL$8,1,COLUMN(R110)-COLUMN($Q110)) -> 44593 | F110: =INDEX(Calc!$AA$8:$AL$8,1,COLUMN(S110)-COLUMN($Q110)) -> 44621 | G110: =INDEX(Calc!$AA$8:$AL$8,1,COLUMN(T110)-COLUMN($Q110)) -> 44652 | H110: =INDEX(Calc!$AA$8:$AL$8,1,COLUMN(U110)-COLUMN($Q110)) -> 44682 | I110: =INDEX(Calc!$AA$8:$AL$8,1,COLUMN(V110)-COLUMN($Q110)) -> 44713 | J110: =INDEX(Calc!$AA$8:$AL$8,1,COLUMN(W110)-COLUMN($Q110)) -> 44743 | K110: =INDEX(Calc!$AA$8:$AL$8,1,COLUMN(X110)-COLUMN($Q110)) -> 44774 | L110: =INDEX(Calc!$AA$8:$AL$8,1,COLUMN(Y110)-COLUMN($Q110)) -> 44805 | ... P110: =INDEX(Calc!$AA$8:$AL$8,1,COLUMN(AC110)-COLUMN($Q110)) -> 44927
B111: House 1 | C111: Rent | E111: 1200 | F111: 1200 | G111: 1200 | H111: 1200 | J111: 1200 | K111: 1200 | L111: 1200 | U111: 101
B112: House 2 | C112: Rent | E112: 1600 | F112: 1600 | G112: 1600 | H112: 1600 | I112: 1600 | J112: 1600 | U112: 102
B113: House 3 | C113: Deposit | E113: 4000 | U113: 103
B114: House 3 | C114: Rent | E114: 2000 | F114: 2000 | G114: 2000 | H114: 2000 | I114: 2000 | J114: 2000 | K114: 2000 | L114: 2000 | U114: 104
B115: House 4 | C115: Rent | E115: 850 | F115: 850 | G115: 850 | H115: 850 | I115: 850 | J115: 850 | K115: 850 | L115: 850 | U115: 105
U116: 106
U117: 107
U118: 108
U119: 109
U120: 110
U121: 111
U122: 112
U123: 113
U124: 114
U125: 115
U126: 116
U127: 117
... U130: 120
B212: Property Name | C212: Income Category | D212: Notes | E212: =INDEX(Calc!$AA$9:$AL$9,1,COLUMN(R212)-COLUMN($Q212)) -> 44958 | F212: =INDEX(Calc!$AA$9:$AL$9,1,COLUMN(S212)-COLUMN($Q212)) -> 44986 | G212: =INDEX(Calc!$AA$9:$AL$9,1,COLUMN(T212)-COLUMN($Q212)) -> 45017 | H212: =INDEX(Calc!$AA$9:$AL$9,1,COLUMN(U212)-COLUMN($Q212)) -> 45047 | I212: =INDEX(Calc!$AA$9:$AL$9,1,COLUMN(V212)-COLUMN($Q212)) -> 45078 | J212: =INDEX(Calc!$AA$9:$AL$9,1,COLUMN(W212)-COLUMN($Q212)) -> 45108 | K212: =INDEX(Calc!$AA$9:$AL$9,1,COLUMN(X212)-COLUMN($Q212)) -> 45139 | L212: =INDEX(Calc!$AA$9:$AL$9,1,COLUMN(Y212)-COLUMN($Q212)) -> 45170 | ... P212: =INDEX(Calc!$AA$9:$AL$9,1,COLUMN(AC212)-COLUMN($Q212)) -> 45292
U213: 201
U214: 202
U215: 203
U216: 204
U217: 205
U218: 206
U219: 207
U220: 208
U221: 209
U222: 210
U223: 211
U224: 212
... U232: 220
B314: Property Name | C314: Income Category | D314: Notes | E314: =INDEX(Calc!$AA$10:$AL$10,1,COLUMN(R314)-COLUMN($Q314)) -> 45323 | F314: =INDEX(Calc!$AA$10:$AL$10,1,COLUMN(S314)-COLUMN($Q314)) -> 45352 | G314: =INDEX(Calc!$AA$10:$AL$10,1,COLUMN(T314)-COLUMN($Q314)) -> 45383 | H314: =INDEX(Calc!$AA$10:$AL$10,1,COLUMN(U314)-COLUMN($Q314)) -> 45413 | I314: =INDEX(Calc!$AA$10:$AL$10,1,COLUMN(V314)-COLUMN($Q314)) -> 45444 | J314: =INDEX(Calc!$AA$10:$AL$10,1,COLUMN(W314)-COLUMN($Q314)) -> 45474 | K314: =INDEX(Calc!$AA$10:$AL$10,1,COLUMN(X314)-COLUMN($Q314)) -> 45505 | L314: =INDEX(Calc!$AA$10:$AL$10,1,COLUMN(Y314)-COLUMN($Q314)) -> 45536 | ... P314: =INDEX(Calc!$AA$10:$AL$10,1,COLUMN(AC314)-COLUMN($Q314)) -> 45658
U315: 301
U316: 302
U317: 303
U318: 304
U319: 305
U320: 306
U321: 307
U322: 308
U323: 309
U324: 310
U325: 311
U326: 312
... U334: 320
B416: Property Name | C416: Income Category | D416: Notes | E416: =INDEX(Calc!$AA$11:$AL$11,1,COLUMN(R416)-COLUMN($Q416)) -> 45689 | F416: =INDEX(Calc!$AA$11:$AL$11,1,COLUMN(S416)-COLUMN($Q416)) -> 45717 | G416: =INDEX(Calc!$AA$11:$AL$11,1,COLUMN(T416)-COLUMN($Q416)) -> 45748 | H416: =INDEX(Calc!$AA$11:$AL$11,1,COLUMN(U416)-COLUMN($Q416)) -> 45778 | I416: =INDEX(Calc!$AA$11:$AL$11,1,COLUMN(V416)-COLUMN($Q416)) -> 45809 | J416: =INDEX(Calc!$AA$11:$AL$11,1,COLUMN(W416)-COLUMN($Q416)) -> 45839 | K416: =INDEX(Calc!$AA$11:$AL$11,1,COLUMN(X416)-COLUMN($Q416)) -> 45870 | L416: =INDEX(Calc!$AA$11:$AL$11,1,COLUMN(Y416)-COLUMN($Q416)) -> 45901 | ... P416: =INDEX(Calc!$AA$11:$AL$11,1,COLUMN(AC416)-COLUMN($Q416)) -> 46023
U417: 401
U418: 402
U419: 403
U420: 404
U421: 405
U422: 406
U423: 407
U424: 408
U425: 409
U426: 410
U427: 411
U428: 412
... U436: 420
B518: Property Name | C518: Income Category | D518: Notes | E518: =INDEX(Calc!$AA$12:$AL$12,1,COLUMN(R518)-COLUMN($Q518)) -> 46054 | F518: =INDEX(Calc!$AA$12:$AL$12,1,COLUMN(S518)-COLUMN($Q518)) -> 46082 | G518: =INDEX(Calc!$AA$12:$AL$12,1,COLUMN(T518)-COLUMN($Q518)) -> 46113 | H518: =INDEX(Calc!$AA$12:$AL$12,1,COLUMN(U518)-COLUMN($Q518)) -> 46143 | I518: =INDEX(Calc!$AA$12:$AL$12,1,COLUMN(V518)-COLUMN($Q518)) -> 46174 | J518: =INDEX(Calc!$AA$12:$AL$12,1,COLUMN(W518)-COLUMN($Q518)) -> 46204 | K518: =INDEX(Calc!$AA$12:$AL$12,1,COLUMN(X518)-COLUMN($Q518)) -> 46235 | L518: =INDEX(Calc!$AA$12:$AL$12,1,COLUMN(Y518)-COLUMN($Q518)) -> 46266 | ... P518: =INDEX(Calc!$AA$12:$AL$12,1,COLUMN(AC518)-COLUMN($Q518)) -> 46388
U519: 501
U520: 502
U521: 503
U522: 504
U523: 505
U524: 506
U525: 507
U526: 508
U527: 509
U528: 510
U529: 511
U530: 512
... U538: 520
B620: Property Name | C620: Income Category | D620: Notes | E620: =INDEX(Calc!$AA$13:$AL$13,1,COLUMN(R620)-COLUMN($Q620)) -> 46419 | F620: =INDEX(Calc!$AA$13:$AL$13,1,COLUMN(S620)-COLUMN($Q620)) -> 46447 | G620: =INDEX(Calc!$AA$13:$AL$13,1,COLUMN(T620)-COLUMN($Q620)) -> 46478 | H620: =INDEX(Calc!$AA$13:$AL$13,1,COLUMN(U620)-COLUMN($Q620)) -> 46508 | I620: =INDEX(Calc!$AA$13:$AL$13,1,COLUMN(V620)-COLUMN($Q620)) -> 46539 | J620: =INDEX(Calc!$AA$13:$AL$13,1,COLUMN(W620)-COLUMN($Q620)) -> 46569 | K620: =INDEX(Calc!$AA$13:$AL$13,1,COLUMN(X620)-COLUMN($Q620)) -> 46600 | L620: =INDEX(Calc!$AA$13:$AL$13,1,COLUMN(Y620)-COLUMN($Q620)) -> 46631 | ... P620: =INDEX(Calc!$AA$13:$AL$13,1,COLUMN(AC620)-COLUMN($Q620)) -> 46753
U621: 601
...

Sheet Expenses
B2: RENTAL INCOME AND EXPENSES TEMPLATE
B3: EXPENSES
B8: Property Name | C8: Expense Category | D8: Notes | E8: =INDEX(Calc!$AA$7:$AL$7,1,COLUMN(R8)-COLUMN($Q8)) -> 44228 | F8: =INDEX(Calc!$AA$7:$AL$7,1,COLUMN(S8)-COLUMN($Q8)) -> 44256 | G8: =INDEX(Calc!$AA$7:$AL$7,1,COLUMN(T8)-COLUMN($Q8)) -> 44287 | H8: =INDEX(Calc!$AA$7:$AL$7,1,COLUMN(U8)-COLUMN($Q8)) -> 44317 | I8: =INDEX(Calc!$AA$7:$AL$7,1,COLUMN(V8)-COLUMN($Q8)) -> 44348 | J8: =INDEX(Calc!$AA$7:$AL$7,1,COLUMN(W8)-COLUMN($Q8)) -> 44378 | K8: =INDEX(Calc!$AA$7:$AL$7,1,COLUMN(X8)-COLUMN($Q8)) -> 44409 | L8: =INDEX(Calc!$AA$7:$AL$7,1,COLUMN(Y8)-COLUMN($Q8)) -> 44440 | ... P8: =INDEX(Calc!$AA$7:$AL$7,1,COLUMN(AC8)-COLUMN($Q8)) -> 44562
B9: House 1 | C9: Advertising | F9: 250 | U9: 1
B10: House 1 | C10: Cleaning & Maintenance | G10: 350 | U10: 2
B11: House 1 | C11: Commissions | I11: 600 | U11: 3
B12: House 1 | C12: Insurance | K12: 700 | U12: 4
B13: House 1 | C13: Repairs | J13: 1400 | U13: 5
B14: House 1 | C14: Taxes | K14: 450 | U14: 6
B15: House 2 | C15: Advertising | H15: 350 | U15: 7
B16: House 2 | C16: Cleaning & Maintenance | I16: 250 | U16: 8
B17: House 2 | C17: Commissions | G17: 500 | U17: 9
B18: House 2 | C18: Insurance | J18: 600 | U18: 10
B19: House 3 | C19: Advertising | F19: 350 | U19: 11
B20: House 3 | C20: Cleaning & Maintenance | G20: 500 | U20: 12
B21: House 3 | C21: Commissions | I21: 600 | U21: 13
B22: House 3 | C22: Insurance | J22: 500 | U22: 14
B23: House 4 | C23: Cleaning & Maintenance | N23: 700 | U23: 15
U24: 16
U25: 17
U26: 18
U27: 19
U28: 20
B110: Property Name | C110: Expense Category | D110: Notes | E110: =INDEX(Calc!$AA$8:$AL$8,1,COLUMN(R110)-COLUMN($Q110)) -> 44593 | F110: =INDEX(Calc!$AA$8:$AL$8,1,COLUMN(S110)-COLUMN($Q110)) -> 44621 | G110: =INDEX(Calc!$AA$8:$AL$8,1,COLUMN(T110)-COLUMN($Q110)) -> 44652 | H110: =INDEX(Calc!$AA$8:$AL$8,1,COLUMN(U110)-COLUMN($Q110)) -> 44682 | I110: =INDEX(Calc!$AA$8:$AL$8,1,COLUMN(V110)-COLUMN($Q110)) -> 44713 | J110: =INDEX(Calc!$AA$8:$AL$8,1,COLUMN(W110)-COLUMN($Q110)) -> 44743 | K110: =INDEX(Calc!$AA$8:$AL$8,1,COLUMN(X110)-COLUMN($Q110)) -> 44774 | L110: =INDEX(Calc!$AA$8:$AL$8,1,COLUMN(Y110)-COLUMN($Q110)) -> 44805 | ... P110: =INDEX(Calc!$AA$8:$AL$8,1,COLUMN(AC110)-COLUMN($Q110)) -> 44927
B111: House 1 | C111: Cleaning & Maintenance | G111: 300 | U111: 101
B112: House 1 | C112: Insurance | H112: 500 | U112: 102
B113: House 2 | C113: Taxes | J113: 600 | U113: 103
B114: House 2 | C114: Insurance | I114: 400 | U114: 104
B115: House 3 | C115: Advertising | G115: 250 | U115: 105
B116: House 3 | C116: Repairs | J116: 750 | U116: 106
B117: House 3 | C117: Insurance | I117: 400 | U117: 107
B118: House 3 | C118: Commissions | I118: 500 | U118: 108
B119: House 4 | C119: Cleaning & Maintenance | G119: 250 | U119: 109
U120: 110
U121: 111
U122: 112
U123: 113
U124: 114
U125: 115
U126: 116
U127: 117
U128: 118
U129: 119
U130: 120
B212: Property Name | C212: Expense Category | D212: Notes | E212: =INDEX(Calc!$AA$9:$AL$9,1,COLUMN(R212)-COLUMN($Q212)) -> 44958 | F212: =INDEX(Calc!$AA$9:$AL$9,1,COLUMN(S212)-COLUMN($Q212)) -> 44986 | G212: =INDEX(Calc!$AA$9:$AL$9,1,COLUMN(T212)-COLUMN($Q212)) -> 45017 | H212: =INDEX(Calc!$AA$9:$AL$9,1,COLUMN(U212)-COLUMN($Q212)) -> 45047 | I212: =INDEX(Calc!$AA$9:$AL$9,1,COLUMN(V212)-COLUMN($Q212)) -> 45078 | J212: =INDEX(Calc!$AA$9:$AL$9,1,COLUMN(W212)-COLUMN($Q212)) -> 45108 | K212: =INDEX(Calc!$AA$9:$AL$9,1,COLUMN(X212)-COLUMN($Q212)) -> 45139 | L212: =INDEX(Calc!$AA$9:$AL$9,1,COLUMN(Y212)-COLUMN($Q212)) -> 45170 | ... P212: =INDEX(Calc!$AA$9:$AL$9,1,COLUMN(AC212)-COLUMN($Q212)) -> 45292
U213: 201
U214: 202
U215: 203
U216: 204
U217: 205
U218: 206
U219: 207
U220: 208
U221: 209
U222: 210
U223: 211
U224: 212
... U232: 220
B314: Property Name | C314: Expense Category | D314: Notes | E314: =INDEX(Calc!$AA$10:$AL$10,1,COLUMN(R314)-COLUMN($Q314)) -> 45323 | F314: =INDEX(Calc!$AA$10:$AL$10,1,COLUMN(S314)-COLUMN($Q314)) -> 45352 | G314: =INDEX(Calc!$AA$10:$AL$10,1,COLUMN(T314)-COLUMN($Q314)) -> 45383 | H314: =INDEX(Calc!$AA$10:$AL$10,1,COLUMN(U314)-COLUMN($Q314)) -> 45413 | I314: =INDEX(Calc!$AA$10:$AL$10,1,COLUMN(V314)-COLUMN($Q314)) -> 45444 | J314: =INDEX(Calc!$AA$10:$AL$10,1,COLUMN(W314)-COLUMN($Q314)) -> 45474 | K314: =INDEX(Calc!$AA$10:$AL$10,1,COLUMN(X314)-COLUMN($Q314)) -> 45505 | L314: =INDEX(Calc!$AA$10:$AL$10,1,COLUMN(Y314)-COLUMN($Q314)) -> 45536 | ... P314: =INDEX(Calc!$AA$10:$AL$10,1,COLUMN(AC314)-COLUMN($Q314)) -> 45658
U315: 301
U316: 302
U317: 303
U318: 304
U319: 305
U320: 306
U321: 307
U322: 308
U323: 309
U324: 310
U325: 311
U326: 312
... U334: 320
B416: Property Name | C416: Expense Category | D416: Notes | E416: =INDEX(Calc!$AA$11:$AL$11,1,COLUMN(R416)-COLUMN($Q416)) -> 45689 | F416: =INDEX(Calc!$AA$11:$AL$11,1,COLUMN(S416)-COLUMN($Q416)) -> 45717 | G416: =INDEX(Calc!$AA$11:$AL$11,1,COLUMN(T416)-COLUMN($Q416)) -> 45748 | H416: =INDEX(Calc!$AA$11:$AL$11,1,COLUMN(U416)-COLUMN($Q416)) -> 45778 | I416: =INDEX(Calc!$AA$11:$AL$11,1,COLUMN(V416)-COLUMN($Q416)) -> 45809 | J416: =INDEX(Calc!$AA$11:$AL$11,1,COLUMN(W416)-COLUMN($Q416)) -> 45839 | K416: =INDEX(Calc!$AA$11:$AL$11,1,COLUMN(X416)-COLUMN($Q416)) -> 45870 | L416: =INDEX(Calc!$AA$11:$AL$11,1,COLUMN(Y416)-COLUMN($Q416)) -> 45901 | ... P416: =INDEX(Calc!$AA$11:$AL$11,1,COLUMN(AC416)-COLUMN($Q416)) -> 46023
U417: 401
U418: 402
U419: 403
U420: 404
U421: 405
U422: 406
U423: 407
U424: 408
U425: 409
U426: 410
U427: 411
U428: 412
... U436: 420
B518: Property Name | C518: Expense Category | D518: Notes | E518: =INDEX(Calc!$AA$12:$AL$12,1,COLUMN(R518)-COLUMN($Q518)) -> 46054 | F518: =INDEX(Calc!$AA$12:$AL$12,1,COLUMN(S518)-COLUMN($Q518)) -> 46082 | G518: =INDEX(Calc!$AA$12:$AL$12,1,COLUMN(T518)-COLUMN($Q518)) -> 46113 | H518: =INDEX(Calc!$AA$12:$AL$12,1,COLUMN(U518)-COLUMN($Q518)) -> 46143 | I518: =INDEX(Calc!$AA$12:$AL$12,1,COLUMN(V518)-COLUMN($Q518)) -> 46174 | J518: =INDEX(Calc!$AA$12:$AL$12,1,COLUMN(W518)-COLUMN($Q518)) -> 46204 | K518: =INDEX(Calc!$AA$12:$AL$12,1,COLUMN(X518)-COLUMN($Q518)) -> 46235 | L518: =INDEX(Calc!$AA$12:$AL$12,1,COLUMN(Y518)-COLUMN($Q518)) -> 46266 | ... P518: =INDEX(Calc!$AA$12:$AL$12,1,COLUMN(AC518)-COLUMN($Q518)) -> 46388
U519: 501
U520: 502
U521: 503
U522: 504
U523: 505
U524: 506
U525: 507
U526: 508
U527: 509
U528: 510
U529: 511
U530: 512
... U538: 520
...

Sheet Dashboard
B2: RENTAL INCOME AND EXPENSES TEMPLATE
B3: DASHBOARD
G6: Property | H6: All
G7: Year | H7: All
G8: Month | H8: All

Sheet Calc
E2: =MAX(COUNTA($E$5:$E$54)-COUNTIF($E$5:$E$54,""),1) -> 8 | H2: =MAX(COUNTA($H$5:$H$24)-COUNTIF($H$5:$H$24,""),1) -> 2 | K2: =MAX(COUNTA($K$5:$K$24)-COUNTIF($K$5:$K$24,""),1) -> 10 | N2: =MAX(COUNTA($N$5:$N$14)-COUNTIF($N$5:$N$14,""),1) -> 3 | Q2: =MAX(COUNTA($Q$5:$Q$12)-COUNTIF($Q$5:$Q$12,""),1) -> 4 | AT2: =$AA$4 -> 2021 | BK2: =$AA$4 -> 2021
B3: Index | D3: Property List | E3: Property List w/o Blanks | G3: Income Category List | H3: Income Category List w/o Blanks | J3: Expense Category List | K3: Expense Category List w/o Blanks | M3: Property Type List | N3: Property Type List w/o Blanks | P3: Payment Type List | Q3: Payment Type List w/o Blanks | S3: Year | T3: Month Code | U3: Month Name | W3: Year List | AA3: Starting Year | AB3: Starting Month Code | AN3: Year Increasing | AO3: Index | AQ3: Status | AR3: =IF(LEN(Income!B$8)>0,Income!B$8,"") -> Property Name | AS3: =IF(LEN(Income!C$8)>0,Income!C$8,"") -> Income Category | AT3: Year | AU3: =INDEX($T$5:$U$16,MATCH(MONTH(AA$7),$T$5:$T$16,0),2) -> February | AV3: =INDEX($T$5:$U$16,MATCH(MONTH(AB$7),$T$5:$T$16,0),2) -> March | AW3: =INDEX($T$5:$U$16,MATCH(MONTH(AC$7),$T$5:$T$16,0),2) -> April | AX3: =INDEX($T$5:$U$16,MATCH(MONTH(AD$7),$T$5:$T$16,0),2) -> May | AY3: =INDEX($T$5:$U$16,MATCH(MONTH(AE$7),$T$5:$T$16,0),2) -> June | AZ3: =INDEX($T$5:$U$16,MATCH(MONTH(AF$7),$T$5:$T$16,0),2) -> July | BA3: =INDEX($T$5:$U$16,MATCH(MONTH(AG$7),$T$5:$T$16,0),2) -> August | BB3: =INDEX($T$5:$U$16,MATCH(MONTH(AH$7),$T$5:$T$16,0),2) -> September | ... BF3: =INDEX($T$5:$U$16,MATCH(MONTH(AL$7),$T$5:$T$16,0),2) -> January | BH3: Status | BI3: =IF(LEN(Income!B$8)>0,Income!B$8,"") -> Property Name | BJ3: =IF(LEN(Income!C$8)>0,Income!C$8,"") -> Income Category | BK3: Year | BL3: =INDEX($T$5:$U$16,MATCH(MONTH(AA$7),$T$5:$T$16,0),2) -> February | BM3: =INDEX($T$5:$U$16,MATCH(MONTH(AB$7),$T$5:$T$16,0),2) -> March | BN3: =INDEX($T$5:$U$16,MATCH(MONTH(AC$7),$T$5:$T$16,0),2) -> April | BO3: =INDEX($T$5:$U$16,MATCH(MONTH(AD$7),$T$5:$T$16,0),2) -> May | BP3: =INDEX($T$5:$U$16,MATCH(MONTH(AE$7),$T$5:$T$16,0),2) -> June | BQ3: =INDEX($T$5:$U$16,MATCH(MONTH(AF$7),$T$5:$T$16,0),2) -> July | BR3: =INDEX($T$5:$U$16,MATCH(MONTH(AG$7),$T$5:$T$16,0),2) -> August | BS3: =INDEX($T$5:$U$16,MATCH(MONTH(AH$7),$T$5:$T$16,0),2) -> September | ... BW3: =INDEX($T$5:$U$16,MATCH(MONTH(AL$7),$T$5:$T$16,0),2) -> January
B4: - | D4: All | E4: =IFERROR(INDEX($D$4:$D$54, MATCH(0,INDEX((LEN($D$4:$D$54)=0)+COUNTIF($E$3:$E3,$D$4:$D$54),0),0)),"") -> All | G4: All | H4: =IFERROR(INDEX($G$4:$G$24, MATCH(0,INDEX((LEN($G$4:$G$24)=0)+COUNTIF($H$3:$H3,$G$4:$G$24),0),0)),"") -> All | J4: All | K4: =IFERROR(INDEX($J$4:$J$24, MATCH(0,INDEX((LEN($J$4:$J$24)=0)+COUNTIF($K$3:$K3,$J$4:$J$24),0),0)),"") -> All | M4: All | N4: =IFERROR(INDEX($M$4:$M$14, MATCH(0,INDEX((LEN($M$4:$M$14)=0)+COUNTIF($N$3:$N3,$M$4:$M$14),0),0)),"") -> All | P4: All | Q4: =IFERROR(INDEX($P$4:$P$12, MATCH(0,INDEX((LEN($P$4:$P$12)=0)+COUNTIF($Q$3:$Q3,$P$4:$P$12),0),0)),"") -> All | S4: All | T4: - | U4: All | W4: 2015 | AA4: =IF(LEN(Menu!$I$18)>0,Menu!$I$18,YEAR(TODAY())) -> 2021 | AB4: =IF(LEN(startingmonth)>0,INDEX($T$5:$U$16,MATCH(startingmonth,$U$5:$U$16,0),1),MONTH(1)) -> 2 | AN4: =IF($AO4<=100,0,IF(AND($AO4>100,$AO4<=200),1,IF(AND($AO4>200,$AO4<=300),2,IF(AND($AO4>300,$AO4<=400),3,IF(AND($AO4>400,$AO4<=500),4,IF(AND($AO4>500,$AO4<=600),5,IF(AND($AO4>600,$AO4<=700),6,IF(AND($AO4>700,$AO4<=800),7,IF(AND($AO4>800,$AO4<=900),8,IF(AND($AO4>900,$AO4<=1000),9)))))))))) -> 0 | AO4: 1 | AQ4: =IF(AND(ISNUMBER(MATCH($AR4,$E$5:$E$54,0)),ISNUMBER(MATCH($AS4,$H$5:$H$24,0))),"Active","Passive") -> Active | AR4: =IFERROR(INDEX(Income!B$9:B$1026,MATCH(Calc!$AO4,Income!$U$9:$U$1026,0),1),0) -> House 1 | AS4: =IFERROR(INDEX(Income!C$9:C$1026,MATCH(Calc!$AO4,Income!$U$9:$U$1026,0),1),0) -> Deposit | AT4: =$AT$2+$AN4 -> 2021 | AU4: =IFERROR(IF($AQ4="Passive","",INDEX(Income!E$9:E$1026,MATCH(Calc!$AO4,Income!$U$9:$U$1026,0),1)),"") -> 1800 | AV4: =IFERROR(IF($AQ4="Passive","",INDEX(Income!F$9:F$1026,MATCH(Calc!$AO4,Income!$U$9:$U$1026,0),1)),"") -> 0 | AW4: =IFERROR(IF($AQ4="Passive","",INDEX(Income!G$9:G$1026,MATCH(Calc!$AO4,Income!$U$9:$U$1026,0),1)),"") -> 0 | AX4: =IFERROR(IF($AQ4="Passive","",INDEX(Income!H$9:H$1026,MATCH(Calc!$AO4,Income!$U$9:$U$1026,0),1)),"") -> 0 | AY4: =IFERROR(IF($AQ4="Passive","",INDEX(Income!I$9:I$1026,MATCH(Calc!$AO4,Income!$U$9:$U$1026,0),1)),"") -> 0 | AZ4: =IFERROR(IF($AQ4="Passive","",INDEX(Income!J$9:J$1026,MATCH(Calc!$AO4,Income!$U$9:$U$1026,0),1)),"") -> 0 | BA4: =IFERROR(IF($AQ4="Passive","",INDEX(Income!K$9:K$1026,MATCH(Calc!$AO4,Income!$U$9:$U$1026,0),1)),"") -> 0 | BB4: =IFERROR(IF($AQ4="Passive","",INDEX(Income!L$9:L$1026,MATCH(Calc!$AO4,Income!$U$9:$U$1026,0),1)),"") -> 0 | ... BF4: =IFERROR(IF($AQ4="Passive","",INDEX(Income!P$9:P$1026,MATCH(Calc!$AO4,Income!$U$9:$U$1026,0),1)),"") -> 0 | BH4: =IF(AND(ISNUMBER(MATCH($BI4,$E$5:$E$54,0)),ISNUMBER(MATCH($BJ4,$K$5:$K$24,0))),"Active","Passive") -> Active | BI4: =IFERROR(INDEX(Expenses!B$9:B$1026,MATCH(Calc!$AO4,Expenses!$U$9:$U$1026,0),1),0) -> House 1 | BJ4: =IFERROR(INDEX(Expenses!C$9:C$1026,MATCH(Calc!$AO4,Expenses!$U$9:$U$1026,0),1),0) -> Advertising | BK4: =$BK$2+$AN4 -> 2021 | BL4: =IFERROR(IF($BH4="Passive","",INDEX(Expenses!E$9:E$1026,MATCH(Calc!$AO4,Expenses!$U$9:$U$1026,0),1)),"") -> 0 | BM4: =IFERROR(IF($BH4="Passive","",INDEX(Expenses!F$9:F$1026,MATCH(Calc!$AO4,Expenses!$U$9:$U$1026,0),1)),"") -> 250 | BN4: =IFERROR(IF($BH4="Passive","",INDEX(Expenses!G$9:G$1026,MATCH(Calc!$AO4,Expenses!$U$9:$U$1026,0),1)),"") -> 0 | BO4: =IFERROR(IF($BH4="Passive","",INDEX(Expenses!H$9:H$1026,MATCH(Calc!$AO4,Expenses!$U$9:$U$1026,0),1)),"") -> 0 | BP4: =IFERROR(IF($BH4="Passive","",INDEX(Expenses!I$9:I$1026,MATCH(Calc!$AO4,Expenses!$U$9:$U$1026,0),1)),"") -> 0 | BQ4: =IFERROR(IF($BH4="Passive","",INDEX(Expenses!J$9:J$1026,MATCH(Calc!$AO4,Expenses!$U$9:$U$1026,0),1)),"") -> 0 | BR4: =IFERROR(IF($BH4="Passive","",INDEX(Expenses!K$9:K$1026,MATCH(Calc!$AO4,Expenses!$U$9:$U$1026,0),1)),"") -> 0 | BS4: =IFERROR(IF($BH4="Passive","",INDEX(Expenses!L$9:L$1026,MATCH(Calc!$AO4,Expenses!$U$9:$U$1026,0),1)),"") -> 0 | ... BW4: =IFERROR(IF($BH4="Passive","",INDEX(Expenses!P$9:P$1026,MATCH(Calc!$AO4,Expenses!$U$9:$U$1026,0),1)),"") -> 0
B5: 1 | D5: =IFERROR(IF(INDEX(PropertyDatabase!$B$6:$B$55,$B5,1)=0,"",INDEX(PropertyDatabase!$B$6:$B$55,$B5,1)),"") -> House 1 | E5: =IFERROR(INDEX($D$4:$D$54, MATCH(0,INDEX((LEN($D$4:$D$54)=0)+COUNTIF($E$3:$E4,$D$4:$D$54),0),0)),"") -> House 1 | G5: =IFERROR(IF(INDEX(Menu!$C$18:$C$37,$B5,1)=0,"",INDEX(Menu!$C$18:$C$37,$B5,1)),"") -> Deposit | H5: =IFERROR(INDEX($G$4:$G$24, MATCH(0,INDEX((LEN($G$4:$G$24)=0)+COUNTIF($H$3:$H4,$G$4:$G$24),0),0)),"") -> Deposit | J5: =IFERROR(IF(INDEX(Menu!$E$18:$E$37,$B5,1)=0,"",INDEX(Menu!$E$18:$E$37,$B5,1)),"") -> Advertising | K5: =IFERROR(INDEX($J$4:$J$24, MATCH(0,INDEX((LEN($J$4:$J$24)=0)+COUNTIF($K$3:$K4,$J$4:$J$24),0),0)),"") -> Advertising | M5: =IFERROR(IF(INDEX(Menu!$G$18:$G$27,$B5,1)=0,"",INDEX(Menu!$G$18:$G$27,$B5,1)),"") -> Tiny Home | N5: =IFERROR(INDEX($M$4:$M$14, MATCH(0,INDEX((LEN($M$4:$M$14)=0)+COUNTIF($N$3:$N4,$M$4:$M$14),0),0)),"") -> Tiny Home | P5: =IFERROR(IF(INDEX(Menu!$G$30:$G$37,$B5,1)=0,"",INDEX(Menu!$G$30:$G$37,$B5,1)),"") -> Monthly | Q5: =IFERROR(INDEX($P$4:$P$12, MATCH(0,INDEX((LEN($P$4:$P$12)=0)+COUNTIF($Q$3:$Q4,$P$4:$P$12),0),0)),"") -> Monthly | S5: =$Y7 -> 2021 | T5: 1 | U5: January | W5: 2016 | AN5: =IF($AO5<=100,0,IF(AND($AO5>100,$AO5<=200),1,IF(AND($AO5>200,$AO5<=300),2,IF(AND($AO5>300,$AO5<=400),3,IF(AND($AO5>400,$AO5<=500),4,IF(AND($AO5>500,$AO5<=600),5,IF(AND($AO5>600,$AO5<=700),6,IF(AND($AO5>700,$AO5<=800),7,IF(AND($AO5>800,$AO5<=900),8,IF(AND($AO5>900,$AO5<=1000),9)))))))))) -> 0 | AO5: 2 | AQ5: =IF(AND(ISNUMBER(MATCH($AR5,$E$5:$E$54,0)),ISNUMBER(MATCH($AS5,$H$5:$H$24,0))),"Active","Passive") -> Active | AR5: =IFERROR(INDEX(Income!B$9:B$1026,MATCH(Calc!$AO5,Income!$U$9:$U$1026,0),1),0) -> House 1 | AS5: =IFERROR(INDEX(Income!C$9:C$1026,MATCH(Calc!$AO5,Income!$U$9:$U$1026,0),1),0) -> Rent | AT5: =$AT$2+$AN5 -> 2021 | AU5: =IFERROR(IF($AQ5="Passive","",INDEX(Income!E$9:E$1026,MATCH(Calc!$AO5,Income!$U$9:$U$1026,0),1)),"") -> 900 | AV5: =IFERROR(IF($AQ5="Passive","",INDEX(Income!F$9:F$1026,MATCH(Calc!$AO5,Income!$U$9:$U$1026,0),1)),"") -> 900 | AW5: =IFERROR(IF($AQ5="Passive","",INDEX(Income!G$9:G$1026,MATCH(Calc!$AO5,Income!$U$9:$U$1026,0),1)),"") -> 900 | AX5: =IFERROR(IF($AQ5="Passive","",INDEX(Income!H$9:H$1026,MATCH(Calc!$AO5,Income!$U$9:$U$1026,0),1)),"") -> 900 | AY5: =IFERROR(IF($AQ5="Passive","",INDEX(Income!I$9:I$1026,MATCH(Calc!$AO5,Income!$U$9:$U$1026,0),1)),"") -> 900 | AZ5: =IFERROR(IF($AQ5="Passive","",INDEX(Income!J$9:J$1026,MATCH(Calc!$AO5,Income!$U$9:$U$1026,0),1)),"") -> 900 | BA5: =IFERROR(IF($AQ5="Passive","",INDEX(Income!K$9:K$1026,MATCH(Calc!$AO5,Income!$U$9:$U$1026,0),1)),"") -> 900 | BB5: =IFERROR(IF($AQ5="Passive","",INDEX(Income!L$9:L$1026,MATCH(Calc!$AO5,Income!$U$9:$U$1026,0),1)),"") -> 900 | ... BF5: =IFERROR(IF($AQ5="Passive","",INDEX(Income!P$9:P$1026,MATCH(Calc!$AO5,Income!$U$9:$U$1026,0),1)),"") -> 900 | BH5: =IF(AND(ISNUMBER(MATCH($BI5,$E$5:$E$54,0)),ISNUMBER(MATCH($BJ5,$K$5:$K$24,0))),"Active","Passive") -> Active | BI5: =IFERROR(INDEX(Expenses!B$9:B$1026,MATCH(Calc!$AO5,Expenses!$U$9:$U$1026,0),1),0) -> House 1 | BJ5: =IFERROR(INDEX(Expenses!C$9:C$1026,MATCH(Calc!$AO5,Expenses!$U$9:$U$1026,0),1),0) -> Cleaning & Maintenance | BK5: =$BK$2+$AN5 -> 2021 | BL5: =IFERROR(IF($BH5="Passive","",INDEX(Expenses!E$9:E$1026,MATCH(Calc!$AO5,Expenses!$U$9:$U$1026,0),1)),"") -> 0 | BM5: =IFERROR(IF($BH5="Passive","",INDEX(Expenses!F$9:F$1026,MATCH(Calc!$AO5,Expenses!$U$9:$U$1026,0),1)),"") -> 0 | BN5: =IFERROR(IF($BH5="Passive","",INDEX(Expenses!G$9:G$1026,MATCH(Calc!$AO5,Expenses!$U$9:$U$1026,0),1)),"") -> 350 | BO5: =IFERROR(IF($BH5="Passive","",INDEX(Expenses!H$9:H$1026,MATCH(Calc!$AO5,Expenses!$U$9:$U$1026,0),1)),"") -> 0 | BP5: =IFERROR(IF($BH5="Passive","",INDEX(Expenses!I$9:I$1026,MATCH(Calc!$AO5,Expenses!$U$9:$U$1026,0),1)),"") -> 0 | BQ5: =IFERROR(IF($BH5="Passive","",INDEX(Expenses!J$9:J$1026,MATCH(Calc!$AO5,Expenses!$U$9:$U$1026,0),1)),"") -> 0 | BR5: =IFERROR(IF($BH5="Passive","",INDEX(Expenses!K$9:K$1026,MATCH(Calc!$AO5,Expenses!$U$9:$U$1026,0),1)),"") -> 0 | BS5: =IFERROR(IF($BH5="Passive","",INDEX(Expenses!L$9:L$1026,MATCH(Calc!$AO5,Expenses!$U$9:$U$1026,0),1)),"") -> 0 | ... BW5: =IFERROR(IF($BH5="Passive","",INDEX(Expenses!P$9:P$1026,MATCH(Calc!$AO5,Expenses!$U$9:$U$1026,0),1)),"") -> 0
B6: 2 | D6: =IFERROR(IF(INDEX(PropertyDatabase!$B$6:$B$55,$B6,1)=0,"",INDEX(PropertyDatabase!$B$6:$B$55,$B6,1)),"") -> House 2 | E6: =IFERROR(INDEX($D$4:$D$54, MATCH(0,INDEX((LEN($D$4:$D$54)=0)+COUNTIF($E$3:$E5,$D$4:$D$54),0),0)),"") -> House 2 | G6: =IFERROR(IF(INDEX(Menu!$C$18:$C$37,$B6,1)=0,"",INDEX(Menu!$C$18:$C$37,$B6,1)),"") -> Rent | H6: =IFERROR(INDEX($G$4:$G$24, MATCH(0,INDEX((LEN($G$4:$G$24)=0)+COUNTIF($H$3:$H5,$G$4:$G$24),0),0)),"") -> Rent | J6: =IFERROR(IF(INDEX(Menu!$E$18:$E$37,$B6,1)=0,"",INDEX(Menu!$E$18:$E$37,$B6,1)),"") -> Cleaning & Maintenance | K6: =IFERROR(INDEX($J$4:$J$24, MATCH(0,INDEX((LEN($J$4:$J$24)=0)+COUNTIF($K$3:$K5,$J$4:$J$24),0),0)),"") -> Cleaning & Maintenance | M6: =IFERROR(IF(INDEX(Menu!$G$18:$G$27,$B6,1)=0,"",INDEX(Menu!$G$18:$G$27,$B6,1)),"") -> Apartment | N6: =IFERROR(INDEX($M$4:$M$14, MATCH(0,INDEX((LEN($M$4:$M$14)=0)+COUNTIF($N$3:$N5,$M$4:$M$14),0),0)),"") -> Apartment | P6: =IFERROR(IF(INDEX(Menu!$G$30:$G$37,$B6,1)=0,"",INDEX(Menu!$G$30:$G$37,$B6,1)),"") -> Quarterly | Q6: =IFERROR(INDEX($P$4:$P$12, MATCH(0,INDEX((LEN($P$4:$P$12)=0)+COUNTIF($Q$3:$Q5,$P$4:$P$12),0),0)),"") -> Quarterly | S6: =$Y8 -> 2022 | T6: 2 | U6: February | W6: 2017 | AA6: 0 | AB6: 1 | AC6: 2 | AD6: 3 | AE6: 4 | AF6: 5 | AG6: 6 | AH6: 7 | AI6: 8 | AJ6: 9 | AK6: 10 | AL6: 11 | AN6: =IF($AO6<=100,0,IF(AND($AO6>100,$AO6<=200),1,IF(AND($AO6>200,$AO6<=300),2,IF(AND($AO6>300,$AO6<=400),3,IF(AND($AO6>400,$AO6<=500),4,IF(AND($AO6>500,$AO6<=600),5,IF(AND($AO6>600,$AO6<=700),6,IF(AND($AO6>700,$AO6<=800),7,IF(AND($AO6>800,$AO6<=900),8,IF(AND($AO6>900,$AO6<=1000),9)))))))))) -> 0 | AO6: 3 | AQ6: =IF(AND(ISNUMBER(MATCH($AR6,$E$5:$E$54,0)),ISNUMBER(MATCH($AS6,$H$5:$H$24,0))),"Active","Passive") -> Active | AR6: =IFERROR(INDEX(Income!B$9:B$1026,MATCH(Calc!$AO6,Income!$U$9:$U$1026,0),1),0) -> House 2 | AS6: =IFERROR(INDEX(Income!C$9:C$1026,MATCH(Calc!$AO6,Income!$U$9:$U$1026,0),1),0) -> Deposit | AT6: =$AT$2+$AN6 -> 2021 | AU6: =IFERROR(IF($AQ6="Passive","",INDEX(Income!E$9:E$1026,MATCH(Calc!$AO6,Income!$U$9:$U$1026,0),1)),"") -> 2500 | AV6: =IFERROR(IF($AQ6="Passive","",INDEX(Income!F$9:F$1026,MATCH(Calc!$AO6,Income!$U$9:$U$1026,0),1)),"") -> 0 | AW6: =IFERROR(IF($AQ6="Passive","",INDEX(Income!G$9:G$1026,MATCH(Calc!$AO6,Income!$U$9:$U$1026,0),1)),"") -> 0 | AX6: =IFERROR(IF($AQ6="Passive","",INDEX(Income!H$9:H$1026,MATCH(Calc!$AO6,Income!$U$9:$U$1026,0),1)),"") -> 0 | AY6: =IFERROR(IF($AQ6="Passive","",INDEX(Income!I$9:I$1026,MATCH(Calc!$AO6,Income!$U$9:$U$1026,0),1)),"") -> 0 | AZ6: =IFERROR(IF($AQ6="Passive","",INDEX(Income!J$9:J$1026,MATCH(Calc!$AO6,Income!$U$9:$U$1026,0),1)),"") -> 0 | BA6: =IFERROR(IF($AQ6="Passive","",INDEX(Income!K$9:K$1026,MATCH(Calc!$AO6,Income!$U$9:$U$1026,0),1)),"") -> 0 | BB6: =IFERROR(IF($AQ6="Passive","",INDEX(Income!L$9:L$1026,MATCH(Calc!$AO6,Income!$U$9:$U$1026,0),1)),"") -> 0 | ... BF6: =IFERROR(IF($AQ6="Passive","",INDEX(Income!P$9:P$1026,MATCH(Calc!$AO6,Income!$U$9:$U$1026,0),1)),"") -> 0 | BH6: =IF(AND(ISNUMBER(MATCH($BI6,$E$5:$E$54,0)),ISNUMBER(MATCH($BJ6,$K$5:$K$24,0))),"Active","Passive") -> Active | BI6: =IFERROR(INDEX(Expenses!B$9:B$1026,MATCH(Calc!$AO6,Expenses!$U$9:$U$1026,0),1),0) -> House 1 | BJ6: =IFERROR(INDEX(Expenses!C$9:C$1026,MATCH(Calc!$AO6,Expenses!$U$9:$U$1026,0),1),0) -> Commissions | BK6: =$BK$2+$AN6 -> 2021 | BL6: =IFERROR(IF($BH6="Passive","",INDEX(Expenses!E$9:E$1026,MATCH(Calc!$AO6,Expenses!$U$9:$U$1026,0),1)),"") -> 0 | BM6: =IFERROR(IF($BH6="Passive","",INDEX(Expenses!F$9:F$1026,MATCH(Calc!$AO6,Expenses!$U$9:$U$1026,0),1)),"") -> 0 | BN6: =IFERROR(IF($BH6="Passive","",INDEX(Expenses!G$9:G$1026,MATCH(Calc!$AO6,Expenses!$U$9:$U$1026,0),1)),"") -> 0 | BO6: =IFERROR(IF($BH6="Passive","",INDEX(Expenses!H$9:H$1026,MATCH(Calc!$AO6,Expenses!$U$9:$U$1026,0),1)),"") -> 0 | BP6: =IFERROR(IF($BH6="Passive","",INDEX(Expenses!I$9:I$1026,MATCH(Calc!$AO6,Expenses!$U$9:$U$1026,0),1)),"") -> 600 | BQ6: =IFERROR(IF($BH6="Passive","",INDEX(Expenses!J$9:J$1026,MATCH(Calc!$AO6,Expenses!$U$9:$U$1026,0),1)),"") -> 0 | BR6: =IFERROR(IF($BH6="Passive","",INDEX(Expenses!K$9:K$1026,MATCH(Calc!$AO6,Expenses!$U$9:$U$1026,0),1)),"") -> 0 | BS6: =IFERROR(IF($BH6="Passive","",INDEX(Expenses!L$9:L$1026,MATCH(Calc!$AO6,Expenses!$U$9:$U$1026,0),1)),"") -> 0 | ... BW6: =IFERROR(IF($BH6="Passive","",INDEX(Expenses!P$9:P$1026,MATCH(Calc!$AO6,Expenses!$U$9:$U$1026,0),1)),"") -> 0
B7: 3 | D7: =IFERROR(IF(INDEX(PropertyDatabase!$B$6:$B$55,$B7,1)=0,"",INDEX(PropertyDatabase!$B$6:$B$55,$B7,1)),"") -> House 3 | E7: =IFERROR(INDEX($D$4:$D$54, MATCH(0,INDEX((LEN($D$4:$D$54)=0)+COUNTIF($E$3:$E6,$D$4:$D$54),0),0)),"") -> House 3 | G7: =IFERROR(IF(INDEX(Menu!$C$18:$C$37,$B7,1)=0,"",INDEX(Menu!$C$18:$C$37,$B7,1)),"") | H7: =IFERROR(INDEX($G$4:$G$24, MATCH(0,INDEX((LEN($G$4:$G$24)=0)+COUNTIF($H$3:$H6,$G$4:$G$24),0),0)),"") | J7: =IFERROR(IF(INDEX(Menu!$E$18:$E$37,$B7,1)=0,"",INDEX(Menu!$E$18:$E$37,$B7,1)),"") -> Commissions | K7: =IFERROR(INDEX($J$4:$J$24, MATCH(0,INDEX((LEN($J$4:$J$24)=0)+COUNTIF($K$3:$K6,$J$4:$J$24),0),0)),"") -> Commissions | M7: =IFERROR(IF(INDEX(Menu!$G$18:$G$27,$B7,1)=0,"",INDEX(Menu!$G$18:$G$27,$B7,1)),"") -> Townhome | N7: =IFERROR(INDEX($M$4:$M$14, MATCH(0,INDEX((LEN($M$4:$M$14)=0)+COUNTIF($N$3:$N6,$M$4:$M$14),0),0)),"") -> Townhome | P7: =IFERROR(IF(INDEX(Menu!$G$30:$G$37,$B7,1)=0,"",INDEX(Menu!$G$30:$G$37,$B7,1)),"") -> 6 Month | Q7: =IFERROR(INDEX($P$4:$P$12, MATCH(0,INDEX((LEN($P$4:$P$12)=0)+COUNTIF($Q$3:$Q6,$P$4:$P$12),0),0)),"") -> 6 Month | S7: =$Y9 -> 2023 | T7: 3 | U7: March | W7: 2018 | Y7: =YEAR($AA7) -> 2021 | Z7: 0 | AA7: =DATE($AA$4+$Z7,MOD($AB$4,12)+AA$6,1) -> 44228 | AB7: =DATE($AA$4+$Z7,MOD($AB$4,12)+AB$6,1) -> 44256 | AC7: =DATE($AA$4+$Z7,MOD($AB$4,12)+AC$6,1) -> 44287 | AD7: =DATE($AA$4+$Z7,MOD($AB$4,12)+AD$6,1) -> 44317 | AE7: =DATE($AA$4+$Z7,MOD($AB$4,12)+AE$6,1) -> 44348 | AF7: =DATE($AA$4+$Z7,MOD($AB$4,12)+AF$6,1) -> 44378 | AG7: =DATE($AA$4+$Z7,MOD($AB$4,12)+AG$6,1) -> 44409 | AH7: =DATE($AA$4+$Z7,MOD($AB$4,12)+AH$6,1) -> 44440 | ... AL7: =DATE($AA$4+$Z7,MOD($AB$4,12)+AL$6,1) -> 44562 | AN7: =IF($AO7<=100,0,IF(AND($AO7>100,$AO7<=200),1,IF(AND($AO7>200,$AO7<=300),2,IF(AND($AO7>300,$AO7<=400),3,IF(AND($AO7>400,$AO7<=500),4,IF(AND($AO7>500,$AO7<=600),5,IF(AND($AO7>600,$AO7<=700),6,IF(AND($AO7>700,$AO7<=800),7,IF(AND($AO7>800,$AO7<=900),8,IF(AND($AO7>900,$AO7<=1000),9)))))))))) -> 0 | AO7: 4 | AQ7: =IF(AND(ISNUMBER(MATCH($AR7,$E$5:$E$54,0)),ISNUMBER(MATCH($AS7,$H$5:$H$24,0))),"Active","Passive") -> Active | AR7: =IFERROR(INDEX(Income!B$9:B$1026,MATCH(Calc!$AO7,Income!$U$9:$U$1026,0),1),0) -> House 2 | AS7: =IFERROR(INDEX(Income!C$9:C$1026,MATCH(Calc!$AO7,Income!$U$9:$U$1026,0),1),0) -> Rent | AT7: =$AT$2+$AN7 -> 2021 | AU7: =IFERROR(IF($AQ7="Passive","",INDEX(Income!E$9:E$1026,MATCH(Calc!$AO7,Income!$U$9:$U$1026,0),1)),"") -> 1250 | AV7: =IFERROR(IF($AQ7="Passive","",INDEX(Income!F$9:F$1026,MATCH(Calc!$AO7,Income!$U$9:$U$1026,0),1)),"") -> 1250 | AW7: =IFERROR(IF($AQ7="Passive","",INDEX(Income!G$9:G$1026,MATCH(Calc!$AO7,Income!$U$9:$U$1026,0),1)),"") -> 1250 | AX7: =IFERROR(IF($AQ7="Passive","",INDEX(Income!H$9:H$1026,MATCH(Calc!$AO7,Income!$U$9:$U$1026,0),1)),"") -> 1250 | AY7: =IFERROR(IF($AQ7="Passive","",INDEX(Income!I$9:I$1026,MATCH(Calc!$AO7,Income!$U$9:$U$1026,0),1)),"") -> 1250 | AZ7: =IFERROR(IF($AQ7="Passive","",INDEX(Income!J$9:J$1026,MATCH(Calc!$AO7,Income!$U$9:$U$1026,0),1)),"") -> 1250 | BA7: =IFERROR(IF($AQ7="Passive","",INDEX(Income!K$9:K$1026,MATCH(Calc!$AO7,Income!$U$9:$U$1026,0),1)),"") -> 1250 | BB7: =IFERROR(IF($AQ7="Passive","",INDEX(Income!L$9:L$1026,MATCH(Calc!$AO7,Income!$U$9:$U$1026,0),1)),"") -> 1250 | ... BF7: =IFERROR(IF($AQ7="Passive","",INDEX(Income!P$9:P$1026,MATCH(Calc!$AO7,Income!$U$9:$U$1026,0),1)),"") -> 1250 | BH7: =IF(AND(ISNUMBER(MATCH($BI7,$E$5:$E$54,0)),ISNUMBER(MATCH($BJ7,$K$5:$K$24,0))),"Active","Passive") -> Active | BI7: =IFERROR(INDEX(Expenses!B$9:B$1026,MATCH(Calc!$AO7,Expenses!$U$9:$U$1026,0),1),0) -> House 1 | BJ7: =IFERROR(INDEX(Expenses!C$9:C$1026,MATCH(Calc!$AO7,Expenses!$U$9:$U$1026,0),1),0) -> Insurance | BK7: =$BK$2+$AN7 -> 2021 | BL7: =IFERROR(IF($BH7="Passive","",INDEX(Expenses!E$9:E$1026,MATCH(Calc!$AO7,Expenses!$U$9:$U$1026,0),1)),"") -> 0 | BM7: =IFERROR(IF($BH7="Passive","",INDEX(Expenses!F$9:F$1026,MATCH(Calc!$AO7,Expenses!$U$9:$U$1026,0),1)),"") -> 0 | BN7: =IFERROR(IF($BH7="Passive","",INDEX(Expenses!G$9:G$1026,MATCH(Calc!$AO7,Expenses!$U$9:$U$1026,0),1)),"") -> 0 | BO7: =IFERROR(IF($BH7="Passive","",INDEX(Expenses!H$9:H$1026,MATCH(Calc!$AO7,Expenses!$U$9:$U$1026,0),1)),"") -> 0 | BP7: =IFERROR(IF($BH7="Passive","",INDEX(Expenses!I$9:I$1026,MATCH(Calc!$AO7,Expenses!$U$9:$U$1026,0),1)),"") -> 0 | BQ7: =IFERROR(IF($BH7="Passive","",INDEX(Expenses!J$9:J$1026,MATCH(Calc!$AO7,Expenses!$U$9:$U$1026,0),1)),"") -> 0 | BR7: =IFERROR(IF($BH7="Passive","",INDEX(Expenses!K$9:K$1026,MATCH(Calc!$AO7,Expenses!$U$9:$U$1026,0),1)),"") -> 700 | BS7: =IFERROR(IF($BH7="Passive","",INDEX(Expenses!L$9:L$1026,MATCH(Calc!$AO7,Expenses!$U$9:$U$1026,0),1)),"") -> 0 | ... BW7: =IFERROR(IF($BH7="Passive","",INDEX(Expenses!P$9:P$1026,MATCH(Calc!$AO7,Expenses!$U$9:$U$1026,0),1)),"") -> 0
B8: 4 | D8: =IFERROR(IF(INDEX(PropertyDatabase!$B$6:$B$55,$B8,1)=0,"",INDEX(PropertyDatabase!$B$6:$B$55,$B8,1)),"") -> House 4 | E8: =IFERROR(INDEX($D$4:$D$54, MATCH(0,INDEX((LEN($D$4:$D$54)=0)+COUNTIF($E$3:$E7,$D$4:$D$54),0),0)),"") -> House 4 | G8: =IFERROR(IF(INDEX(Menu!$C$18:$C$37,$B8,1)=0,"",INDEX(Menu!$C$18:$C$37,$B8,1)),"") | H8: =IFERROR(INDEX($G$4:$G$24, MATCH(0,INDEX((LEN($G$4:$G$24)=0)+COUNTIF($H$3:$H7,$G$4:$G$24),0),0)),"") | J8: =IFERROR(IF(INDEX(Menu!$E$18:$E$37,$B8,1)=0,"",INDEX(Menu!$E$18:$E$37,$B8,1)),"") -> Insurance | K8: =IFERROR(INDEX($J$4:$J$24, MATCH(0,INDEX((LEN($J$4:$J$24)=0)+COUNTIF($K$3:$K7,$J$4:$J$24),0),0)),"") -> Insurance | M8: =IFERROR(IF(INDEX(Menu!$G$18:$G$27,$B8,1)=0,"",INDEX(Menu!$G$18:$G$27,$B8,1)),"") | N8: =IFERROR(INDEX($M$4:$M$14, MATCH(0,INDEX((LEN($M$4:$M$14)=0)+COUNTIF($N$3:$N7,$M$4:$M$14),0),0)),"") | P8: =IFERROR(IF(INDEX(Menu!$G$30:$G$37,$B8,1)=0,"",INDEX(Menu!$G$30:$G$37,$B8,1)),"") -> Yearly | Q8: =IFERROR(INDEX($P$4:$P$12, MATCH(0,INDEX((LEN($P$4:$P$12)=0)+COUNTIF($Q$3:$Q7,$P$4:$P$12),0),0)),"") -> Yearly | S8: =$Y10 -> 2024 | T8: 4 | U8: April | W8: 2019 | Y8: =YEAR($AA8) -> 2022 | Z8: 1 | AA8: =DATE($AA$4+$Z8,MOD($AB$4,12)+AA$6,1) -> 44593 | AB8: =DATE($AA$4+$Z8,MOD($AB$4,12)+AB$6,1) -> 44621 | AC8: =DATE($AA$4+$Z8,MOD($AB$4,12)+AC$6,1) -> 44652 | AD8: =DATE($AA$4+$Z8,MOD($AB$4,12)+AD$6,1) -> 44682 | AE8: =DATE($AA$4+$Z8,MOD($AB$4,12)+AE$6,1) -> 44713 | AF8: =DATE($AA$4+$Z8,MOD($AB$4,12)+AF$6,1) -> 44743 | AG8: =DATE($AA$4+$Z8,MOD($AB$4,12)+AG$6,1) -> 44774 | AH8: =DATE($AA$4+$Z8,MOD($AB$4,12)+AH$6,1) -> 44805 | ... AL8: =DATE($AA$4+$Z8,MOD($AB$4,12)+AL$6,1) -> 44927 | AN8: =IF($AO8<=100,0,IF(AND($AO8>100,$AO8<=200),1,IF(AND($AO8>200,$AO8<=300),2,IF(AND($AO8>300,$AO8<=400),3,IF(AND($AO8>400,$AO8<=500),4,IF(AND($AO8>500,$AO8<=600),5,IF(AND($AO8>600,$AO8<=700),6,IF(AND($AO8>700,$AO8<=800),7,IF(AND($AO8>800,$AO8<=900),8,IF(AND($AO8>900,$AO8<=1000),9)))))))))) -> 0 | AO8: 5 | AQ8: =IF(AND(ISNUMBER(MATCH($AR8,$E$5:$E$54,0)),ISNUMBER(MATCH($AS8,$H$5:$H$24,0))),"Active","Passive") -> Active | AR8: =IFERROR(INDEX(Income!B$9:B$1026,MATCH(Calc!$AO8,Income!$U$9:$U$1026,0),1),0) -> House 3 | AS8: =IFERROR(INDEX(Income!C$9:C$1026,MATCH(Calc!$AO8,Income!$U$9:$U$1026,0),1),0) -> Deposit | AT8: =$AT$2+$AN8 -> 2021 | AU8: =IFERROR(IF($AQ8="Passive","",INDEX(Income!E$9:E$1026,MATCH(Calc!$AO8,Income!$U$9:$U$1026,0),1)),"") -> 3200 | AV8: =IFERROR(IF($AQ8="Passive","",INDEX(Income!F$9:F$1026,MATCH(Calc!$AO8,Income!$U$9:$U$1026,0),1)),"") -> 0 | AW8: =IFERROR(IF($AQ8="Passive","",INDEX(Income!G$9:G$1026,MATCH(Calc!$AO8,Income!$U$9:$U$1026,0),1)),"") -> 0 | AX8: =IFERROR(IF($AQ8="Passive","",INDEX(Income!H$9:H$1026,MATCH(Calc!$AO8,Income!$U$9:$U$1026,0),1)),"") -> 0 | AY8: =IFERROR(IF($AQ8="Passive","",INDEX(Income!I$9:I$1026,MATCH(Calc!$AO8,Income!$U$9:$U$1026,0),1)),"") -> 0 | AZ8: =IFERROR(IF($AQ8="Passive","",INDEX(Income!J$9:J$1026,MATCH(Calc!$AO8,Income!$U$9:$U$1026,0),1)),"") -> 0 | BA8: =IFERROR(IF($AQ8="Passive","",INDEX(Income!K$9:K$1026,MATCH(Calc!$AO8,Income!$U$9:$U$1026,0),1)),"") -> 0 | BB8: =IFERROR(IF($AQ8="Passive","",INDEX(Income!L$9:L$1026,MATCH(Calc!$AO8,Income!$U$9:$U$1026,0),1)),"") -> 0 | ... BF8: =IFERROR(IF($AQ8="Passive","",INDEX(Income!P$9:P$1026,MATCH(Calc!$AO8,Income!$U$9:$U$1026,0),1)),"") -> 0 | BH8: =IF(AND(ISNUMBER(MATCH($BI8,$E$5:$E$54,0)),ISNUMBER(MATCH($BJ8,$K$5:$K$24,0))),"Active","Passive") -> Active | BI8: =IFERROR(INDEX(Expenses!B$9:B$1026,MATCH(Calc!$AO8,Expenses!$U$9:$U$1026,0),1),0) -> House 1 | BJ8: =IFERROR(INDEX(Expenses!C$9:C$1026,MATCH(Calc!$AO8,Expenses!$U$9:$U$1026,0),1),0) -> Repairs | BK8: =$BK$2+$AN8 -> 2021 | BL8: =IFERROR(IF($BH8="Passive","",INDEX(Expenses!E$9:E$1026,MATCH(Calc!$AO8,Expenses!$U$9:$U$1026,0),1)),"") -> 0 | BM8: =IFERROR(IF($BH8="Passive","",INDEX(Expenses!F$9:F$1026,MATCH(Calc!$AO8,Expenses!$U$9:$U$1026,0),1)),"") -> 0 | BN8: =IFERROR(IF($BH8="Passive","",INDEX(Expenses!G$9:G$1026,MATCH(Calc!$AO8,Expenses!$U$9:$U$1026,0),1)),"") -> 0 | BO8: =IFERROR(IF($BH8="Passive","",INDEX(Expenses!H$9:H$1026,MATCH(Calc!$AO8,Expenses!$U$9:$U$1026,0),1)),"") -> 0 | BP8: =IFERROR(IF($BH8="Passive","",INDEX(Expenses!I$9:I$1026,MATCH(Calc!$AO8,Expenses!$U$9:$U$1026,0),1)),"") -> 0 | BQ8: =IFERROR(IF($BH8="Passive","",INDEX(Expenses!J$9:J$1026,MATCH(Calc!$AO8,Expenses!$U$9:$U$1026,0),1)),"") -> 1400 | BR8: =IFERROR(IF($BH8="Passive","",INDEX(Expenses!K$9:K$1026,MATCH(Calc!$AO8,Expenses!$U$9:$U$1026,0),1)),"") -> 0 | BS8: =IFERROR(IF($BH8="Passive","",INDEX(Expenses!L$9:L$1026,MATCH(Calc!$AO8,Expenses!$U$9:$U$1026,0),1)),"") -> 0 | ... BW8: =IFERROR(IF($BH8="Passive","",INDEX(Expenses!P$9:P$1026,MATCH(Calc!$AO8,Expenses!$U$9:$U$1026,0),1)),"") -> 0
B9: 5 | D9: =IFERROR(IF(INDEX(PropertyDatabase!$B$6:$B$55,$B9,1)=0,"",INDEX(PropertyDatabase!$B$6:$B$55,$B9,1)),"") -> House 5 | E9: =IFERROR(INDEX($D$4:$D$54, MATCH(0,INDEX((LEN($D$4:$D$54)=0)+COUNTIF($E$3:$E8,$D$4:$D$54),0),0)),"") -> House 5 | G9: =IFERROR(IF(INDEX(Menu!$C$18:$C$37,$B9,1)=0,"",INDEX(Menu!$C$18:$C$37,$B9,1)),"") | H9: =IFERROR(INDEX($G$4:$G$24, MATCH(0,INDEX((LEN($G$4:$G$24)=0)+COUNTIF($H$3:$H8,$G$4:$G$24),0),0)),"") | J9: =IFERROR(IF(INDEX(Menu!$E$18:$E$37,$B9,1)=0,"",INDEX(Menu!$E$18:$E$37,$B9,1)),"") -> Management Fees | K9: =IFERROR(INDEX($J$4:$J$24, MATCH(0,INDEX((LEN($J$4:$J$24)=0)+COUNTIF($K$3:$K8,$J$4:$J$24),0),0)),"") -> Management Fees | M9: =IFERROR(IF(INDEX(Menu!$G$18:$G$27,$B9,1)=0,"",INDEX(Menu!$G$18:$G$27,$B9,1)),"") | N9: =IFERROR(INDEX($M$4:$M$14, MATCH(0,INDEX((LEN($M$4:$M$14)=0)+COUNTIF($N$3:$N8,$M$4:$M$14),0),0)),"") | P9: =IFERROR(IF(INDEX(Menu!$G$30:$G$37,$B9,1)=0,"",INDEX(Menu!$G$30:$G$37,$B9,1)),"") | Q9: =IFERROR(INDEX($P$4:$P$12, MATCH(0,INDEX((LEN($P$4:$P$12)=0)+COUNTIF($Q$3:$Q8,$P$4:$P$12),0),0)),"") | S9: =$Y11 -> 2025 | T9: 5 | U9: May | W9: 2020 | Y9: =YEAR($AA9) -> 2023 | Z9: 2 | AA9: =DATE($AA$4+$Z9,MOD($AB$4,12)+AA$6,1) -> 44958 | AB9: =DATE($AA$4+$Z9,MOD($AB$4,12)+AB$6,1) -> 44986 | AC9: =DATE($AA$4+$Z9,MOD($AB$4,12)+AC$6,1) -> 45017 | AD9: =DATE($AA$4+$Z9,MOD($AB$4,12)+AD$6,1) -> 45047 | AE9: =DATE($AA$4+$Z9,MOD($AB$4,12)+AE$6,1) -> 45078 | AF9: =DATE($AA$4+$Z9,MOD($AB$4,12)+AF$6,1) -> 45108 | AG9: =DATE($AA$4+$Z9,MOD($AB$4,12)+AG$6,1) -> 45139 | AH9: =DATE($AA$4+$Z9,MOD($AB$4,12)+AH$6,1) -> 45170 | ... AL9: =DATE($AA$4+$Z9,MOD($AB$4,12)+AL$6,1) -> 45292 | AN9: =IF($AO9<=100,0,IF(AND($AO9>100,$AO9<=200),1,IF(AND($AO9>200,$AO9<=300),2,IF(AND($AO9>300,$AO9<=400),3,IF(AND($AO9>400,$AO9<=500),4,IF(AND($AO9>500,$AO9<=600),5,IF(AND($AO9>600,$AO9<=700),6,IF(AND($AO9>700,$AO9<=800),7,IF(AND($AO9>800,$AO9<=900),8,IF(AND($AO9>900,$AO9<=1000),9)))))))))) -> 0 | AO9: 6 | AQ9: =IF(AND(ISNUMBER(MATCH($AR9,$E$5:$E$54,0)),ISNUMBER(MATCH($AS9,$H$5:$H$24,0))),"Active","Passive") -> Active | AR9: =IFERROR(INDEX(Income!B$9:B$1026,MATCH(Calc!$AO9,Income!$U$9:$U$1026,0),1),0) -> House 3 | AS9: =IFERROR(INDEX(Income!C$9:C$1026,MATCH(Calc!$AO9,Income!$U$9:$U$1026,0),1),0) -> Rent | AT9: =$AT$2+$AN9 -> 2021 | AU9: =IFERROR(IF($AQ9="Passive","",INDEX(Income!E$9:E$1026,MATCH(Calc!$AO9,Income!$U$9:$U$1026,0),1)),"") -> 1600 | AV9: =IFERROR(IF($AQ9="Passive","",INDEX(Income!F$9:F$1026,MATCH(Calc!$AO9,Income!$U$9:$U$1026,0),1)),"") -> 1600 | AW9: =IFERROR(IF($AQ9="Passive","",INDEX(Income!G$9:G$1026,MATCH(Calc!$AO9,Income!$U$9:$U$1026,0),1)),"") -> 1600 | AX9: =IFERROR(IF($AQ9="Passive","",INDEX(Income!H$9:H$1026,MATCH(Calc!$AO9,Income!$U$9:$U$1026,0),1)),"") -> 1600 | AY9: =IFERROR(IF($AQ9="Passive","",INDEX(Income!I$9:I$1026,MATCH(Calc!$AO9,Income!$U$9:$U$1026,0),1)),"") -> 1600 | AZ9: =IFERROR(IF($AQ9="Passive","",INDEX(Income!J$9:J$1026,MATCH(Calc!$AO9,Income!$U$9:$U$1026,0),1)),"") -> 1600 | BA9: =IFERROR(IF($AQ9="Passive","",INDEX(Income!K$9:K$1026,MATCH(Calc!$AO9,Income!$U$9:$U$1026,0),1)),"") -> 1600 | BB9: =IFERROR(IF($AQ9="Passive","",INDEX(Income!L$9:L$1026,MATCH(Calc!$AO9,Income!$U$9:$U$1026,0),1)),"") -> 1600 | ... BF9: =IFERROR(IF($AQ9="Passive","",INDEX(Income!P$9:P$1026,MATCH(Calc!$AO9,Income!$U$9:$U$1026,0),1)),"") -> 1600 | BH9: =IF(AND(ISNUMBER(MATCH($BI9,$E$5:$E$54,0)),ISNUMBER(MATCH($BJ9,$K$5:$K$24,0))),"Active","Passive") -> Active | BI9: =IFERROR(INDEX(Expenses!B$9:B$1026,MATCH(Calc!$AO9,Expenses!$U$9:$U$1026,0),1),0) -> House 1 | BJ9: =IFERROR(INDEX(Expenses!C$9:C$1026,MATCH(Calc!$AO9,Expenses!$U$9:$U$1026,0),1),0) -> Taxes | BK9: =$BK$2+$AN9 -> 2021 | BL9: =IFERROR(IF($BH9="Passive","",INDEX(Expenses!E$9:E$1026,MATCH(Calc!$AO9,Expenses!$U$9:$U$1026,0),1)),"") -> 0 | BM9: =IFERROR(IF($BH9="Passive","",INDEX(Expenses!F$9:F$1026,MATCH(Calc!$AO9,Expenses!$U$9:$U$1026,0),1)),"") -> 0 | BN9: =IFERROR(IF($BH9="Passive","",INDEX(Expenses!G$9:G$1026,MATCH(Calc!$AO9,Expenses!$U$9:$U$1026,0),1)),"") -> 0 | BO9: =IFERROR(IF($BH9="Passive","",INDEX(Expenses!H$9:H$1026,MATCH(Calc!$AO9,Expenses!$U$9:$U$1026,0),1)),"") -> 0 | BP9: =IFERROR(IF($BH9="Passive","",INDEX(Expenses!I$9:I$1026,MATCH(Calc!$AO9,Expenses!$U$9:$U$1026,0),1)),"") -> 0 | BQ9: =IFERROR(IF($BH9="Passive","",INDEX(Expenses!J$9:J$1026,MATCH(Calc!$AO9,Expenses!$U$9:$U$1026,0),1)),"") -> 0 | BR9: =IFERROR(IF($BH9="Passive","",INDEX(Expenses!K$9:K$1026,MATCH(Calc!$AO9,Expenses!$U$9:$U$1026,0),1)),"") -> 450 | BS9: =IFERROR(IF($BH9="Passive","",INDEX(Expenses!L$9:L$1026,MATCH(Calc!$AO9,Expenses!$U$9:$U$1026,0),1)),"") -> 0 | ... BW9: =IFERROR(IF($BH9="Passive","",INDEX(Expenses!P$9:P$1026,MATCH(Calc!$AO9,Expenses!$U$9:$U$1026,0),1)),"") -> 0
B10: 6 | D10: =IFERROR(IF(INDEX(PropertyDatabase!$B$6:$B$55,$B10,1)=0,"",INDEX(PropertyDatabase!$B$6:$B$55,$B10,1)),"") -> House 6 | E10: =IFERROR(INDEX($D$4:$D$54, MATCH(0,INDEX((LEN($D$4:$D$54)=0)+COUNTIF($E$3:$E9,$D$4:$D$54),0),0)),"") -> House 6 | G10: =IFERROR(IF(INDEX(Menu!$C$18:$C$37,$B10,1)=0,"",INDEX(Menu!$C$18:$C$37,$B10,1)),"") | H10: =IFERROR(INDEX($G$4:$G$24, MATCH(0,INDEX((LEN($G$4:$G$24)=0)+COUNTIF($H$3:$H9,$G$4:$G$24),0),0)),"") | J10: =IFERROR(IF(INDEX(Menu!$E$18:$E$37,$B10,1)=0,"",INDEX(Menu!$E$18:$E$37,$B10,1)),"") -> Repairs | K10: =IFERROR(INDEX($J$4:$J$24, MATCH(0,INDEX((LEN($J$4:$J$24)=0)+COUNTIF($K$3:$K9,$J$4:$J$24),0),0)),"") -> Repairs | M10: =IFERROR(IF(INDEX(Menu!$G$18:$G$27,$B10,1)=0,"",INDEX(Menu!$G$18:$G$27,$B10,1)),"") | N10: =IFERROR(INDEX($M$4:$M$14, MATCH(0,INDEX((LEN($M$4:$M$14)=0)+COUNTIF($N$3:$N9,$M$4:$M$14),0),0)),"") | P10: =IFERROR(IF(INDEX(Menu!$G$30:$G$37,$B10,1)=0,"",INDEX(Menu!$G$30:$G$37,$B10,1)),"") | Q10: =IFERROR(INDEX($P$4:$P$12, MATCH(0,INDEX((LEN($P$4:$P$12)=0)+COUNTIF($Q$3:$Q9,$P$4:$P$12),0),0)),"") | S10: =$Y12 -> 2026 | T10: 6 | U10: June | W10: 2021 | Y10: =YEAR($AA10) -> 2024 | Z10: 3 | AA10: =DATE($AA$4+$Z10,MOD($AB$4,12)+AA$6,1) -> 45323 | AB10: =DATE($AA$4+$Z10,MOD($AB$4,12)+AB$6,1) -> 45352 | AC10: =DATE($AA$4+$Z10,MOD($AB$4,12)+AC$6,1) -> 45383 | AD10: =DATE($AA$4+$Z10,MOD($AB$4,12)+AD$6,1) -> 45413 | AE10: =DATE($AA$4+$Z10,MOD($AB$4,12)+AE$6,1) -> 45444 | AF10: =DATE($AA$4+$Z10,MOD($AB$4,12)+AF$6,1) -> 45474 | AG10: =DATE($AA$4+$Z10,MOD($AB$4,12)+AG$6,1) -> 45505 | AH10: =DATE($AA$4+$Z10,MOD($AB$4,12)+AH$6,1) -> 45536 | ... AL10: =DATE($AA$4+$Z10,MOD($AB$4,12)+AL$6,1) -> 45658 | AN10: =IF($AO10<=100,0,IF(AND($AO10>100,$AO10<=200),1,IF(AND($AO10>200,$AO10<=300),2,IF(AND($AO10>300,$AO10<=400),3,IF(AND($AO10>400,$AO10<=500),4,IF(AND($AO10>500,$AO10<=600),5,IF(AND($AO10>600,$AO10<=700),6,IF(AND($AO10>700,$AO10<=800),7,IF(AND($AO10>800,$AO10<=900),8,IF(AND($AO10>900,$AO10<=1000),9)))))))))) -> 0 | AO10: 7 | AQ10: =IF(AND(ISNUMBER(MATCH($AR10,$E$5:$E$54,0)),ISNUMBER(MATCH($AS10,$H$5:$H$24,0))),"Active","Passive") -> Active | AR10: =IFERROR(INDEX(Income!B$9:B$1026,MATCH(Calc!$AO10,Income!$U$9:$U$1026,0),1),0) -> House 4 | AS10: =IFERROR(INDEX(Income!C$9:C$1026,MATCH(Calc!$AO10,Income!$U$9:$U$1026,0),1),0) -> Deposit | AT10: =$AT$2+$AN10 -> 2021 | AU10: =IFERROR(IF($AQ10="Passive","",INDEX(Income!E$9:E$1026,MATCH(Calc!$AO10,Income!$U$9:$U$1026,0),1)),"") -> 1400 | AV10: =IFERROR(IF($AQ10="Passive","",INDEX(Income!F$9:F$1026,MATCH(Calc!$AO10,Income!$U$9:$U$1026,0),1)),"") -> 0 | AW10: =IFERROR(IF($AQ10="Passive","",INDEX(Income!G$9:G$1026,MATCH(Calc!$AO10,Income!$U$9:$U$1026,0),1)),"") -> 0 | AX10: =IFERROR(IF($AQ10="Passive","",INDEX(Income!H$9:H$1026,MATCH(Calc!$AO10,Income!$U$9:$U$1026,0),1)),"") -> 0 | AY10: =IFERROR(IF($AQ10="Passive","",INDEX(Income!I$9:I$1026,MATCH(Calc!$AO10,Income!$U$9:$U$1026,0),1)),"") -> 0 | AZ10: =IFERROR(IF($AQ10="Passive","",INDEX(Income!J$9:J$1026,MATCH(Calc!$AO10,Income!$U$9:$U$1026,0),1)),"") -> 0 | BA10: =IFERROR(IF($AQ10="Passive","",INDEX(Income!K$9:K$1026,MATCH(Calc!$AO10,Income!$U$9:$U$1026,0),1)),"") -> 0 | BB10: =IFERROR(IF($AQ10="Passive","",INDEX(Income!L$9:L$1026,MATCH(Calc!$AO10,Income!$U$9:$U$1026,0),1)),"") -> 0 | ... BF10: =IFERROR(IF($AQ10="Passive","",INDEX(Income!P$9:P$1026,MATCH(Calc!$AO10,Income!$U$9:$U$1026,0),1)),"") -> 0 | BH10: =IF(AND(ISNUMBER(MATCH($BI10,$E$5:$E$54,0)),ISNUMBER(MATCH($BJ10,$K$5:$K$24,0))),"Active","Passive") -> Active | BI10: =IFERROR(INDEX(Expenses!B$9:B$1026,MATCH(Calc!$AO10,Expenses!$U$9:$U$1026,0),1),0) -> House 2 | BJ10: =IFERROR(INDEX(Expenses!C$9:C$1026,MATCH(Calc!$AO10,Expenses!$U$9:$U$1026,0),1),0) -> Advertising | BK10: =$BK$2+$AN10 -> 2021 | BL10: =IFERROR(IF($BH10="Passive","",INDEX(Expenses!E$9:E$1026,MATCH(Calc!$AO10,Expenses!$U$9:$U$1026,0),1)),"") -> 0 | BM10: =IFERROR(IF($BH10="Passive","",INDEX(Expenses!F$9:F$1026,MATCH(Calc!$AO10,Expenses!$U$9:$U$1026,0),1)),"") -> 0 | BN10: =IFERROR(IF($BH10="Passive","",INDEX(Expenses!G$9:G$1026,MATCH(Calc!$AO10,Expenses!$U$9:$U$1026,0),1)),"") -> 0 | BO10: =IFERROR(IF($BH10="Passive","",INDEX(Expenses!H$9:H$1026,MATCH(Calc!$AO10,Expenses!$U$9:$U$1026,0),1)),"") -> 350 | BP10: =IFERROR(IF($BH10="Passive","",INDEX(Expenses!I$9:I$1026,MATCH(Calc!$AO10,Expenses!$U$9:$U$1026,0),1)),"") -> 0 | BQ10: =IFERROR(IF($BH10="Passive","",INDEX(Expenses!J$9:J$1026,MATCH(Calc!$AO10,Expenses!$U$9:$U$1026,0),1)),"") -> 0 | BR10: =IFERROR(IF($BH10="Passive","",INDEX(Expenses!K$9:K$1026,MATCH(Calc!$AO10,Expenses!$U$9:$U$1026,0),1)),"") -> 0 | BS10: =IFERROR(IF($BH10="Passive","",INDEX(Expenses!L$9:L$1026,MATCH(Calc!$AO10,Expenses!$U$9:$U$1026,0),1)),"") -> 0 | ... BW10: =IFERROR(IF($BH10="Passive","",INDEX(Expenses!P$9:P$1026,MATCH(Calc!$AO10,Expenses!$U$9:$U$1026,0),1)),"") -> 0
B11: 7 | D11: =IFERROR(IF(INDEX(PropertyDatabase!$B$6:$B$55,$B11,1)=0,"",INDEX(PropertyDatabase!$B$6:$B$55,$B11,1)),"") -> House 7 | E11: =IFERROR(INDEX($D$4:$D$54, MATCH(0,INDEX((LEN($D$4:$D$54)=0)+COUNTIF($E$3:$E10,$D$4:$D$54),0),0)),"") -> House 7 | G11: =IFERROR(IF(INDEX(Menu!$C$18:$C$37,$B11,1)=0,"",INDEX(Menu!$C$18:$C$37,$B11,1)),"") | H11: =IFERROR(INDEX($G$4:$G$24, MATCH(0,INDEX((LEN($G$4:$G$24)=0)+COUNTIF($H$3:$H10,$G$4:$G$24),0),0)),"") | J11: =IFERROR(IF(INDEX(Menu!$E$18:$E$37,$B11,1)=0,"",INDEX(Menu!$E$18:$E$37,$B11,1)),"") -> Supplies | K11: =IFERROR(INDEX($J$4:$J$24, MATCH(0,INDEX((LEN($J$4:$J$24)=0)+COUNTIF($K$3:$K10,$J$4:$J$24),0),0)),"") -> Supplies | M11: =IFERROR(IF(INDEX(Menu!$G$18:$G$27,$B11,1)=0,"",INDEX(Menu!$G$18:$G$27,$B11,1)),"") | N11: =IFERROR(INDEX($M$4:$M$14, MATCH(0,INDEX((LEN($M$4:$M$14)=0)+COUNTIF($N$3:$N10,$M$4:$M$14),0),0)),"") | P11: =IFERROR(IF(INDEX(Menu!$G$30:$G$37,$B11,1)=0,"",INDEX(Menu!$G$30:$G$37,$B11,1)),"") | Q11: =IFERROR(INDEX($P$4:$P$12, MATCH(0,INDEX((LEN($P$4:$P$12)=0)+COUNTIF($Q$3:$Q10,$P$4:$P$12),0),0)),"") | S11: =$Y13 -> 2027 | T11: 7 | U11: July | W11: 2022 | Y11: =YEAR($AA11) -> 2025 | Z11: 4 | AA11: =DATE($AA$4+$Z11,MOD($AB$4,12)+AA$6,1) -> 45689 | AB11: =DATE($AA$4+$Z11,MOD($AB$4,12)+AB$6,1) -> 45717 | AC11: =DATE($AA$4+$Z11,MOD($AB$4,12)+AC$6,1) -> 45748 | AD11: =DATE($AA$4+$Z11,MOD($AB$4,12)+AD$6,1) -> 45778 | AE11: =DATE($AA$4+$Z11,MOD($AB$4,12)+AE$6,1) -> 45809 | AF11: =DATE($AA$4+$Z11,MOD($AB$4,12)+AF$6,1) -> 45839 | AG11: =DATE($AA$4+$Z11,MOD($AB$4,12)+AG$6,1) -> 45870 | AH11: =DATE($AA$4+$Z11,MOD($AB$4,12)+AH$6,1) -> 45901 | ... AL11: =DATE($AA$4+$Z11,MOD($AB$4,12)+AL$6,1) -> 46023 | AN11: =IF($AO11<=100,0,IF(AND($AO11>100,$AO11<=200),1,IF(AND($AO11>200,$AO11<=300),2,IF(AND($AO11>300,$AO11<=400),3,IF(AND($AO11>400,$AO11<=500),4,IF(AND($AO11>500,$AO11<=600),5,IF(AND($AO11>600,$AO11<=700),6,IF(AND($AO11>700,$AO11<=800),7,IF(AND($AO11>800,$AO11<=900),8,IF(AND($AO11>900,$AO11<=1000),9)))))))))) -> 0 | AO11: 8 | AQ11: =IF(AND(ISNUMBER(MATCH($AR11,$E$5:$E$54,0)),ISNUMBER(MATCH($AS11,$H$5:$H$24,0))),"Active","Passive") -> Active | AR11: =IFERROR(INDEX(Income!B$9:B$1026,MATCH(Calc!$AO11,Income!$U$9:$U$1026,0),1),0) -> House 4 | AS11: =IFERROR(INDEX(Income!C$9:C$1026,MATCH(Calc!$AO11,Income!$U$9:$U$1026,0),1),0) -> Rent | AT11: =$AT$2+$AN11 -> 2021 | AU11: =IFERROR(IF($AQ11="Passive","",INDEX(Income!E$9:E$1026,MATCH(Calc!$AO11,Income!$U$9:$U$1026,0),1)),"") -> 700 | AV11: =IFERROR(IF($AQ11="Passive","",INDEX(Income!F$9:F$1026,MATCH(Calc!$AO11,Income!$U$9:$U$1026,0),1)),"") -> 700 | AW11: =IFERROR(IF($AQ11="Passive","",INDEX(Income!G$9:G$1026,MATCH(Calc!$AO11,Income!$U$9:$U$1026,0),1)),"") -> 700 | AX11: =IFERROR(IF($AQ11="Passive","",INDEX(Income!H$9:H$1026,MATCH(Calc!$AO11,Income!$U$9:$U$1026,0),1)),"") -> 700 | AY11: =IFERROR(IF($AQ11="Passive","",INDEX(Income!I$9:I$1026,MATCH(Calc!$AO11,Income!$U$9:$U$1026,0),1)),"") -> 700 | AZ11: =IFERROR(IF($AQ11="Passive","",INDEX(Income!J$9:J$1026,MATCH(Calc!$AO11,Income!$U$9:$U$1026,0),1)),"") -> 700 | BA11: =IFERROR(IF($AQ11="Passive","",INDEX(Income!K$9:K$1026,MATCH(Calc!$AO11,Income!$U$9:$U$1026,0),1)),"") -> 700 | BB11: =IFERROR(IF($AQ11="Passive","",INDEX(Income!L$9:L$1026,MATCH(Calc!$AO11,Income!$U$9:$U$1026,0),1)),"") -> 700 | ... BF11: =IFERROR(IF($AQ11="Passive","",INDEX(Income!P$9:P$1026,MATCH(Calc!$AO11,Income!$U$9:$U$1026,0),1)),"") -> 700 | BH11: =IF(AND(ISNUMBER(MATCH($BI11,$E$5:$E$54,0)),ISNUMBER(MATCH($BJ11,$K$5:$K$24,0))),"Active","Passive") -> Active | BI11: =IFERROR(INDEX(Expenses!B$9:B$1026,MATCH(Calc!$AO11,Expenses!$U$9:$U$1026,0),1),0) -> House 2 | BJ11: =IFERROR(INDEX(Expenses!C$9:C$1026,MATCH(Calc!$AO11,Expenses!$U$9:$U$1026,0),1),0) -> Cleaning & Maintenance | BK11: =$BK$2+$AN11 -> 2021 | BL11: =IFERROR(IF($BH11="Passive","",INDEX(Expenses!E$9:E$1026,MATCH(Calc!$AO11,Expenses!$U$9:$U$1026,0),1)),"") -> 0 | BM11: =IFERROR(IF($BH11="Passive","",INDEX(Expenses!F$9:F$1026,MATCH(Calc!$AO11,Expenses!$U$9:$U$1026,0),1)),"") -> 0 | BN11: =IFERROR(IF($BH11="Passive","",INDEX(Expenses!G$9:G$1026,MATCH(Calc!$AO11,Expenses!$U$9:$U$1026,0),1)),"") -> 0 | BO11: =IFERROR(IF($BH11="Passive","",INDEX(Expenses!H$9:H$1026,MATCH(Calc!$AO11,Expenses!$U$9:$U$1026,0),1)),"") -> 0 | BP11: =IFERROR(IF($BH11="Passive","",INDEX(Expenses!I$9:I$1026,MATCH(Calc!$AO11,Expenses!$U$9:$U$1026,0),1)),"") -> 250 | BQ11: =IFERROR(IF($BH11="Passive","",INDEX(Expenses!J$9:J$1026,MATCH(Calc!$AO11,Expenses!$U$9:$U$1026,0),1)),"") -> 0 | BR11: =IFERROR(IF($BH11="Passive","",INDEX(Expenses!K$9:K$1026,MATCH(Calc!$AO11,Expenses!$U$9:$U$1026,0),1)),"") -> 0 | BS11: =IFERROR(IF($BH11="Passive","",INDEX(Expenses!L$9:L$1026,MATCH(Calc!$AO11,Expenses!$U$9:$U$1026,0),1)),"") -> 0 | ... BW11: =IFERROR(IF($BH11="Passive","",INDEX(Expenses!P$9:P$1026,MATCH(Calc!$AO11,Expenses!$U$9:$U$1026,0),1)),"") -> 0
B12: 8 | D12: =IFERROR(IF(INDEX(PropertyDatabase!$B$6:$B$55,$B12,1)=0,"",INDEX(PropertyDatabase!$B$6:$B$55,$B12,1)),"") -> House 8 | E12: =IFERROR(INDEX($D$4:$D$54, MATCH(0,INDEX((LEN($D$4:$D$54)=0)+COUNTIF($E$3:$E11,$D$4:$D$54),0),0)),"") -> House 8 | G12: =IFERROR(IF(INDEX(Menu!$C$18:$C$37,$B12,1)=0,"",INDEX(Menu!$C$18:$C$37,$B12,1)),"") | H12: =IFERROR(INDEX($G$4:$G$24, MATCH(0,INDEX((LEN($G$4:$G$24)=0)+COUNTIF($H$3:$H11,$G$4:$G$24),0),0)),"") | J12: =IFERROR(IF(INDEX(Menu!$E$18:$E$37,$B12,1)=0,"",INDEX(Menu!$E$18:$E$37,$B12,1)),"") -> Taxes | K12: =IFERROR(INDEX($J$4:$J$24, MATCH(0,INDEX((LEN($J$4:$J$24)=0)+COUNTIF($K$3:$K11,$J$4:$J$24),0),0)),"") -> Taxes | M12: =IFERROR(IF(INDEX(Menu!$G$18:$G$27,$B12,1)=0,"",INDEX(Menu!$G$18:$G$27,$B12,1)),"") | N12: =IFERROR(INDEX($M$4:$M$14, MATCH(0,INDEX((LEN($M$4:$M$14)=0)+COUNTIF($N$3:$N11,$M$4:$M$14),0),0)),"") | P12: =IFERROR(IF(INDEX(Menu!$G$30:$G$37,$B12,1)=0,"",INDEX(Menu!$G$30:$G$37,$B12,1)),"") | Q12: =IFERROR(INDEX($P$4:$P$12, MATCH(0,INDEX((LEN($P$4:$P$12)=0)+COUNTIF($Q$3:$Q11,$P$4:$P$12),0),0)),"") | S12: =$Y14 -> 2028 | T12: 8 | U12: August | W12: 2023 | Y12: =YEAR($AA12) -> 2026 | Z12: 5 | AA12: =DATE($AA$4+$Z12,MOD($AB$4,12)+AA$6,1) -> 46054 | AB12: =DATE($AA$4+$Z12,MOD($AB$4,12)+AB$6,1) -> 46082 | AC12: =DATE($AA$4+$Z12,MOD($AB$4,12)+AC$6,1) -> 46113 | AD12: =DATE($AA$4+$Z12,MOD($AB$4,12)+AD$6,1) -> 46143 | AE12: =DATE($AA$4+$Z12,MOD($AB$4,12)+AE$6,1) -> 46174 | AF12: =DATE($AA$4+$Z12,MOD($AB$4,12)+AF$6,1) -> 46204 | AG12: =DATE($AA$4+$Z12,MOD($AB$4,12)+AG$6,1) -> 46235 | AH12: =DATE($AA$4+$Z12,MOD($AB$4,12)+AH$6,1) -> 46266 | ... AL12: =DATE($AA$4+$Z12,MOD($AB$4,12)+AL$6,1) -> 46388 | AN12: =IF($AO12<=100,0,IF(AND($AO12>100,$AO12<=200),1,IF(AND($AO12>200,$AO12<=300),2,IF(AND($AO12>300,$AO12<=400),3,IF(AND($AO12>400,$AO12<=500),4,IF(AND($AO12>500,$AO12<=600),5,IF(AND($AO12>600,$AO12<=700),6,IF(AND($AO12>700,$AO12<=800),7,IF(AND($AO12>800,$AO12<=900),8,IF(AND($AO12>900,$AO12<=1000),9)))))))))) -> 0 | AO12: 9 | AQ12: =IF(AND(ISNUMBER(MATCH($AR12,$E$5:$E$54,0)),ISNUMBER(MATCH($AS12,$H$5:$H$24,0))),"Active","Passive") -> Passive | AR12: =IFERROR(INDEX(Income!B$9:B$1026,MATCH(Calc!$AO12,Income!$U$9:$U$1026,0),1),0) -> 0 | AS12: =IFERROR(INDEX(Income!C$9:C$1026,MATCH(Calc!$AO12,Income!$U$9:$U$1026,0),1),0) -> 0 | AT12: =$AT$2+$AN12 -> 2021 | AU12: =IFERROR(IF($AQ12="Passive","",INDEX(Income!E$9:E$1026,MATCH(Calc!$AO12,Income!$U$9:$U$1026,0),1)),"") | AV12: =IFERROR(IF($AQ12="Passive","",INDEX(Income!F$9:F$1026,MATCH(Calc!$AO12,Income!$U$9:$U$1026,0),1)),"") | AW12: =IFERROR(IF($AQ12="Passive","",INDEX(Income!G$9:G$1026,MATCH(Calc!$AO12,Income!$U$9:$U$1026,0),1)),"") | AX12: =IFERROR(IF($AQ12="Passive","",INDEX(Income!H$9:H$1026,MATCH(Calc!$AO12,Income!$U$9:$U$1026,0),1)),"") | AY12: =IFERROR(IF($AQ12="Passive","",INDEX(Income!I$9:I$1026,MATCH(Calc!$AO12,Income!$U$9:$U$1026,0),1)),"") | AZ12: =IFERROR(IF($AQ12="Passive","",INDEX(Income!J$9:J$1026,MATCH(Calc!$AO12,Income!$U$9:$U$1026,0),1)),"") | BA12: =IFERROR(IF($AQ12="Passive","",INDEX(Income!K$9:K$1026,MATCH(Calc!$AO12,Income!$U$9:$U$1026,0),1)),"") | BB12: =IFERROR(IF($AQ12="Passive","",INDEX(Income!L$9:L$1026,MATCH(Calc!$AO12,Income!$U$9:$U$1026,0),1)),"") | ... BF12: =IFERROR(IF($AQ12="Passive","",INDEX(Income!P$9:P$1026,MATCH(Calc!$AO12,Income!$U$9:$U$1026,0),1)),"") | BH12: =IF(AND(ISNUMBER(MATCH($BI12,$E$5:$E$54,0)),ISNUMBER(MATCH($BJ12,$K$5:$K$24,0))),"Active","Passive") -> Active | BI12: =IFERROR(INDEX(Expenses!B$9:B$1026,MATCH(Calc!$AO12,Expenses!$U$9:$U$1026,0),1),0) -> House 2 | BJ12: =IFERROR(INDEX(Expenses!C$9:C$1026,MATCH(Calc!$AO12,Expenses!$U$9:$U$1026,0),1),0) -> Commissions | BK12: =$BK$2+$AN12 -> 2021 | BL12: =IFERROR(IF($BH12="Passive","",INDEX(Expenses!E$9:E$1026,MATCH(Calc!$AO12,Expenses!$U$9:$U$1026,0),1)),"") -> 0 | BM12: =IFERROR(IF($BH12="Passive","",INDEX(Expenses!F$9:F$1026,MATCH(Calc!$AO12,Expenses!$U$9:$U$1026,0),1)),"") -> 0 | BN12: =IFERROR(IF($BH12="Passive","",INDEX(Expenses!G$9:G$1026,MATCH(Calc!$AO12,Expenses!$U$9:$U$1026,0),1)),"") -> 500 | BO12: =IFERROR(IF($BH12="Passive","",INDEX(Expenses!H$9:H$1026,MATCH(Calc!$AO12,Expenses!$U$9:$U$1026,0),1)),"") -> 0 | BP12: =IFERROR(IF($BH12="Passive","",INDEX(Expenses!I$9:I$1026,MATCH(Calc!$AO12,Expenses!$U$9:$U$1026,0),1)),"") -> 0 | BQ12: =IFERROR(IF($BH12="Passive","",INDEX(Expenses!J$9:J$1026,MATCH(Calc!$AO12,Expenses!$U$9:$U$1026,0),1)),"") -> 0 | BR12: =IFERROR(IF($BH12="Passive","",INDEX(Expenses!K$9:K$1026,MATCH(Calc!$AO12,Expenses!$U$9:$U$1026,0),1)),"") -> 0 | BS12: =IFERROR(IF($BH12="Passive","",INDEX(Expenses!L$9:L$1026,MATCH(Calc!$AO12,Expenses!$U$9:$U$1026,0),1)),"") -> 0 | ... BW12: =IFERROR(IF($BH12="Passive","",INDEX(Expenses!P$9:P$1026,MATCH(Calc!$AO12,Expenses!$U$9:$U$1026,0),1)),"") -> 0
B13: 9 | D13: =IFERROR(IF(INDEX(PropertyDatabase!$B$6:$B$55,$B13,1)=0,"",INDEX(PropertyDatabase!$B$6:$B$55,$B13,1)),"") | E13: =IFERROR(INDEX($D$4:$D$54, MATCH(0,INDEX((LEN($D$4:$D$54)=0)+COUNTIF($E$3:$E12,$D$4:$D$54),0),0)),"") | G13: =IFERROR(IF(INDEX(Menu!$C$18:$C$37,$B13,1)=0,"",INDEX(Menu!$C$18:$C$37,$B13,1)),"") | H13: =IFERROR(INDEX($G$4:$G$24, MATCH(0,INDEX((LEN($G$4:$G$24)=0)+COUNTIF($H$3:$H12,$G$4:$G$24),0),0)),"") | J13: =IFERROR(IF(INDEX(Menu!$E$18:$E$37,$B13,1)=0,"",INDEX(Menu!$E$18:$E$37,$B13,1)),"") -> Utilities | K13: =IFERROR(INDEX($J$4:$J$24, MATCH(0,INDEX((LEN($J$4:$J$24)=0)+COUNTIF($K$3:$K12,$J$4:$J$24),0),0)),"") -> Utilities | M13: =IFERROR(IF(INDEX(Menu!$G$18:$G$27,$B13,1)=0,"",INDEX(Menu!$G$18:$G$27,$B13,1)),"") | N13: =IFERROR(INDEX($M$4:$M$14, MATCH(0,INDEX((LEN($M$4:$M$14)=0)+COUNTIF($N$3:$N12,$M$4:$M$14),0),0)),"") | S13: =$Y15 -> 2029 | T13: 9 | U13: September | W13: 2024 | Y13: =YEAR($AA13) -> 2027 | Z13: 6 | AA13: =DATE($AA$4+$Z13,MOD($AB$4,12)+AA$6,1) -> 46419 | AB13: =DATE($AA$4+$Z13,MOD($AB$4,12)+AB$6,1) -> 46447 | AC13: =DATE($AA$4+$Z13,MOD($AB$4,12)+AC$6,1) -> 46478 | AD13: =DATE($AA$4+$Z13,MOD($AB$4,12)+AD$6,1) -> 46508 | AE13: =DATE($AA$4+$Z13,MOD($AB$4,12)+AE$6,1) -> 46539 | AF13: =DATE($AA$4+$Z13,MOD($AB$4,12)+AF$6,1) -> 46569 | AG13: =DATE($AA$4+$Z13,MOD($AB$4,12)+AG$6,1) -> 46600 | AH13: =DATE($AA$4+$Z13,MOD($AB$4,12)+AH$6,1) -> 46631 | ... AL13: =DATE($AA$4+$Z13,MOD($AB$4,12)+AL$6,1) -> 46753 | AN13: =IF($AO13<=100,0,IF(AND($AO13>100,$AO13<=200),1,IF(AND($AO13>200,$AO13<=300),2,IF(AND($AO13>300,$AO13<=400),3,IF(AND($AO13>400,$AO13<=500),4,IF(AND($AO13>500,$AO13<=600),5,IF(AND($AO13>600,$AO13<=700),6,IF(AND($AO13>700,$AO13<=800),7,IF(AND($AO13>800,$AO13<=900),8,IF(AND($AO13>900,$AO13<=1000),9)))))))))) -> 0 | AO13: 10 | AQ13: =IF(AND(ISNUMBER(MATCH($AR13,$E$5:$E$54,0)),ISNUMBER(MATCH($AS13,$H$5:$H$24,0))),"Active","Passive") -> Passive | AR13: =IFERROR(INDEX(Income!B$9:B$1026,MATCH(Calc!$AO13,Income!$U$9:$U$1026,0),1),0) -> 0 | AS13: =IFERROR(INDEX(Income!C$9:C$1026,MATCH(Calc!$AO13,Income!$U$9:$U$1026,0),1),0) -> 0 | AT13: =$AT$2+$AN13 -> 2021 | AU13: =IFERROR(IF($AQ13="Passive","",INDEX(Income!E$9:E$1026,MATCH(Calc!$AO13,Income!$U$9:$U$1026,0),1)),"") | AV13: =IFERROR(IF($AQ13="Passive","",INDEX(Income!F$9:F$1026,MATCH(Calc!$AO13,Income!$U$9:$U$1026,0),1)),"") | AW13: =IFERROR(IF($AQ13="Passive","",INDEX(Income!G$9:G$1026,MATCH(Calc!$AO13,Income!$U$9:$U$1026,0),1)),"") | AX13: =IFERROR(IF($AQ13="Passive","",INDEX(Income!H$9:H$1026,MATCH(Calc!$AO13,Income!$U$9:$U$1026,0),1)),"") | AY13: =IFERROR(IF($AQ13="Passive","",INDEX(Income!I$9:I$1026,MATCH(Calc!$AO13,Income!$U$9:$U$1026,0),1)),"") | AZ13: =IFERROR(IF($AQ13="Passive","",INDEX(Income!J$9:J$1026,MATCH(Calc!$AO13,Income!$U$9:$U$1026,0),1)),"") | BA13: =IFERROR(IF($AQ13="Passive","",INDEX(Income!K$9:K$1026,MATCH(Calc!$AO13,Income!$U$9:$U$1026,0),1)),"") | BB13: =IFERROR(IF($AQ13="Passive","",INDEX(Income!L$9:L$1026,MATCH(Calc!$AO13,Income!$U$9:$U$1026,0),1)),"") | ... BF13: =IFERROR(IF($AQ13="Passive","",INDEX(Income!P$9:P$1026,MATCH(Calc!$AO13,Income!$U$9:$U$1026,0),1)),"") | BH13: =IF(AND(ISNUMBER(MATCH($BI13,$E$5:$E$54,0)),ISNUMBER(MATCH($BJ13,$K$5:$K$24,0))),"Active","Passive") -> Active | BI13: =IFERROR(INDEX(Expenses!B$9:B$1026,MATCH(Calc!$AO13,Expenses!$U$9:$U$1026,0),1),0) -> House 2 | BJ13: =IFERROR(INDEX(Expenses!C$9:C$1026,MATCH(Calc!$AO13,Expenses!$U$9:$U$1026,0),1),0) -> Insurance | BK13: =$BK$2+$AN13 -> 2021 | BL13: =IFERROR(IF($BH13="Passive","",INDEX(Expenses!E$9:E$1026,MATCH(Calc!$AO13,Expenses!$U$9:$U$1026,0),1)),"") -> 0 | BM13: =IFERROR(IF($BH13="Passive","",INDEX(Expenses!F$9:F$1026,MATCH(Calc!$AO13,Expenses!$U$9:$U$1026,0),1)),"") -> 0 | BN13: =IFERROR(IF($BH13="Passive","",INDEX(Expenses!G$9:G$1026,MATCH(Calc!$AO13,Expenses!$U$9:$U$1026,0),1)),"") -> 0 | BO13: =IFERROR(IF($BH13="Passive","",INDEX(Expenses!H$9:H$1026,MATCH(Calc!$AO13,Expenses!$U$9:$U$1026,0),1)),"") -> 0 | BP13: =IFERROR(IF($BH13="Passive","",INDEX(Expenses!I$9:I$1026,MATCH(Calc!$AO13,Expenses!$U$9:$U$1026,0),1)),"") -> 0 | BQ13: =IFERROR(IF($BH13="Passive","",INDEX(Expenses!J$9:J$1026,MATCH(Calc!$AO13,Expenses!$U$9:$U$1026,0),1)),"") -> 600 | BR13: =IFERROR(IF($BH13="Passive","",INDEX(Expenses!K$9:K$1026,MATCH(Calc!$AO13,Expenses!$U$9:$U$1026,0),1)),"") -> 0 | BS13: =IFERROR(IF($BH13="Passive","",INDEX(Expenses!L$9:L$1026,MATCH(Calc!$AO13,Expenses!$U$9:$U$1026,0),1)),"") -> 0 | ... BW13: =IFERROR(IF($BH13="Passive","",INDEX(Expenses!P$9:P$1026,MATCH(Calc!$AO13,Expenses!$U$9:$U$1026,0),1)),"") -> 0
B14: 10 | D14: =IFERROR(IF(INDEX(PropertyDatabase!$B$6:$B$55,$B14,1)=0,"",INDEX(PropertyDatabase!$B$6:$B$55,$B14,1)),"") | E14: =IFERROR(INDEX($D$4:$D$54, MATCH(0,INDEX((LEN($D$4:$D$54)=0)+COUNTIF($E$3:$E13,$D$4:$D$54),0),0)),"") | G14: =IFERROR(IF(INDEX(Menu!$C$18:$C$37,$B14,1)=0,"",INDEX(Menu!$C$18:$C$37,$B14,1)),"") | H14: =IFERROR(INDEX($G$4:$G$24, MATCH(0,INDEX((LEN($G$4:$G$24)=0)+COUNTIF($H$3:$H13,$G$4:$G$24),0),0)),"") | J14: =IFERROR(IF(INDEX(Menu!$E$18:$E$37,$B14,1)=0,"",INDEX(Menu!$E$18:$E$37,$B14,1)),"") -> Bills | K14: =IFERROR(INDEX($J$4:$J$24, MATCH(0,INDEX((LEN($J$4:$J$24)=0)+COUNTIF($K$3:$K13,$J$4:$J$24),0),0)),"") -> Bills | M14: =IFERROR(IF(INDEX(Menu!$G$18:$G$27,$B14,1)=0,"",INDEX(Menu!$G$18:$G$27,$B14,1)),"") | N14: =IFERROR(INDEX($M$4:$M$14, MATCH(0,INDEX((LEN($M$4:$M$14)=0)+COUNTIF($N$3:$N13,$M$4:$M$14),0),0)),"") | S14: =$Y16 -> 2030 | T14: 10 | U14: October | W14: 2025 | Y14: =YEAR($AA14) -> 2028 | Z14: 7 | AA14: =DATE($AA$4+$Z14,MOD($AB$4,12)+AA$6,1) -> 46784 | AB14: =DATE($AA$4+$Z14,MOD($AB$4,12)+AB$6,1) -> 46813 | AC14: =DATE($AA$4+$Z14,MOD($AB$4,12)+AC$6,1) -> 46844 | AD14: =DATE($AA$4+$Z14,MOD($AB$4,12)+AD$6,1) -> 46874 | AE14: =DATE($AA$4+$Z14,MOD($AB$4,12)+AE$6,1) -> 46905 | AF14: =DATE($AA$4+$Z14,MOD($AB$4,12)+AF$6,1) -> 46935 | AG14: =DATE($AA$4+$Z14,MOD($AB$4,12)+AG$6,1) -> 46966 | AH14: =DATE($AA$4+$Z14,MOD($AB$4,12)+AH$6,1) -> 46997 | ... AL14: =DATE($AA$4+$Z14,MOD($AB$4,12)+AL$6,1) -> 47119 | AN14: =IF($AO14<=100,0,IF(AND($AO14>100,$AO14<=200),1,IF(AND($AO14>200,$AO14<=300),2,IF(AND($AO14>300,$AO14<=400),3,IF(AND($AO14>400,$AO14<=500),4,IF(AND($AO14>500,$AO14<=600),5,IF(AND($AO14>600,$AO14<=700),6,IF(AND($AO14>700,$AO14<=800),7,IF(AND($AO14>800,$AO14<=900),8,IF(AND($AO14>900,$AO14<=1000),9)))))))))) -> 0 | AO14: 11 | AQ14: =IF(AND(ISNUMBER(MATCH($AR14,$E$5:$E$54,0)),ISNUMBER(MATCH($AS14,$H$5:$H$24,0))),"Active","Passive") -> Passive | AR14: =IFERROR(INDEX(Income!B$9:B$1026,MATCH(Calc!$AO14,Income!$U$9:$U$1026,0),1),0) -> 0 | AS14: =IFERROR(INDEX(Income!C$9:C$1026,MATCH(Calc!$AO14,Income!$U$9:$U$1026,0),1),0) -> 0 | AT14: =$AT$2+$AN14 -> 2021 | AU14: =IFERROR(IF($AQ14="Passive","",INDEX(Income!E$9:E$1026,MATCH(Calc!$AO14,Income!$U$9:$U$1026,0),1)),"") | AV14: =IFERROR(IF($AQ14="Passive","",INDEX(Income!F$9:F$1026,MATCH(Calc!$AO14,Income!$U$9:$U$1026,0),1)),"") | AW14: =IFERROR(IF($AQ14="Passive","",INDEX(Income!G$9:G$1026,MATCH(Calc!$AO14,Income!$U$9:$U$1026,0),1)),"") | AX14: =IFERROR(IF($AQ14="Passive","",INDEX(Income!H$9:H$1026,MATCH(Calc!$AO14,Income!$U$9:$U$1026,0),1)),"") | AY14: =IFERROR(IF($AQ14="Passive","",INDEX(Income!I$9:I$1026,MATCH(Calc!$AO14,Income!$U$9:$U$1026,0),1)),"") | AZ14: =IFERROR(IF($AQ14="Passive","",INDEX(Income!J$9:J$1026,MATCH(Calc!$AO14,Income!$U$9:$U$1026,0),1)),"") | BA14: =IFERROR(IF($AQ14="Passive","",INDEX(Income!K$9:K$1026,MATCH(Calc!$AO14,Income!$U$9:$U$1026,0),1)),"") | BB14: =IFERROR(IF($AQ14="Passive","",INDEX(Income!L$9:L$1026,MATCH(Calc!$AO14,Income!$U$9:$U$1026,0),1)),"") | ... BF14: =IFERROR(IF($AQ14="Passive","",INDEX(Income!P$9:P$1026,MATCH(Calc!$AO14,Income!$U$9:$U$1026,0),1)),"") | BH14: =IF(AND(ISNUMBER(MATCH($BI14,$E$5:$E$54,0)),ISNUMBER(MATCH($BJ14,$K$5:$K$24,0))),"Active","Passive") -> Active | BI14: =IFERROR(INDEX(Expenses!B$9:B$1026,MATCH(Calc!$AO14,Expenses!$U$9:$U$1026,0),1),0) -> House 3 | BJ14: =IFERROR(INDEX(Expenses!C$9:C$1026,MATCH(Calc!$AO14,Expenses!$U$9:$U$1026,0),1),0) -> Advertising | BK14: =$BK$2+$AN14 -> 2021 | BL14: =IFERROR(IF($BH14="Passive","",INDEX(Expenses!E$9:E$1026,MATCH(Calc!$AO14,Expenses!$U$9:$U$1026,0),1)),"") -> 0 | BM14: =IFERROR(IF($BH14="Passive","",INDEX(Expenses!F$9:F$1026,MATCH(Calc!$AO14,Expenses!$U$9:$U$1026,0),1)),"") -> 350 | BN14: =IFERROR(IF($BH14="Passive","",INDEX(Expenses!G$9:G$1026,MATCH(Calc!$AO14,Expenses!$U$9:$U$1026,0),1)),"") -> 0 | BO14: =IFERROR(IF($BH14="Passive","",INDEX(Expenses!H$9:H$1026,MATCH(Calc!$AO14,Expenses!$U$9:$U$1026,0),1)),"") -> 0 | BP14: =IFERROR(IF($BH14="Passive","",INDEX(Expenses!I$9:I$1026,MATCH(Calc!$AO14,Expenses!$U$9:$U$1026,0),1)),"") -> 0 | BQ14: =IFERROR(IF($BH14="Passive","",INDEX(Expenses!J$9:J$1026,MATCH(Calc!$AO14,Expenses!$U$9:$U$1026,0),1)),"") -> 0 | BR14: =IFERROR(IF($BH14="Passive","",INDEX(Expenses!K$9:K$1026,MATCH(Calc!$AO14,Expenses!$U$9:$U$1026,0),1)),"") -> 0 | BS14: =IFERROR(IF($BH14="Passive","",INDEX(Expenses!L$9:L$1026,MATCH(Calc!$AO14,Expenses!$U$9:$U$1026,0),1)),"") -> 0 | ... BW14: =IFERROR(IF($BH14="Passive","",INDEX(Expenses!P$9:P$1026,MATCH(Calc!$AO14,Expenses!$U$9:$U$1026,0),1)),"") -> 0
B15: 11 | D15: =IFERROR(IF(INDEX(PropertyDatabase!$B$6:$B$55,$B15,1)=0,"",INDEX(PropertyDatabase!$B$6:$B$55,$B15,1)),"") | E15: =IFERROR(INDEX($D$4:$D$54, MATCH(0,INDEX((LEN($D$4:$D$54)=0)+COUNTIF($E$3:$E14,$D$4:$D$54),0),0)),"") | G15: =IFERROR(IF(INDEX(Menu!$C$18:$C$37,$B15,1)=0,"",INDEX(Menu!$C$18:$C$37,$B15,1)),"") | H15: =IFERROR(INDEX($G$4:$G$24, MATCH(0,INDEX((LEN($G$4:$G$24)=0)+COUNTIF($H$3:$H14,$G$4:$G$24),0),0)),"") | J15: =IFERROR(IF(INDEX(Menu!$E$18:$E$37,$B15,1)=0,"",INDEX(Menu!$E$18:$E$37,$B15,1)),"") | K15: =IFERROR(INDEX($J$4:$J$24, MATCH(0,INDEX((LEN($J$4:$J$24)=0)+COUNTIF($K$3:$K14,$J$4:$J$24),0),0)),"") | T15: 11 | U15: November | W15: 2026 | Y15: =YEAR($AA15) -> 2029 | Z15: 8 | AA15: =DATE($AA$4+$Z15,MOD($AB$4,12)+AA$6,1) -> 47150 | AB15: =DATE($AA$4+$Z15,MOD($AB$4,12)+AB$6,1) -> 47178 | AC15: =DATE($AA$4+$Z15,MOD($AB$4,12)+AC$6,1) -> 47209 | AD15: =DATE($AA$4+$Z15,MOD($AB$4,12)+AD$6,1) -> 47239 | AE15: =DATE($AA$4+$Z15,MOD($AB$4,12)+AE$6,1) -> 47270 | AF15: =DATE($AA$4+$Z15,MOD($AB$4,12)+AF$6,1) -> 47300 | AG15: =DATE($AA$4+$Z15,MOD($AB$4,12)+AG$6,1) -> 47331 | AH15: =DATE($AA$4+$Z15,MOD($AB$4,12)+AH$6,1) -> 47362 | ... AL15: =DATE($AA$4+$Z15,MOD($AB$4,12)+AL$6,1) -> 47484 | AN15: =IF($AO15<=100,0,IF(AND($AO15>100,$AO15<=200),1,IF(AND($AO15>200,$AO15<=300),2,IF(AND($AO15>300,$AO15<=400),3,IF(AND($AO15>400,$AO15<=500),4,IF(AND($AO15>500,$AO15<=600),5,IF(AND($AO15>600,$AO15<=700),6,IF(AND($AO15>700,$AO15<=800),7,IF(AND($AO15>800,$AO15<=900),8,IF(AND($AO15>900,$AO15<=1000),9)))))))))) -> 0 | AO15: 12 | AQ15: =IF(AND(ISNUMBER(MATCH($AR15,$E$5:$E$54,0)),ISNUMBER(MATCH($AS15,$H$5:$H$24,0))),"Active","Passive") -> Passive | AR15: =IFERROR(INDEX(Income!B$9:B$1026,MATCH(Calc!$AO15,Income!$U$9:$U$1026,0),1),0) -> 0 | AS15: =IFERROR(INDEX(Income!C$9:C$1026,MATCH(Calc!$AO15,Income!$U$9:$U$1026,0),1),0) -> 0 | AT15: =$AT$2+$AN15 -> 2021 | AU15: =IFERROR(IF($AQ15="Passive","",INDEX(Income!E$9:E$1026,MATCH(Calc!$AO15,Income!$U$9:$U$1026,0),1)),"") | AV15: =IFERROR(IF($AQ15="Passive","",INDEX(Income!F$9:F$1026,MATCH(Calc!$AO15,Income!$U$9:$U$1026,0),1)),"") | AW15: =IFERROR(IF($AQ15="Passive","",INDEX(Income!G$9:G$1026,MATCH(Calc!$AO15,Income!$U$9:$U$1026,0),1)),"") | AX15: =IFERROR(IF($AQ15="Passive","",INDEX(Income!H$9:H$1026,MATCH(Calc!$AO15,Income!$U$9:$U$1026,0),1)),"") | AY15: =IFERROR(IF($AQ15="Passive","",INDEX(Income!I$9:I$1026,MATCH(Calc!$AO15,Income!$U$9:$U$1026,0),1)),"") | AZ15: =IFERROR(IF($AQ15="Passive","",INDEX(Income!J$9:J$1026,MATCH(Calc!$AO15,Income!$U$9:$U$1026,0),1)),"") | BA15: =IFERROR(IF($AQ15="Passive","",INDEX(Income!K$9:K$1026,MATCH(Calc!$AO15,Income!$U$9:$U$1026,0),1)),"") | BB15: =IFERROR(IF($AQ15="Passive","",INDEX(Income!L$9:L$1026,MATCH(Calc!$AO15,Income!$U$9:$U$1026,0),1)),"") | ... BF15: =IFERROR(IF($AQ15="Passive","",INDEX(Income!P$9:P$1026,MATCH(Calc!$AO15,Income!$U$9:$U$1026,0),1)),"") | BH15: =IF(AND(ISNUMBER(MATCH($BI15,$E$5:$E$54,0)),ISNUMBER(MATCH($BJ15,$K$5:$K$24,0))),"Active","Passive") -> Active | BI15: =IFERROR(INDEX(Expenses!B$9:B$1026,MATCH(Calc!$AO15,Expenses!$U$9:$U$1026,0),1),0) -> House 3 | BJ15: =IFERROR(INDEX(Expenses!C$9:C$1026,MATCH(Calc!$AO15,Expenses!$U$9:$U$1026,0),1),0) -> Cleaning & Maintenance | BK15: =$BK$2+$AN15 -> 2021 | BL15: =IFERROR(IF($BH15="Passive","",INDEX(Expenses!E$9:E$1026,MATCH(Calc!$AO15,Expenses!$U$9:$U$1026,0),1)),"") -> 0 | BM15: =IFERROR(IF($BH15="Passive","",INDEX(Expenses!F$9:F$1026,MATCH(Calc!$AO15,Expenses!$U$9:$U$1026,0),1)),"") -> 0 | BN15: =IFERROR(IF($BH15="Passive","",INDEX(Expenses!G$9:G$1026,MATCH(Calc!$AO15,Expenses!$U$9:$U$1026,0),1)),"") -> 500 | BO15: =IFERROR(IF($BH15="Passive","",INDEX(Expenses!H$9:H$1026,MATCH(Calc!$AO15,Expenses!$U$9:$U$1026,0),1)),"") -> 0 | BP15: =IFERROR(IF($BH15="Passive","",INDEX(Expenses!I$9:I$1026,MATCH(Calc!$AO15,Expenses!$U$9:$U$1026,0),1)),"") -> 0 | BQ15: =IFERROR(IF($BH15="Passive","",INDEX(Expenses!J$9:J$1026,MATCH(Calc!$AO15,Expenses!$U$9:$U$1026,0),1)),"") -> 0 | BR15: =IFERROR(IF($BH15="Passive","",INDEX(Expenses!K$9:K$1026,MATCH(Calc!$AO15,Expenses!$U$9:$U$1026,0),1)),"") -> 0 | BS15: =IFERROR(IF($BH15="Passive","",INDEX(Expenses!L$9:L$1026,MATCH(Calc!$AO15,Expenses!$U$9:$U$1026,0),1)),"") -> 0 | ... BW15: =IFERROR(IF($BH15="Passive","",INDEX(Expenses!P$9:P$1026,MATCH(Calc!$AO15,Expenses!$U$9:$U$1026,0),1)),"") -> 0
B16: 12 | D16: =IFERROR(IF(INDEX(PropertyDatabase!$B$6:$B$55,$B16,1)=0,"",INDEX(PropertyDatabase!$B$6:$B$55,$B16,1)),"") | E16: =IFERROR(INDEX($D$4:$D$54, MATCH(0,INDEX((LEN($D$4:$D$54)=0)+COUNTIF($E$3:$E15,$D$4:$D$54),0),0)),"") | G16: =IFERROR(IF(INDEX(Menu!$C$18:$C$37,$B16,1)=0,"",INDEX(Menu!$C$18:$C$37,$B16,1)),"") | H16: =IFERROR(INDEX($G$4:$G$24, MATCH(0,INDEX((LEN($G$4:$G$24)=0)+COUNTIF($H$3:$H15,$G$4:$G$24),0),0)),"") | J16: =IFERROR(IF(INDEX(Menu!$E$18:$E$37,$B16,1)=0,"",INDEX(Menu!$E$18:$E$37,$B16,1)),"") | K16: =IFERROR(INDEX($J$4:$J$24, MATCH(0,INDEX((LEN($J$4:$J$24)=0)+COUNTIF($K$3:$K15,$J$4:$J$24),0),0)),"") | T16: 12 | U16: December | W16: 2027 | Y16: =YEAR($AA16) -> 2030 | Z16: 9 | AA16: =DATE($AA$4+$Z16,MOD($AB$4,12)+AA$6,1) -> 47515 | AB16: =DATE($AA$4+$Z16,MOD($AB$4,12)+AB$6,1) -> 47543 | AC16: =DATE($AA$4+$Z16,MOD($AB$4,12)+AC$6,1) -> 47574 | AD16: =DATE($AA$4+$Z16,MOD($AB$4,12)+AD$6,1) -> 47604 | AE16: =DATE($AA$4+$Z16,MOD($AB$4,12)+AE$6,1) -> 47635 | AF16: =DATE($AA$4+$Z16,MOD($AB$4,12)+AF$6,1) -> 47665 | AG16: =DATE($AA$4+$Z16,MOD($AB$4,12)+AG$6,1) -> 47696 | AH16: =DATE($AA$4+$Z16,MOD($AB$4,12)+AH$6,1) -> 47727 | ... AL16: =DATE($AA$4+$Z16,MOD($AB$4,12)+AL$6,1) -> 47849 | AN16: =IF($AO16<=100,0,IF(AND($AO16>100,$AO16<=200),1,IF(AND($AO16>200,$AO16<=300),2,IF(AND($AO16>300,$AO16<=400),3,IF(AND($AO16>400,$AO16<=500),4,IF(AND($AO16>500,$AO16<=600),5,IF(AND($AO16>600,$AO16<=700),6,IF(AND($AO16>700,$AO16<=800),7,IF(AND($AO16>800,$AO16<=900),8,IF(AND($AO16>900,$AO16<=1000),9)))))))))) -> 0 | AO16: 13 | AQ16: =IF(AND(ISNUMBER(MATCH($AR16,$E$5:$E$54,0)),ISNUMBER(MATCH($AS16,$H$5:$H$24,0))),"Active","Passive") -> Passive | AR16: =IFERROR(INDEX(Income!B$9:B$1026,MATCH(Calc!$AO16,Income!$U$9:$U$1026,0),1),0) -> 0 | AS16: =IFERROR(INDEX(Income!C$9:C$1026,MATCH(Calc!$AO16,Income!$U$9:$U$1026,0),1),0) -> 0 | AT16: =$AT$2+$AN16 -> 2021 | AU16: =IFERROR(IF($AQ16="Passive","",INDEX(Income!E$9:E$1026,MATCH(Calc!$AO16,Income!$U$9:$U$1026,0),1)),"") | AV16: =IFERROR(IF($AQ16="Passive","",INDEX(Income!F$9:F$1026,MATCH(Calc!$AO16,Income!$U$9:$U$1026,0),1)),"") | AW16: =IFERROR(IF($AQ16="Passive","",INDEX(Income!G$9:G$1026,MATCH(Calc!$AO16,Income!$U$9:$U$1026,0),1)),"") | AX16: =IFERROR(IF($AQ16="Passive","",INDEX(Income!H$9:H$1026,MATCH(Calc!$AO16,Income!$U$9:$U$1026,0),1)),"") | AY16: =IFERROR(IF($AQ16="Passive","",INDEX(Income!I$9:I$1026,MATCH(Calc!$AO16,Income!$U$9:$U$1026,0),1)),"") | AZ16: =IFERROR(IF($AQ16="Passive","",INDEX(Income!J$9:J$1026,MATCH(Calc!$AO16,Income!$U$9:$U$1026,0),1)),"") | BA16: =IFERROR(IF($AQ16="Passive","",INDEX(Income!K$9:K$1026,MATCH(Calc!$AO16,Income!$U$9:$U$1026,0),1)),"") | BB16: =IFERROR(IF($AQ16="Passive","",INDEX(Income!L$9:L$1026,MATCH(Calc!$AO16,Income!$U$9:$U$1026,0),1)),"") | ... BF16: =IFERROR(IF($AQ16="Passive","",INDEX(Income!P$9:P$1026,MATCH(Calc!$AO16,Income!$U$9:$U$1026,0),1)),"") | BH16: =IF(AND(ISNUMBER(MATCH($BI16,$E$5:$E$54,0)),ISNUMBER(MATCH($BJ16,$K$5:$K$24,0))),"Active","Passive") -> Active | BI16: =IFERROR(INDEX(Expenses!B$9:B$1026,MATCH(Calc!$AO16,Expenses!$U$9:$U$1026,0),1),0) -> House 3 | BJ16: =IFERROR(INDEX(Expenses!C$9:C$1026,MATCH(Calc!$AO16,Expenses!$U$9:$U$1026,0),1),0) -> Commissions | BK16: =$BK$2+$AN16 -> 2021 | BL16: =IFERROR(IF($BH16="Passive","",INDEX(Expenses!E$9:E$1026,MATCH(Calc!$AO16,Expenses!$U$9:$U$1026,0),1)),"") -> 0 | BM16: =IFERROR(IF($BH16="Passive","",INDEX(Expenses!F$9:F$1026,MATCH(Calc!$AO16,Expenses!$U$9:$U$1026,0),1)),"") -> 0 | BN16: =IFERROR(IF($BH16="Passive","",INDEX(Expenses!G$9:G$1026,MATCH(Calc!$AO16,Expenses!$U$9:$U$1026,0),1)),"") -> 0 | BO16: =IFERROR(IF($BH16="Passive","",INDEX(Expenses!H$9:H$1026,MATCH(Calc!$AO16,Expenses!$U$9:$U$1026,0),1)),"") -> 0 | BP16: =IFERROR(IF($BH16="Passive","",INDEX(Expenses!I$9:I$1026,MATCH(Calc!$AO16,Expenses!$U$9:$U$1026,0),1)),"") -> 600 | BQ16: =IFERROR(IF($BH16="Passive","",INDEX(Expenses!J$9:J$1026,MATCH(Calc!$AO16,Expenses!$U$9:$U$1026,0),1)),"") -> 0 | BR16: =IFERROR(IF($BH16="Passive","",INDEX(Expenses!K$9:K$1026,MATCH(Calc!$AO16,Expenses!$U$9:$U$1026,0),1)),"") -> 0 | BS16: =IFERROR(IF($BH16="Passive","",INDEX(Expenses!L$9:L$1026,MATCH(Calc!$AO16,Expenses!$U$9:$U$1026,0),1)),"") -> 0 | ... BW16: =IFERROR(IF($BH16="Passive","",INDEX(Expenses!P$9:P$1026,MATCH(Calc!$AO16,Expenses!$U$9:$U$1026,0),1)),"") -> 0
B17: 13 | D17: =IFERROR(IF(INDEX(PropertyDatabase!$B$6:$B$55,$B17,1)=0,"",INDEX(PropertyDatabase!$B$6:$B$55,$B17,1)),"") | E17: =IFERROR(INDEX($D$4:$D$54, MATCH(0,INDEX((LEN($D$4:$D$54)=0)+COUNTIF($E$3:$E16,$D$4:$D$54),0),0)),"") | G17: =IFERROR(IF(INDEX(Menu!$C$18:$C$37,$B17,1)=0,"",INDEX(Menu!$C$18:$C$37,$B17,1)),"") | H17: =IFERROR(INDEX($G$4:$G$24, MATCH(0,INDEX((LEN($G$4:$G$24)=0)+COUNTIF($H$3:$H16,$G$4:$G$24),0),0)),"") | J17: =IFERROR(IF(INDEX(Menu!$E$18:$E$37,$B17,1)=0,"",INDEX(Menu!$E$18:$E$37,$B17,1)),"") | K17: =IFERROR(INDEX($J$4:$J$24, MATCH(0,INDEX((LEN($J$4:$J$24)=0)+COUNTIF($K$3:$K16,$J$4:$J$24),0),0)),"") | W17: 2028 | AN17: =IF($AO17<=100,0,IF(AND($AO17>100,$AO17<=200),1,IF(AND($AO17>200,$AO17<=300),2,IF(AND($AO17>300,$AO17<=400),3,IF(AND($AO17>400,$AO17<=500),4,IF(AND($AO17>500,$AO17<=600),5,IF(AND($AO17>600,$AO17<=700),6,IF(AND($AO17>700,$AO17<=800),7,IF(AND($AO17>800,$AO17<=900),8,IF(AND($AO17>900,$AO17<=1000),9)))))))))) -> 0 | AO17: 14 | AQ17: =IF(AND(ISNUMBER(MATCH($AR17,$E$5:$E$54,0)),ISNUMBER(MATCH($AS17,$H$5:$H$24,0))),"Active","Passive") -> Passive | AR17: =IFERROR(INDEX(Income!B$9:B$1026,MATCH(Calc!$AO17,Income!$U$9:$U$1026,0),1),0) -> 0 | AS17: =IFERROR(INDEX(Income!C$9:C$1026,MATCH(Calc!$AO17,Income!$U$9:$U$1026,0),1),0) -> 0 | AT17: =$AT$2+$AN17 -> 2021 | AU17: =IFERROR(IF($AQ17="Passive","",INDEX(Income!E$9:E$1026,MATCH(Calc!$AO17,Income!$U$9:$U$1026,0),1)),"") | AV17: =IFERROR(IF($AQ17="Passive","",INDEX(Income!F$9:F$1026,MATCH(Calc!$AO17,Income!$U$9:$U$1026,0),1)),"") | AW17: =IFERROR(IF($AQ17="Passive","",INDEX(Income!G$9:G$1026,MATCH(Calc!$AO17,Income!$U$9:$U$1026,0),1)),"") | AX17: =IFERROR(IF($AQ17="Passive","",INDEX(Income!H$9:H$1026,MATCH(Calc!$AO17,Income!$U$9:$U$1026,0),1)),"") | AY17: =IFERROR(IF($AQ17="Passive","",INDEX(Income!I$9:I$1026,MATCH(Calc!$AO17,Income!$U$9:$U$1026,0),1)),"") | AZ17: =IFERROR(IF($AQ17="Passive","",INDEX(Income!J$9:J$1026,MATCH(Calc!$AO17,Income!$U$9:$U$1026,0),1)),"") | BA17: =IFERROR(IF($AQ17="Passive","",INDEX(Income!K$9:K$1026,MATCH(Calc!$AO17,Income!$U$9:$U$1026,0),1)),"") | BB17: =IFERROR(IF($AQ17="Passive","",INDEX(Income!L$9:L$1026,MATCH(Calc!$AO17,Income!$U$9:$U$1026,0),1)),"") | ... BF17: =IFERROR(IF($AQ17="Passive","",INDEX(Income!P$9:P$1026,MATCH(Calc!$AO17,Income!$U$9:$U$1026,0),1)),"") | BH17: =IF(AND(ISNUMBER(MATCH($BI17,$E$5:$E$54,0)),ISNUMBER(MATCH($BJ17,$K$5:$K$24,0))),"Active","Passive") -> Active | BI17: =IFERROR(INDEX(Expenses!B$9:B$1026,MATCH(Calc!$AO17,Expenses!$U$9:$U$1026,0),1),0) -> House 3 | BJ17: =IFERROR(INDEX(Expenses!C$9:C$1026,MATCH(Calc!$AO17,Expenses!$U$9:$U$1026,0),1),0) -> Insurance | BK17: =$BK$2+$AN17 -> 2021 | BL17: =IFERROR(IF($BH17="Passive","",INDEX(Expenses!E$9:E$1026,MATCH(Calc!$AO17,Expenses!$U$9:$U$1026,0),1)),"") -> 0 | BM17: =IFERROR(IF($BH17="Passive","",INDEX(Expenses!F$9:F$1026,MATCH(Calc!$AO17,Expenses!$U$9:$U$1026,0),1)),"") -> 0 | BN17: =IFERROR(IF($BH17="Passive","",INDEX(Expenses!G$9:G$1026,MATCH(Calc!$AO17,Expenses!$U$9:$U$1026,0),1)),"") -> 0 | BO17: =IFERROR(IF($BH17="Passive","",INDEX(Expenses!H$9:H$1026,MATCH(Calc!$AO17,Expenses!$U$9:$U$1026,0),1)),"") -> 0 | BP17: =IFERROR(IF($BH17="Passive","",INDEX(Expenses!I$9:I$1026,MATCH(Calc!$AO17,Expenses!$U$9:$U$1026,0),1)),"") -> 0 | BQ17: =IFERROR(IF($BH17="Passive","",INDEX(Expenses!J$9:J$1026,MATCH(Calc!$AO17,Expenses!$U$9:$U$1026,0),1)),"") -> 500 | BR17: =IFERROR(IF($BH17="Passive","",INDEX(Expenses!K$9:K$1026,MATCH(Calc!$AO17,Expenses!$U$9:$U$1026,0),1)),"") -> 0 | BS17: =IFERROR(IF($BH17="Passive","",INDEX(Expenses!L$9:L$1026,MATCH(Calc!$AO17,Expenses!$U$9:$U$1026,0),1)),"") -> 0 | ... BW17: =IFERROR(IF($BH17="Passive","",INDEX(Expenses!P$9:P$1026,MATCH(Calc!$AO17,Expenses!$U$9:$U$1026,0),1)),"") -> 0
B18: 14 | D18: =IFERROR(IF(INDEX(PropertyDatabase!$B$6:$B$55,$B18,1)=0,"",INDEX(PropertyDatabase!$B$6:$B$55,$B18,1)),"") | E18: =IFERROR(INDEX($D$4:$D$54, MATCH(0,INDEX((LEN($D$4:$D$54)=0)+COUNTIF($E$3:$E17,$D$4:$D$54),0),0)),"") | G18: =IFERROR(IF(INDEX(Menu!$C$18:$C$37,$B18,1)=0,"",INDEX(Menu!$C$18:$C$37,$B18,1)),"") | H18: =IFERROR(INDEX($G$4:$G$24, MATCH(0,INDEX((LEN($G$4:$G$24)=0)+COUNTIF($H$3:$H17,$G$4:$G$24),0),0)),"") | J18: =IFERROR(IF(INDEX(Menu!$E$18:$E$37,$B18,1)=0,"",INDEX(Menu!$E$18:$E$37,$B18,1)),"") | K18: =IFERROR(INDEX($J$4:$J$24, MATCH(0,INDEX((LEN($J$4:$J$24)=0)+COUNTIF($K$3:$K17,$J$4:$J$24),0),0)),"") | W18: 2029 | AA18: DASHBOARD FILTERS | AN18: =IF($AO18<=100,0,IF(AND($AO18>100,$AO18<=200),1,IF(AND($AO18>200,$AO18<=300),2,IF(AND($AO18>300,$AO18<=400),3,IF(AND($AO18>400,$AO18<=500),4,IF(AND($AO18>500,$AO18<=600),5,IF(AND($AO18>600,$AO18<=700),6,IF(AND($AO18>700,$AO18<=800),7,IF(AND($AO18>800,$AO18<=900),8,IF(AND($AO18>900,$AO18<=1000),9)))))))))) -> 0 | AO18: 15 | AQ18: =IF(AND(ISNUMBER(MATCH($AR18,$E$5:$E$54,0)),ISNUMBER(MATCH($AS18,$H$5:$H$24,0))),"Active","Passive") -> Passive | AR18: =IFERROR(INDEX(Income!B$9:B$1026,MATCH(Calc!$AO18,Income!$U$9:$U$1026,0),1),0) -> 0 | AS18: =IFERROR(INDEX(Income!C$9:C$1026,MATCH(Calc!$AO18,Income!$U$9:$U$1026,0),1),0) -> 0 | AT18: =$AT$2+$AN18 -> 2021 | AU18: =IFERROR(IF($AQ18="Passive","",INDEX(Income!E$9:E$1026,MATCH(Calc!$AO18,Income!$U$9:$U$1026,0),1)),"") | AV18: =IFERROR(IF($AQ18="Passive","",INDEX(Income!F$9:F$1026,MATCH(Calc!$AO18,Income!$U$9:$U$1026,0),1)),"") | AW18: =IFERROR(IF($AQ18="Passive","",INDEX(Income!G$9:G$1026,MATCH(Calc!$AO18,Income!$U$9:$U$1026,0),1)),"") | AX18: =IFERROR(IF($AQ18="Passive","",INDEX(Income!H$9:H$1026,MATCH(Calc!$AO18,Income!$U$9:$U$1026,0),1)),"") | AY18: =IFERROR(IF($AQ18="Passive","",INDEX(Income!I$9:I$1026,MATCH(Calc!$AO18,Income!$U$9:$U$1026,0),1)),"") | AZ18: =IFERROR(IF($AQ18="Passive","",INDEX(Income!J$9:J$1026,MATCH(Calc!$AO18,Income!$U$9:$U$1026,0),1)),"") | BA18: =IFERROR(IF($AQ18="Passive","",INDEX(Income!K$9:K$1026,MATCH(Calc!$AO18,Income!$U$9:$U$1026,0),1)),"") | BB18: =IFERROR(IF($AQ18="Passive","",INDEX(Income!L$9:L$1026,MATCH(Calc!$AO18,Income!$U$9:$U$1026,0),1)),"") | ... BF18: =IFERROR(IF($AQ18="Passive","",INDEX(Income!P$9:P$1026,MATCH(Calc!$AO18,Income!$U$9:$U$1026,0),1)),"") | BH18: =IF(AND(ISNUMBER(MATCH($BI18,$E$5:$E$54,0)),ISNUMBER(MATCH($BJ18,$K$5:$K$24,0))),"Active","Passive") -> Active | BI18: =IFERROR(INDEX(Expenses!B$9:B$1026,MATCH(Calc!$AO18,Expenses!$U$9:$U$1026,0),1),0) -> House 4 | BJ18: =IFERROR(INDEX(Expenses!C$9:C$1026,MATCH(Calc!$AO18,Expenses!$U$9:$U$1026,0),1),0) -> Cleaning & Maintenance | BK18: =$BK$2+$AN18 -> 2021 | BL18: =IFERROR(IF($BH18="Passive","",INDEX(Expenses!E$9:E$1026,MATCH(Calc!$AO18,Expenses!$U$9:$U$1026,0),1)),"") -> 0 | BM18: =IFERROR(IF($BH18="Passive","",INDEX(Expenses!F$9:F$1026,MATCH(Calc!$AO18,Expenses!$U$9:$U$1026,0),1)),"") -> 0 | BN18: =IFERROR(IF($BH18="Passive","",INDEX(Expenses!G$9:G$1026,MATCH(Calc!$AO18,Expenses!$U$9:$U$1026,0),1)),"") -> 0 | BO18: =IFERROR(IF($BH18="Passive","",INDEX(Expenses!H$9:H$1026,MATCH(Calc!$AO18,Expenses!$U$9:$U$1026,0),1)),"") -> 0 | BP18: =IFERROR(IF($BH18="Passive","",INDEX(Expenses!I$9:I$1026,MATCH(Calc!$AO18,Expenses!$U$9:$U$1026,0),1)),"") -> 0 | BQ18: =IFERROR(IF($BH18="Passive","",INDEX(Expenses!J$9:J$1026,MATCH(Calc!$AO18,Expenses!$U$9:$U$1026,0),1)),"") -> 0 | BR18: =IFERROR(IF($BH18="Passive","",INDEX(Expenses!K$9:K$1026,MATCH(Calc!$AO18,Expenses!$U$9:$U$1026,0),1)),"") -> 0 | BS18: =IFERROR(IF($BH18="Passive","",INDEX(Expenses!L$9:L$1026,MATCH(Calc!$AO18,Expenses!$U$9:$U$1026,0),1)),"") -> 0 | ... BW18: =IFERROR(IF($BH18="Passive","",INDEX(Expenses!P$9:P$1026,MATCH(Calc!$AO18,Expenses!$U$9:$U$1026,0),1)),"") -> 0
B19: 15 | D19: =IFERROR(IF(INDEX(PropertyDatabase!$B$6:$B$55,$B19,1)=0,"",INDEX(PropertyDatabase!$B$6:$B$55,$B19,1)),"") | E19: =IFERROR(INDEX($D$4:$D$54, MATCH(0,INDEX((LEN($D$4:$D$54)=0)+COUNTIF($E$3:$E18,$D$4:$D$54),0),0)),"") | G19: =IFERROR(IF(INDEX(Menu!$C$18:$C$37,$B19,1)=0,"",INDEX(Menu!$C$18:$C$37,$B19,1)),"") | H19: =IFERROR(INDEX($G$4:$G$24, MATCH(0,INDEX((LEN($G$4:$G$24)=0)+COUNTIF($H$3:$H18,$G$4:$G$24),0),0)),"") | J19: =IFERROR(IF(INDEX(Menu!$E$18:$E$37,$B19,1)=0,"",INDEX(Menu!$E$18:$E$37,$B19,1)),"") | K19: =IFERROR(INDEX($J$4:$J$24, MATCH(0,INDEX((LEN($J$4:$J$24)=0)+COUNTIF($K$3:$K18,$J$4:$J$24),0),0)),"") | W19: 2030 | AA19: Property | AB19: Year | AC19: Month | AN19: =IF($AO19<=100,0,IF(AND($AO19>100,$AO19<=200),1,IF(AND($AO19>200,$AO19<=300),2,IF(AND($AO19>300,$AO19<=400),3,IF(AND($AO19>400,$AO19<=500),4,IF(AND($AO19>500,$AO19<=600),5,IF(AND($AO19>600,$AO19<=700),6,IF(AND($AO19>700,$AO19<=800),7,IF(AND($AO19>800,$AO19<=900),8,IF(AND($AO19>900,$AO19<=1000),9)))))))))) -> 0 | AO19: 16 | AQ19: =IF(AND(ISNUMBER(MATCH($AR19,$E$5:$E$54,0)),ISNUMBER(MATCH($AS19,$H$5:$H$24,0))),"Active","Passive") -> Passive | AR19: =IFERROR(INDEX(Income!B$9:B$1026,MATCH(Calc!$AO19,Income!$U$9:$U$1026,0),1),0) -> 0 | AS19: =IFERROR(INDEX(Income!C$9:C$1026,MATCH(Calc!$AO19,Income!$U$9:$U$1026,0),1),0) -> 0 | AT19: =$AT$2+$AN19 -> 2021 | AU19: =IFERROR(IF($AQ19="Passive","",INDEX(Income!E$9:E$1026,MATCH(Calc!$AO19,Income!$U$9:$U$1026,0),1)),"") | AV19: =IFERROR(IF($AQ19="Passive","",INDEX(Income!F$9:F$1026,MATCH(Calc!$AO19,Income!$U$9:$U$1026,0),1)),"") | AW19: =IFERROR(IF($AQ19="Passive","",INDEX(Income!G$9:G$1026,MATCH(Calc!$AO19,Income!$U$9:$U$1026,0),1)),"") | AX19: =IFERROR(IF($AQ19="Passive","",INDEX(Income!H$9:H$1026,MATCH(Calc!$AO19,Income!$U$9:$U$1026,0),1)),"") | AY19: =IFERROR(IF($AQ19="Passive","",INDEX(Income!I$9:I$1026,MATCH(Calc!$AO19,Income!$U$9:$U$1026,0),1)),"") | AZ19: =IFERROR(IF($AQ19="Passive","",INDEX(Income!J$9:J$1026,MATCH(Calc!$AO19,Income!$U$9:$U$1026,0),1)),"") | BA19: =IFERROR(IF($AQ19="Passive","",INDEX(Income!K$9:K$1026,MATCH(Calc!$AO19,Income!$U$9:$U$1026,0),1)),"") | BB19: =IFERROR(IF($AQ19="Passive","",INDEX(Income!L$9:L$1026,MATCH(Calc!$AO19,Income!$U$9:$U$1026,0),1)),"") | ... BF19: =IFERROR(IF($AQ19="Passive","",INDEX(Income!P$9:P$1026,MATCH(Calc!$AO19,Income!$U$9:$U$1026,0),1)),"") | BH19: =IF(AND(ISNUMBER(MATCH($BI19,$E$5:$E$54,0)),ISNUMBER(MATCH($BJ19,$K$5:$K$24,0))),"Active","Passive") -> Passive | BI19: =IFERROR(INDEX(Expenses!B$9:B$1026,MATCH(Calc!$AO19,Expenses!$U$9:$U$1026,0),1),0) -> 0 | BJ19: =IFERROR(INDEX(Expenses!C$9:C$1026,MATCH(Calc!$AO19,Expenses!$U$9:$U$1026,0),1),0) -> 0 | BK19: =$BK$2+$AN19 -> 2021 | BL19: =IFERROR(IF($BH19="Passive","",INDEX(Expenses!E$9:E$1026,MATCH(Calc!$AO19,Expenses!$U$9:$U$1026,0),1)),"") | BM19: =IFERROR(IF($BH19="Passive","",INDEX(Expenses!F$9:F$1026,MATCH(Calc!$AO19,Expenses!$U$9:$U$1026,0),1)),"") | BN19: =IFERROR(IF($BH19="Passive","",INDEX(Expenses!G$9:G$1026,MATCH(Calc!$AO19,Expenses!$U$9:$U$1026,0),1)),"") | BO19: =IFERROR(IF($BH19="Passive","",INDEX(Expenses!H$9:H$1026,MATCH(Calc!$AO19,Expenses!$U$9:$U$1026,0),1)),"") | BP19: =IFERROR(IF($BH19="Passive","",INDEX(Expenses!I$9:I$1026,MATCH(Calc!$AO19,Expenses!$U$9:$U$1026,0),1)),"") | BQ19: =IFERROR(IF($BH19="Passive","",INDEX(Expenses!J$9:J$1026,MATCH(Calc!$AO19,Expenses!$U$9:$U$1026,0),1)),"") | BR19: =IFERROR(IF($BH19="Passive","",INDEX(Expenses!K$9:K$1026,MATCH(Calc!$AO19,Expenses!$U$9:$U$1026,0),1)),"") | BS19: =IFERROR(IF($BH19="Passive","",INDEX(Expenses!L$9:L$1026,MATCH(Calc!$AO19,Expenses!$U$9:$U$1026,0),1)),"") | ... BW19: =IFERROR(IF($BH19="Passive","",INDEX(Expenses!P$9:P$1026,MATCH(Calc!$AO19,Expenses!$U$9:$U$1026,0),1)),"")
B20: 16 | D20: =IFERROR(IF(INDEX(PropertyDatabase!$B$6:$B$55,$B20,1)=0,"",INDEX(PropertyDatabase!$B$6:$B$55,$B20,1)),"") | E20: =IFERROR(INDEX($D$4:$D$54, MATCH(0,INDEX((LEN($D$4:$D$54)=0)+COUNTIF($E$3:$E19,$D$4:$D$54),0),0)),"") | G20: =IFERROR(IF(INDEX(Menu!$C$18:$C$37,$B20,1)=0,"",INDEX(Menu!$C$18:$C$37,$B20,1)),"") | H20: =IFERROR(INDEX($G$4:$G$24, MATCH(0,INDEX((LEN($G$4:$G$24)=0)+COUNTIF($H$3:$H19,$G$4:$G$24),0),0)),"") | J20: =IFERROR(IF(INDEX(Menu!$E$18:$E$37,$B20,1)=0,"",INDEX(Menu!$E$18:$E$37,$B20,1)),"") | K20: =IFERROR(INDEX($J$4:$J$24, MATCH(0,INDEX((LEN($J$4:$J$24)=0)+COUNTIF($K$3:$K19,$J$4:$J$24),0),0)),"") | AA20: =IF(LEN(Dashboard!$H$6)=0,"All",Dashboard!$H$6) -> All | AB20: =IF(LEN(Dashboard!$H$7)=0,"All",Dashboard!$H$7) -> All | AC20: =IF(LEN(Dashboard!$H$8)=0,"All",Dashboard!$H$8) -> All | AN20: =IF($AO20<=100,0,IF(AND($AO20>100,$AO20<=200),1,IF(AND($AO20>200,$AO20<=300),2,IF(AND($AO20>300,$AO20<=400),3,IF(AND($AO20>400,$AO20<=500),4,IF(AND($AO20>500,$AO20<=600),5,IF(AND($AO20>600,$AO20<=700),6,IF(AND($AO20>700,$AO20<=800),7,IF(AND($AO20>800,$AO20<=900),8,IF(AND($AO20>900,$AO20<=1000),9)))))))))) -> 0 | AO20: 17 | AQ20: =IF(AND(ISNUMBER(MATCH($AR20,$E$5:$E$54,0)),ISNUMBER(MATCH($AS20,$H$5:$H$24,0))),"Active","Passive") -> Passive | AR20: =IFERROR(INDEX(Income!B$9:B$1026,MATCH(Calc!$AO20,Income!$U$9:$U$1026,0),1),0) -> 0 | AS20: =IFERROR(INDEX(Income!C$9:C$1026,MATCH(Calc!$AO20,Income!$U$9:$U$1026,0),1),0) -> 0 | AT20: =$AT$2+$AN20 -> 2021 | AU20: =IFERROR(IF($AQ20="Passive","",INDEX(Income!E$9:E$1026,MATCH(Calc!$AO20,Income!$U$9:$U$1026,0),1)),"") | AV20: =IFERROR(IF($AQ20="Passive","",INDEX(Income!F$9:F$1026,MATCH(Calc!$AO20,Income!$U$9:$U$1026,0),1)),"") | AW20: =IFERROR(IF($AQ20="Passive","",INDEX(Income!G$9:G$1026,MATCH(Calc!$AO20,Income!$U$9:$U$1026,0),1)),"") | AX20: =IFERROR(IF($AQ20="Passive","",INDEX(Income!H$9:H$1026,MATCH(Calc!$AO20,Income!$U$9:$U$1026,0),1)),"") | AY20: =IFERROR(IF($AQ20="Passive","",INDEX(Income!I$9:I$1026,MATCH(Calc!$AO20,Income!$U$9:$U$1026,0),1)),"") | AZ20: =IFERROR(IF($AQ20="Passive","",INDEX(Income!J$9:J$1026,MATCH(Calc!$AO20,Income!$U$9:$U$1026,0),1)),"") | BA20: =IFERROR(IF($AQ20="Passive","",INDEX(Income!K$9:K$1026,MATCH(Calc!$AO20,Income!$U$9:$U$1026,0),1)),"") | BB20: =IFERROR(IF($AQ20="Passive","",INDEX(Income!L$9:L$1026,MATCH(Calc!$AO20,Income!$U$9:$U$1026,0),1)),"") | ... BF20: =IFERROR(IF($AQ20="Passive","",INDEX(Income!P$9:P$1026,MATCH(Calc!$AO20,Income!$U$9:$U$1026,0),1)),"") | BH20: =IF(AND(ISNUMBER(MATCH($BI20,$E$5:$E$54,0)),ISNUMBER(MATCH($BJ20,$K$5:$K$24,0))),"Active","Passive") -> Passive | BI20: =IFERROR(INDEX(Expenses!B$9:B$1026,MATCH(Calc!$AO20,Expenses!$U$9:$U$1026,0),1),0) -> 0 | BJ20: =IFERROR(INDEX(Expenses!C$9:C$1026,MATCH(Calc!$AO20,Expenses!$U$9:$U$1026,0),1),0) -> 0 | BK20: =$BK$2+$AN20 -> 2021 | BL20: =IFERROR(IF($BH20="Passive","",INDEX(Expenses!E$9:E$1026,MATCH(Calc!$AO20,Expenses!$U$9:$U$1026,0),1)),"") | BM20: =IFERROR(IF($BH20="Passive","",INDEX(Expenses!F$9:F$1026,MATCH(Calc!$AO20,Expenses!$U$9:$U$1026,0),1)),"") | BN20: =IFERROR(IF($BH20="Passive","",INDEX(Expenses!G$9:G$1026,MATCH(Calc!$AO20,Expenses!$U$9:$U$1026,0),1)),"") | BO20: =IFERROR(IF($BH20="Passive","",INDEX(Expenses!H$9:H$1026,MATCH(Calc!$AO20,Expenses!$U$9:$U$1026,0),1)),"") | BP20: =IFERROR(IF($BH20="Passive","",INDEX(Expenses!I$9:I$1026,MATCH(Calc!$AO20,Expenses!$U$9:$U$1026,0),1)),"") | BQ20: =IFERROR(IF($BH20="Passive","",INDEX(Expenses!J$9:J$1026,MATCH(Calc!$AO20,Expenses!$U$9:$U$1026,0),1)),"") | BR20: =IFERROR(IF($BH20="Passive","",INDEX(Expenses!K$9:K$1026,MATCH(Calc!$AO20,Expenses!$U$9:$U$1026,0),1)),"") | BS20: =IFERROR(IF($BH20="Passive","",INDEX(Expenses!L$9:L$1026,MATCH(Calc!$AO20,Expenses!$U$9:$U$1026,0),1)),"") | ... BW20: =IFERROR(IF($BH20="Passive","",INDEX(Expenses!P$9:P$1026,MATCH(Calc!$AO20,Expenses!$U$9:$U$1026,0),1)),"")
B21: 17 | D21: =IFERROR(IF(INDEX(PropertyDatabase!$B$6:$B$55,$B21,1)=0,"",INDEX(PropertyDatabase!$B$6:$B$55,$B21,1)),"") | E21: =IFERROR(INDEX($D$4:$D$54, MATCH(0,INDEX((LEN($D$4:$D$54)=0)+COUNTIF($E$3:$E20,$D$4:$D$54),0),0)),"") | G21: =IFERROR(IF(INDEX(Menu!$C$18:$C$37,$B21,1)=0,"",INDEX(Menu!$C$18:$C$37,$B21,1)),"") | H21: =IFERROR(INDEX($G$4:$G$24, MATCH(0,INDEX((LEN($G$4:$G$24)=0)+COUNTIF($H$3:$H20,$G$4:$G$24),0),0)),"") | J21: =IFERROR(IF(INDEX(Menu!$E$18:$E$37,$B21,1)=0,"",INDEX(Menu!$E$18:$E$37,$B21,1)),"") | K21: =IFERROR(INDEX($J$4:$J$24, MATCH(0,INDEX((LEN($J$4:$J$24)=0)+COUNTIF($K$3:$K20,$J$4:$J$24),0),0)),"") | AN21: =IF($AO21<=100,0,IF(AND($AO21>100,$AO21<=200),1,IF(AND($AO21>200,$AO21<=300),2,IF(AND($AO21>300,$AO21<=400),3,IF(AND($AO21>400,$AO21<=500),4,IF(AND($AO21>500,$AO21<=600),5,IF(AND($AO21>600,$AO21<=700),6,IF(AND($AO21>700,$AO21<=800),7,IF(AND($AO21>800,$AO21<=900),8,IF(AND($AO21>900,$AO21<=1000),9)))))))))) -> 0 | AO21: 18 | AQ21: =IF(AND(ISNUMBER(MATCH($AR21,$E$5:$E$54,0)),ISNUMBER(MATCH($AS21,$H$5:$H$24,0))),"Active","Passive") -> Passive | AR21: =IFERROR(INDEX(Income!B$9:B$1026,MATCH(Calc!$AO21,Income!$U$9:$U$1026,0),1),0) -> 0 | AS21: =IFERROR(INDEX(Income!C$9:C$1026,MATCH(Calc!$AO21,Income!$U$9:$U$1026,0),1),0) -> 0 | AT21: =$AT$2+$AN21 -> 2021 | AU21: =IFERROR(IF($AQ21="Passive","",INDEX(Income!E$9:E$1026,MATCH(Calc!$AO21,Income!$U$9:$U$1026,0),1)),"") | AV21: =IFERROR(IF($AQ21="Passive","",INDEX(Income!F$9:F$1026,MATCH(Calc!$AO21,Income!$U$9:$U$1026,0),1)),"") | AW21: =IFERROR(IF($AQ21="Passive","",INDEX(Income!G$9:G$1026,MATCH(Calc!$AO21,Income!$U$9:$U$1026,0),1)),"") | AX21: =IFERROR(IF($AQ21="Passive","",INDEX(Income!H$9:H$1026,MATCH(Calc!$AO21,Income!$U$9:$U$1026,0),1)),"") | AY21: =IFERROR(IF($AQ21="Passive","",INDEX(Income!I$9:I$1026,MATCH(Calc!$AO21,Income!$U$9:$U$1026,0),1)),"") | AZ21: =IFERROR(IF($AQ21="Passive","",INDEX(Income!J$9:J$1026,MATCH(Calc!$AO21,Income!$U$9:$U$1026,0),1)),"") | BA21: =IFERROR(IF($AQ21="Passive","",INDEX(Income!K$9:K$1026,MATCH(Calc!$AO21,Income!$U$9:$U$1026,0),1)),"") | BB21: =IFERROR(IF($AQ21="Passive","",INDEX(Income!L$9:L$1026,MATCH(Calc!$AO21,Income!$U$9:$U$1026,0),1)),"") | ... BF21: =IFERROR(IF($AQ21="Passive","",INDEX(Income!P$9:P$1026,MATCH(Calc!$AO21,Income!$U$9:$U$1026,0),1)),"") | BH21: =IF(AND(ISNUMBER(MATCH($BI21,$E$5:$E$54,0)),ISNUMBER(MATCH($BJ21,$K$5:$K$24,0))),"Active","Passive") -> Passive | BI21: =IFERROR(INDEX(Expenses!B$9:B$1026,MATCH(Calc!$AO21,Expenses!$U$9:$U$1026,0),1),0) -> 0 | BJ21: =IFERROR(INDEX(Expenses!C$9:C$1026,MATCH(Calc!$AO21,Expenses!$U$9:$U$1026,0),1),0) -> 0 | BK21: =$BK$2+$AN21 -> 2021 | BL21: =IFERROR(IF($BH21="Passive","",INDEX(Expenses!E$9:E$1026,MATCH(Calc!$AO21,Expenses!$U$9:$U$1026,0),1)),"") | BM21: =IFERROR(IF($BH21="Passive","",INDEX(Expenses!F$9:F$1026,MATCH(Calc!$AO21,Expenses!$U$9:$U$1026,0),1)),"") | BN21: =IFERROR(IF($BH21="Passive","",INDEX(Expenses!G$9:G$1026,MATCH(Calc!$AO21,Expenses!$U$9:$U$1026,0),1)),"") | BO21: =IFERROR(IF($BH21="Passive","",INDEX(Expenses!H$9:H$1026,MATCH(Calc!$AO21,Expenses!$U$9:$U$1026,0),1)),"") | BP21: =IFERROR(IF($BH21="Passive","",INDEX(Expenses!I$9:I$1026,MATCH(Calc!$AO21,Expenses!$U$9:$U$1026,0),1)),"") | BQ21: =IFERROR(IF($BH21="Passive","",INDEX(Expenses!J$9:J$1026,MATCH(Calc!$AO21,Expenses!$U$9:$U$1026,0),1)),"") | BR21: =IFERROR(IF($BH21="Passive","",INDEX(Expenses!K$9:K$1026,MATCH(Calc!$AO21,Expenses!$U$9:$U$1026,0),1)),"") | BS21: =IFERROR(IF($BH21="Passive","",INDEX(Expenses!L$9:L$1026,MATCH(Calc!$AO21,Expenses!$U$9:$U$1026,0),1)),"") | ... BW21: =IFERROR(IF($BH21="Passive","",INDEX(Expenses!P$9:P$1026,MATCH(Calc!$AO21,Expenses!$U$9:$U$1026,0),1)),"")
B22: 18 | D22: =IFERROR(IF(INDEX(PropertyDatabase!$B$6:$B$55,$B22,1)=0,"",INDEX(PropertyDatabase!$B$6:$B$55,$B22,1)),"") | E22: =IFERROR(INDEX($D$4:$D$54, MATCH(0,INDEX((LEN($D$4:$D$54)=0)+COUNTIF($E$3:$E21,$D$4:$D$54),0),0)),"") | G22: =IFERROR(IF(INDEX(Menu!$C$18:$C$37,$B22,1)=0,"",INDEX(Menu!$C$18:$C$37,$B22,1)),"") | H22: =IFERROR(INDEX($G$4:$G$24, MATCH(0,INDEX((LEN($G$4:$G$24)=0)+COUNTIF($H$3:$H21,$G$4:$G$24),0),0)),"") | J22: =IFERROR(IF(INDEX(Menu!$E$18:$E$37,$B22,1)=0,"",INDEX(Menu!$E$18:$E$37,$B22,1)),"") | K22: =IFERROR(INDEX($J$4:$J$24, MATCH(0,INDEX((LEN($J$4:$J$24)=0)+COUNTIF($K$3:$K21,$J$4:$J$24),0),0)),"") | Y22: Column Income & Expense Chart Header | Z22: Column Chart (Monthly Analysis) | AA22: =INDEX($T$5:$U$16,MATCH(MONTH($AA$7),$T$5:$T$16,0),2) -> February | AB22: =INDEX($T$5:$U$16,MATCH(MONTH($AB$7),$T$5:$T$16,0),2) -> March | AC22: =INDEX($T$5:$U$16,MATCH(MONTH($AC$7),$T$5:$T$16,0),2) -> April | AD22: =INDEX($T$5:$U$16,MATCH(MONTH($AD$7),$T$5:$T$16,0),2) -> May | AE22: =INDEX($T$5:$U$16,MATCH(MONTH($AE$7),$T$5:$T$16,0),2) -> June | AF22: =INDEX($T$5:$U$16,MATCH(MONTH($AF$7),$T$5:$T$16,0),2) -> July | AG22: =INDEX($T$5:$U$16,MATCH(MONTH($AG$7),$T$5:$T$16,0),2) -> August | AH22: =INDEX($T$5:$U$16,MATCH(MONTH($AH$7),$T$5:$T$16,0),2) -> September | AI22: =INDEX($T$5:$U$16,MATCH(MONTH($AI$7),$T$5:$T$16,0),2) -> October | AJ22: =INDEX($T$5:$U$16,MATCH(MONTH($AJ$7),$T$5:$T$16,0),2) -> November | AK22: =INDEX($T$5:$U$16,MATCH(MONTH($AK$7),$T$5:$T$16,0),2) -> December | AL22: =INDEX($T$5:$U$16,MATCH(MONTH($AL$7),$T$5:$T$16,0),2) -> January | AN22: =IF($AO22<=100,0,IF(AND($AO22>100,$AO22<=200),1,IF(AND($AO22>200,$AO22<=300),2,IF(AND($AO22>300,$AO22<=400),3,IF(AND($AO22>400,$AO22<=500),4,IF(AND($AO22>500,$AO22<=600),5,IF(AND($AO22>600,$AO22<=700),6,IF(AND($AO22>700,$AO22<=800),7,IF(AND($AO22>800,$AO22<=900),8,IF(AND($AO22>900,$AO22<=1000),9)))))))))) -> 0 | AO22: 19 | AQ22: =IF(AND(ISNUMBER(MATCH($AR22,$E$5:$E$54,0)),ISNUMBER(MATCH($AS22,$H$5:$H$24,0))),"Active","Passive") -> Passive | AR22: =IFERROR(INDEX(Income!B$9:B$1026,MATCH(Calc!$AO22,Income!$U$9:$U$1026,0),1),0) -> 0 | AS22: =IFERROR(INDEX(Income!C$9:C$1026,MATCH(Calc!$AO22,Income!$U$9:$U$1026,0),1),0) -> 0 | AT22: =$AT$2+$AN22 -> 2021 | AU22: =IFERROR(IF($AQ22="Passive","",INDEX(Income!E$9:E$1026,MATCH(Calc!$AO22,Income!$U$9:$U$1026,0),1)),"") | AV22: =IFERROR(IF($AQ22="Passive","",INDEX(Income!F$9:F$1026,MATCH(Calc!$AO22,Income!$U$9:$U$1026,0),1)),"") | AW22: =IFERROR(IF($AQ22="Passive","",INDEX(Income!G$9:G$1026,MATCH(Calc!$AO22,Income!$U$9:$U$1026,0),1)),"") | AX22: =IFERROR(IF($AQ22="Passive","",INDEX(Income!H$9:H$1026,MATCH(Calc!$AO22,Income!$U$9:$U$1026,0),1)),"") | AY22: =IFERROR(IF($AQ22="Passive","",INDEX(Income!I$9:I$1026,MATCH(Calc!$AO22,Income!$U$9:$U$1026,0),1)),"") | AZ22: =IFERROR(IF($AQ22="Passive","",INDEX(Income!J$9:J$1026,MATCH(Calc!$AO22,Income!$U$9:$U$1026,0),1)),"") | BA22: =IFERROR(IF($AQ22="Passive","",INDEX(Income!K$9:K$1026,MATCH(Calc!$AO22,Income!$U$9:$U$1026,0),1)),"") | BB22: =IFERROR(IF($AQ22="Passive","",INDEX(Income!L$9:L$1026,MATCH(Calc!$AO22,Income!$U$9:$U$1026,0),1)),"") | ... BF22: =IFERROR(IF($AQ22="Passive","",INDEX(Income!P$9:P$1026,MATCH(Calc!$AO22,Income!$U$9:$U$1026,0),1)),"") | BH22: =IF(AND(ISNUMBER(MATCH($BI22,$E$5:$E$54,0)),ISNUMBER(MATCH($BJ22,$K$5:$K$24,0))),"Active","Passive") -> Passive | BI22: =IFERROR(INDEX(Expenses!B$9:B$1026,MATCH(Calc!$AO22,Expenses!$U$9:$U$1026,0),1),0) -> 0 | BJ22: =IFERROR(INDEX(Expenses!C$9:C$1026,MATCH(Calc!$AO22,Expenses!$U$9:$U$1026,0),1),0) -> 0 | BK22: =$BK$2+$AN22 -> 2021 | BL22: =IFERROR(IF($BH22="Passive","",INDEX(Expenses!E$9:E$1026,MATCH(Calc!$AO22,Expenses!$U$9:$U$1026,0),1)),"") | BM22: =IFERROR(IF($BH22="Passive","",INDEX(Expenses!F$9:F$1026,MATCH(Calc!$AO22,Expenses!$U$9:$U$1026,0),1)),"") | BN22: =IFERROR(IF($BH22="Passive","",INDEX(Expenses!G$9:G$1026,MATCH(Calc!$AO22,Expenses!$U$9:$U$1026,0),1)),"") | BO22: =IFERROR(IF($BH22="Passive","",INDEX(Expenses!H$9:H$1026,MATCH(Calc!$AO22,Expenses!$U$9:$U$1026,0),1)),"") | BP22: =IFERROR(IF($BH22="Passive","",INDEX(Expenses!I$9:I$1026,MATCH(Calc!$AO22,Expenses!$U$9:$U$1026,0),1)),"") | BQ22: =IFERROR(IF($BH22="Passive","",INDEX(Expenses!J$9:J$1026,MATCH(Calc!$AO22,Expenses!$U$9:$U$1026,0),1)),"") | BR22: =IFERROR(IF($BH22="Passive","",INDEX(Expenses!K$9:K$1026,MATCH(Calc!$AO22,Expenses!$U$9:$U$1026,0),1)),"") | BS22: =IFERROR(IF($BH22="Passive","",INDEX(Expenses!L$9:L$1026,MATCH(Calc!$AO22,Expenses!$U$9:$U$1026,0),1)),"") | ... BW22: =IFERROR(IF($BH22="Passive","",INDEX(Expenses!P$9:P$1026,MATCH(Calc!$AO22,Expenses!$U$9:$U$1026,0),1)),"")
B23: 19 | D23: =IFERROR(IF(INDEX(PropertyDatabase!$B$6:$B$55,$B23,1)=0,"",INDEX(PropertyDatabase!$B$6:$B$55,$B23,1)),"") | E23: =IFERROR(INDEX($D$4:$D$54, MATCH(0,INDEX((LEN($D$4:$D$54)=0)+COUNTIF($E$3:$E22,$D$4:$D$54),0),0)),"") | G23: =IFERROR(IF(INDEX(Menu!$C$18:$C$37,$B23,1)=0,"",INDEX(Menu!$C$18:$C$37,$B23,1)),"") | H23: =IFERROR(INDEX($G$4:$G$24, MATCH(0,INDEX((LEN($G$4:$G$24)=0)+COUNTIF($H$3:$H22,$G$4:$G$24),0),0)),"") | J23: =IFERROR(IF(INDEX(Menu!$E$18:$E$37,$B23,1)=0,"",INDEX(Menu!$E$18:$E$37,$B23,1)),"") | K23: =IFERROR(INDEX($J$4:$J$24, MATCH(0,INDEX((LEN($J$4:$J$24)=0)+COUNTIF($K$3:$K22,$J$4:$J$24),0),0)),"") | Y23: =IF(OR(LEN(Dashboard!$H$6)=0,Dashboard!$H$6="All"),"",Dashboard!$H$6&"-")&""&IF(OR(LEN(Dashboard!$H$7)=0,Dashboard!$H$7="All"),"",Dashboard!$H$7&"-")&""&"Monthly Balance" -> Monthly Balance | Z23: Income | AA23: =IFERROR(IF(AND(property="All",year="All"),SUM(AU$4:AU$1003), IF(AND(property="All",year<>"All"),SUMIF($AT$4:$AT$1003,year,AU$4:AU$1003), IF(AND(property<>"All",year="All"),SUMIF($AR$4:$AR$1003,property,AU$4:AU$1003), IF(AND(property<>"All",year<>"All"),SUMIFS(AU$4:AU$1003,$AR$4:$AR$1003,property,$AT$4:$AT$1003,year),"")))),"") -> 23000 | AB23: =IFERROR(IF(AND(property="All",year="All"),SUM(AV$4:AV$1003), IF(AND(property="All",year<>"All"),SUMIF($AT$4:$AT$1003,year,AV$4:AV$1003), IF(AND(property<>"All",year="All"),SUMIF($AR$4:$AR$1003,property,AV$4:AV$1003), IF(AND(property<>"All",year<>"All"),SUMIFS(AV$4:AV$1003,$AR$4:$AR$1003,property,$AT$4:$AT$1003,year),"")))),"") -> 10100 | AC23: =IFERROR(IF(AND(property="All",year="All"),SUM(AW$4:AW$1003), IF(AND(property="All",year<>"All"),SUMIF($AT$4:$AT$1003,year,AW$4:AW$1003), IF(AND(property<>"All",year="All"),SUMIF($AR$4:$AR$1003,property,AW$4:AW$1003), IF(AND(property<>"All",year<>"All"),SUMIFS(AW$4:AW$1003,$AR$4:$AR$1003,property,$AT$4:$AT$1003,year),"")))),"") -> 10100 | AD23: =IFERROR(IF(AND(property="All",year="All"),SUM(AX$4:AX$1003), IF(AND(property="All",year<>"All"),SUMIF($AT$4:$AT$1003,year,AX$4:AX$1003), IF(AND(property<>"All",year="All"),SUMIF($AR$4:$AR$1003,property,AX$4:AX$1003), IF(AND(property<>"All",year<>"All"),SUMIFS(AX$4:AX$1003,$AR$4:$AR$1003,property,$AT$4:$AT$1003,year),"")))),"") -> 10100 | AE23: =IFERROR(IF(AND(property="All",year="All"),SUM(AY$4:AY$1003), IF(AND(property="All",year<>"All"),SUMIF($AT$4:$AT$1003,year,AY$4:AY$1003), IF(AND(property<>"All",year="All"),SUMIF($AR$4:$AR$1003,property,AY$4:AY$1003), IF(AND(property<>"All",year<>"All"),SUMIFS(AY$4:AY$1003,$AR$4:$AR$1003,property,$AT$4:$AT$1003,year),"")))),"") -> 8900 | AF23: =IFERROR(IF(AND(property="All",year="All"),SUM(AZ$4:AZ$1003), IF(AND(property="All",year<>"All"),SUMIF($AT$4:$AT$1003,year,AZ$4:AZ$1003), IF(AND(property<>"All",year="All"),SUMIF($AR$4:$AR$1003,property,AZ$4:AZ$1003), IF(AND(property<>"All",year<>"All"),SUMIFS(AZ$4:AZ$1003,$AR$4:$AR$1003,property,$AT$4:$AT$1003,year),"")))),"") -> 10100 | AG23: =IFERROR(IF(AND(property="All",year="All"),SUM(BA$4:BA$1003), IF(AND(property="All",year<>"All"),SUMIF($AT$4:$AT$1003,year,BA$4:BA$1003), IF(AND(property<>"All",year="All"),SUMIF($AR$4:$AR$1003,property,BA$4:BA$1003), IF(AND(property<>"All",year<>"All"),SUMIFS(BA$4:BA$1003,$AR$4:$AR$1003,property,$AT$4:$AT$1003,year),"")))),"") -> 8500 | AH23: =IFERROR(IF(AND(property="All",year="All"),SUM(BB$4:BB$1003), IF(AND(property="All",year<>"All"),SUMIF($AT$4:$AT$1003,year,BB$4:BB$1003), IF(AND(property<>"All",year="All"),SUMIF($AR$4:$AR$1003,property,BB$4:BB$1003), IF(AND(property<>"All",year<>"All"),SUMIFS(BB$4:BB$1003,$AR$4:$AR$1003,property,$AT$4:$AT$1003,year),"")))),"") -> 8500 | ... AL23: =IFERROR(IF(AND(property="All",year="All"),SUM(BF$4:BF$1003), IF(AND(property="All",year<>"All"),SUMIF($AT$4:$AT$1003,year,BF$4:BF$1003), IF(AND(property<>"All",year="All"),SUMIF($AR$4:$AR$1003,property,BF$4:BF$1003), IF(AND(property<>"All",year<>"All"),SUMIFS(BF$4:BF$1003,$AR$4:$AR$1003,property,$AT$4:$AT$1003,year),"")))),"") -> 4450 | AN23: =IF($AO23<=100,0,IF(AND($AO23>100,$AO23<=200),1,IF(AND($AO23>200,$AO23<=300),2,IF(AND($AO23>300,$AO23<=400),3,IF(AND($AO23>400,$AO23<=500),4,IF(AND($AO23>500,$AO23<=600),5,IF(AND($AO23>600,$AO23<=700),6,IF(AND($AO23>700,$AO23<=800),7,IF(AND($AO23>800,$AO23<=900),8,IF(AND($AO23>900,$AO23<=1000),9)))))))))) -> 0 | AO23: 20 | AQ23: =IF(AND(ISNUMBER(MATCH($AR23,$E$5:$E$54,0)),ISNUMBER(MATCH($AS23,$H$5:$H$24,0))),"Active","Passive") -> Passive | AR23: =IFERROR(INDEX(Income!B$9:B$1026,MATCH(Calc!$AO23,Income!$U$9:$U$1026,0),1),0) -> 0 | AS23: =IFERROR(INDEX(Income!C$9:C$1026,MATCH(Calc!$AO23,Income!$U$9:$U$1026,0),1),0) -> 0 | AT23: =$AT$2+$AN23 -> 2021 | AU23: =IFERROR(IF($AQ23="Passive","",INDEX(Income!E$9:E$1026,MATCH(Calc!$AO23,Income!$U$9:$U$1026,0),1)),"") | AV23: =IFERROR(IF($AQ23="Passive","",INDEX(Income!F$9:F$1026,MATCH(Calc!$AO23,Income!$U$9:$U$1026,0),1)),"") | AW23: =IFERROR(IF($AQ23="Passive","",INDEX(Income!G$9:G$1026,MATCH(Calc!$AO23,Income!$U$9:$U$1026,0),1)),"") | AX23: =IFERROR(IF($AQ23="Passive","",INDEX(Income!H$9:H$1026,MATCH(Calc!$AO23,Income!$U$9:$U$1026,0),1)),"") | AY23: =IFERROR(IF($AQ23="Passive","",INDEX(Income!I$9:I$1026,MATCH(Calc!$AO23,Income!$U$9:$U$1026,0),1)),"") | AZ23: =IFERROR(IF($AQ23="Passive","",INDEX(Income!J$9:J$1026,MATCH(Calc!$AO23,Income!$U$9:$U$1026,0),1)),"") | BA23: =IFERROR(IF($AQ23="Passive","",INDEX(Income!K$9:K$1026,MATCH(Calc!$AO23,Income!$U$9:$U$1026,0),1)),"") | BB23: =IFERROR(IF($AQ23="Passive","",INDEX(Income!L$9:L$1026,MATCH(Calc!$AO23,Income!$U$9:$U$1026,0),1)),"") | ... BF23: =IFERROR(IF($AQ23="Passive","",INDEX(Income!P$9:P$1026,MATCH(Calc!$AO23,Income!$U$9:$U$1026,0),1)),"") | BH23: =IF(AND(ISNUMBER(MATCH($BI23,$E$5:$E$54,0)),ISNUMBER(MATCH($BJ23,$K$5:$K$24,0))),"Active","Passive") -> Passive | BI23: =IFERROR(INDEX(Expenses!B$9:B$1026,MATCH(Calc!$AO23,Expenses!$U$9:$U$1026,0),1),0) -> 0 | BJ23: =IFERROR(INDEX(Expenses!C$9:C$1026,MATCH(Calc!$AO23,Expenses!$U$9:$U$1026,0),1),0) -> 0 | BK23: =$BK$2+$AN23 -> 2021 | BL23: =IFERROR(IF($BH23="Passive","",INDEX(Expenses!E$9:E$1026,MATCH(Calc!$AO23,Expenses!$U$9:$U$1026,0),1)),"") | BM23: =IFERROR(IF($BH23="Passive","",INDEX(Expenses!F$9:F$1026,MATCH(Calc!$AO23,Expenses!$U$9:$U$1026,0),1)),"") | BN23: =IFERROR(IF($BH23="Passive","",INDEX(Expenses!G$9:G$1026,MATCH(Calc!$AO23,Expenses!$U$9:$U$1026,0),1)),"") | BO23: =IFERROR(IF($BH23="Passive","",INDEX(Expenses!H$9:H$1026,MATCH(Calc!$AO23,Expenses!$U$9:$U$1026,0),1)),"") | BP23: =IFERROR(IF($BH23="Passive","",INDEX(Expenses!I$9:I$1026,MATCH(Calc!$AO23,Expenses!$U$9:$U$1026,0),1)),"") | BQ23: =IFERROR(IF($BH23="Passive","",INDEX(Expenses!J$9:J$1026,MATCH(Calc!$AO23,Expenses!$U$9:$U$1026,0),1)),"") | BR23: =IFERROR(IF($BH23="Passive","",INDEX(Expenses!K$9:K$1026,MATCH(Calc!$AO23,Expenses!$U$9:$U$1026,0),1)),"") | BS23: =IFERROR(IF($BH23="Passive","",INDEX(Expenses!L$9:L$1026,MATCH(Calc!$AO23,Expenses!$U$9:$U$1026,0),1)),"") | ... BW23: =IFERROR(IF($BH23="Passive","",INDEX(Expenses!P$9:P$1026,MATCH(Calc!$AO23,Expenses!$U$9:$U$1026,0),1)),"")
B24: 20 | D24: =IFERROR(IF(INDEX(PropertyDatabase!$B$6:$B$55,$B24,1)=0,"",INDEX(PropertyDatabase!$B$6:$B$55,$B24,1)),"") | E24: =IFERROR(INDEX($D$4:$D$54, MATCH(0,INDEX((LEN($D$4:$D$54)=0)+COUNTIF($E$3:$E23,$D$4:$D$54),0),0)),"") | G24: =IFERROR(IF(INDEX(Menu!$C$18:$C$37,$B24,1)=0,"",INDEX(Menu!$C$18:$C$37,$B24,1)),"") | H24: =IFERROR(INDEX($G$4:$G$24, MATCH(0,INDEX((LEN($G$4:$G$24)=0)+COUNTIF($H$3:$H23,$G$4:$G$24),0),0)),"") | J24: =IFERROR(IF(INDEX(Menu!$E$18:$E$37,$B24,1)=0,"",INDEX(Menu!$E$18:$E$37,$B24,1)),"") | K24: =IFERROR(INDEX($J$4:$J$24, MATCH(0,INDEX((LEN($J$4:$J$24)=0)+COUNTIF($K$3:$K23,$J$4:$J$24),0),0)),"") | Z24: Expense | AA24: =IFERROR(IF(AND(property="All",year="All"),SUM(BL$4:BL$1003), IF(AND(property="All",year<>"All"),SUMIF($BK$4:$BK$1003,year,BL$4:BL$1003), IF(AND(property<>"All",year="All"),SUMIF($BI$4:$BI$1003,property,BL$4:BL$1003), IF(AND(property<>"All",year<>"All"),SUMIFS(BL$4:BL$1003,$BI$4:$BI$1003,property,$BK$4:$BK$1003,year),"")))),"") -> 0 | AB24: =IFERROR(IF(AND(property="All",year="All"),SUM(BM$4:BM$1003), IF(AND(property="All",year<>"All"),SUMIF($BK$4:$BK$1003,year,BM$4:BM$1003), IF(AND(property<>"All",year="All"),SUMIF($BI$4:$BI$1003,property,BM$4:BM$1003), IF(AND(property<>"All",year<>"All"),SUMIFS(BM$4:BM$1003,$BI$4:$BI$1003,property,$BK$4:$BK$1003,year),"")))),"") -> 600 | AC24: =IFERROR(IF(AND(property="All",year="All"),SUM(BN$4:BN$1003), IF(AND(property="All",year<>"All"),SUMIF($BK$4:$BK$1003,year,BN$4:BN$1003), IF(AND(property<>"All",year="All"),SUMIF($BI$4:$BI$1003,property,BN$4:BN$1003), IF(AND(property<>"All",year<>"All"),SUMIFS(BN$4:BN$1003,$BI$4:$BI$1003,property,$BK$4:$BK$1003,year),"")))),"") -> 2150 | AD24: =IFERROR(IF(AND(property="All",year="All"),SUM(BO$4:BO$1003), IF(AND(property="All",year<>"All"),SUMIF($BK$4:$BK$1003,year,BO$4:BO$1003), IF(AND(property<>"All",year="All"),SUMIF($BI$4:$BI$1003,property,BO$4:BO$1003), IF(AND(property<>"All",year<>"All"),SUMIFS(BO$4:BO$1003,$BI$4:$BI$1003,property,$BK$4:$BK$1003,year),"")))),"") -> 850 | AE24: =IFERROR(IF(AND(property="All",year="All"),SUM(BP$4:BP$1003), IF(AND(property="All",year<>"All"),SUMIF($BK$4:$BK$1003,year,BP$4:BP$1003), IF(AND(property<>"All",year="All"),SUMIF($BI$4:$BI$1003,property,BP$4:BP$1003), IF(AND(property<>"All",year<>"All"),SUMIFS(BP$4:BP$1003,$BI$4:$BI$1003,property,$BK$4:$BK$1003,year),"")))),"") -> 2750 | AF24: =IFERROR(IF(AND(property="All",year="All"),SUM(BQ$4:BQ$1003), IF(AND(property="All",year<>"All"),SUMIF($BK$4:$BK$1003,year,BQ$4:BQ$1003), IF(AND(property<>"All",year="All"),SUMIF($BI$4:$BI$1003,property,BQ$4:BQ$1003), IF(AND(property<>"All",year<>"All"),SUMIFS(BQ$4:BQ$1003,$BI$4:$BI$1003,property,$BK$4:$BK$1003,year),"")))),"") -> 3850 | AG24: =IFERROR(IF(AND(property="All",year="All"),SUM(BR$4:BR$1003), IF(AND(property="All",year<>"All"),SUMIF($BK$4:$BK$1003,year,BR$4:BR$1003), IF(AND(property<>"All",year="All"),SUMIF($BI$4:$BI$1003,property,BR$4:BR$1003), IF(AND(property<>"All",year<>"All"),SUMIFS(BR$4:BR$1003,$BI$4:$BI$1003,property,$BK$4:$BK$1003,year),"")))),"") -> 1150 | AH24: =IFERROR(IF(AND(property="All",year="All"),SUM(BS$4:BS$1003), IF(AND(property="All",year<>"All"),SUMIF($BK$4:$BK$1003,year,BS$4:BS$1003), IF(AND(property<>"All",year="All"),SUMIF($BI$4:$BI$1003,property,BS$4:BS$1003), IF(AND(property<>"All",year<>"All"),SUMIFS(BS$4:BS$1003,$BI$4:$BI$1003,property,$BK$4:$BK$1003,year),"")))),"") -> 0 | ... AL24: =IFERROR(IF(AND(property="All",year="All"),SUM(BW$4:BW$1003), IF(AND(property="All",year<>"All"),SUMIF($BK$4:$BK$1003,year,BW$4:BW$1003), IF(AND(property<>"All",year="All"),SUMIF($BI$4:$BI$1003,property,BW$4:BW$1003), IF(AND(property<>"All",year<>"All"),SUMIFS(BW$4:BW$1003,$BI$4:$BI$1003,property,$BK$4:$BK$1003,year),"")))),"") -> 0 | AN24: =IF($AO24<=100,0,IF(AND($AO24>100,$AO24<=200),1,IF(AND($AO24>200,$AO24<=300),2,IF(AND($AO24>300,$AO24<=400),3,IF(AND($AO24>400,$AO24<=500),4,IF(AND($AO24>500,$AO24<=600),5,IF(AND($AO24>600,$AO24<=700),6,IF(AND($AO24>700,$AO24<=800),7,IF(AND($AO24>800,$AO24<=900),8,IF(AND($AO24>900,$AO24<=1000),9)))))))))) -> 0 | AO24: 21 | AQ24: =IF(AND(ISNUMBER(MATCH($AR24,$E$5:$E$54,0)),ISNUMBER(MATCH($AS24,$H$5:$H$24,0))),"Active","Passive") -> Passive | AR24: =IFERROR(INDEX(Income!B$9:B$1026,MATCH(Calc!$AO24,Income!$U$9:$U$1026,0),1),0) -> 0 | AS24: =IFERROR(INDEX(Income!C$9:C$1026,MATCH(Calc!$AO24,Income!$U$9:$U$1026,0),1),0) -> 0 | AT24: =$AT$2+$AN24 -> 2021 | AU24: =IFERROR(IF($AQ24="Passive","",INDEX(Income!E$9:E$1026,MATCH(Calc!$AO24,Income!$U$9:$U$1026,0),1)),"") | AV24: =IFERROR(IF($AQ24="Passive","",INDEX(Income!F$9:F$1026,MATCH(Calc!$AO24,Income!$U$9:$U$1026,0),1)),"") | AW24: =IFERROR(IF($AQ24="Passive","",INDEX(Income!G$9:G$1026,MATCH(Calc!$AO24,Income!$U$9:$U$1026,0),1)),"") | AX24: =IFERROR(IF($AQ24="Passive","",INDEX(Income!H$9:H$1026,MATCH(Calc!$AO24,Income!$U$9:$U$1026,0),1)),"") | AY24: =IFERROR(IF($AQ24="Passive","",INDEX(Income!I$9:I$1026,MATCH(Calc!$AO24,Income!$U$9:$U$1026,0),1)),"") | AZ24: =IFERROR(IF($AQ24="Passive","",INDEX(Income!J$9:J$1026,MATCH(Calc!$AO24,Income!$U$9:$U$1026,0),1)),"") | BA24: =IFERROR(IF($AQ24="Passive","",INDEX(Income!K$9:K$1026,MATCH(Calc!$AO24,Income!$U$9:$U$1026,0),1)),"") | BB24: =IFERROR(IF($AQ24="Passive","",INDEX(Income!L$9:L$1026,MATCH(Calc!$AO24,Income!$U$9:$U$1026,0),1)),"") | ... BF24: =IFERROR(IF($AQ24="Passive","",INDEX(Income!P$9:P$1026,MATCH(Calc!$AO24,Income!$U$9:$U$1026,0),1)),"") | BH24: =IF(AND(ISNUMBER(MATCH($BI24,$E$5:$E$54,0)),ISNUMBER(MATCH($BJ24,$K$5:$K$24,0))),"Active","Passive") -> Passive | BI24: =IFERROR(INDEX(Expenses!B$9:B$1026,MATCH(Calc!$AO24,Expenses!$U$9:$U$1026,0),1),0) -> 0 | BJ24: =IFERROR(INDEX(Expenses!C$9:C$1026,MATCH(Calc!$AO24,Expenses!$U$9:$U$1026,0),1),0) -> 0 | BK24: =$BK$2+$AN24 -> 2021 | BL24: =IFERROR(IF($BH24="Passive","",INDEX(Expenses!E$9:E$1026,MATCH(Calc!$AO24,Expenses!$U$9:$U$1026,0),1)),"") | BM24: =IFERROR(IF($BH24="Passive","",INDEX(Expenses!F$9:F$1026,MATCH(Calc!$AO24,Expenses!$U$9:$U$1026,0),1)),"") | BN24: =IFERROR(IF($BH24="Passive","",INDEX(Expenses!G$9:G$1026,MATCH(Calc!$AO24,Expenses!$U$9:$U$1026,0),1)),"") | BO24: =IFERROR(IF($BH24="Passive","",INDEX(Expenses!H$9:H$1026,MATCH(Calc!$AO24,Expenses!$U$9:$U$1026,0),1)),"") | BP24: =IFERROR(IF($BH24="Passive","",INDEX(Expenses!I$9:I$1026,MATCH(Calc!$AO24,Expenses!$U$9:$U$1026,0),1)),"") | BQ24: =IFERROR(IF($BH24="Passive","",INDEX(Expenses!J$9:J$1026,MATCH(Calc!$AO24,Expenses!$U$9:$U$1026,0),1)),"") | BR24: =IFERROR(IF($BH24="Passive","",INDEX(Expenses!K$9:K$1026,MATCH(Calc!$AO24,Expenses!$U$9:$U$1026,0),1)),"") | BS24: =IFERROR(IF($BH24="Passive","",INDEX(Expenses!L$9:L$1026,MATCH(Calc!$AO24,Expenses!$U$9:$U$1026,0),1)),"") | ... BW24: =IFERROR(IF($BH24="Passive","",INDEX(Expenses!P$9:P$1026,MATCH(Calc!$AO24,Expenses!$U$9:$U$1026,0),1)),"")
B25: 21 | D25: =IFERROR(IF(INDEX(PropertyDatabase!$B$6:$B$55,$B25,1)=0,"",INDEX(PropertyDatabase!$B$6:$B$55,$B25,1)),"") | E25: =IFERROR(INDEX($D$4:$D$54, MATCH(0,INDEX((LEN($D$4:$D$54)=0)+COUNTIF($E$3:$E24,$D$4:$D$54),0),0)),"") | Z25: Net Profit | AA25: =IFERROR(AA$23-AA$24,"") -> 23000 | AB25: =IFERROR(AB$23-AB$24,"") -> 9500 | AC25: =IFERROR(AC$23-AC$24,"") -> 7950 | AD25: =IFERROR(AD$23-AD$24,"") -> 9250 | AE25: =IFERROR(AE$23-AE$24,"") -> 6150 | AF25: =IFERROR(AF$23-AF$24,"") -> 6250 | AG25: =IFERROR(AG$23-AG$24,"") -> 7350 | AH25: =IFERROR(AH$23-AH$24,"") -> 8500 | ... AL25: =IFERROR(AL$23-AL$24,"") -> 4450 | AN25: =IF($AO25<=100,0,IF(AND($AO25>100,$AO25<=200),1,IF(AND($AO25>200,$AO25<=300),2,IF(AND($AO25>300,$AO25<=400),3,IF(AND($AO25>400,$AO25<=500),4,IF(AND($AO25>500,$AO25<=600),5,IF(AND($AO25>600,$AO25<=700),6,IF(AND($AO25>700,$AO25<=800),7,IF(AND($AO25>800,$AO25<=900),8,IF(AND($AO25>900,$AO25<=1000),9)))))))))) -> 0 | AO25: 22 | AQ25: =IF(AND(ISNUMBER(MATCH($AR25,$E$5:$E$54,0)),ISNUMBER(MATCH($AS25,$H$5:$H$24,0))),"Active","Passive") -> Passive | AR25: =IFERROR(INDEX(Income!B$9:B$1026,MATCH(Calc!$AO25,Income!$U$9:$U$1026,0),1),0) -> 0 | AS25: =IFERROR(INDEX(Income!C$9:C$1026,MATCH(Calc!$AO25,Income!$U$9:$U$1026,0),1),0) -> 0 | AT25: =$AT$2+$AN25 -> 2021 | AU25: =IFERROR(IF($AQ25="Passive","",INDEX(Income!E$9:E$1026,MATCH(Calc!$AO25,Income!$U$9:$U$1026,0),1)),"") | AV25: =IFERROR(IF($AQ25="Passive","",INDEX(Income!F$9:F$1026,MATCH(Calc!$AO25,Income!$U$9:$U$1026,0),1)),"") | AW25: =IFERROR(IF($AQ25="Passive","",INDEX(Income!G$9:G$1026,MATCH(Calc!$AO25,Income!$U$9:$U$1026,0),1)),"") | AX25: =IFERROR(IF($AQ25="Passive","",INDEX(Income!H$9:H$1026,MATCH(Calc!$AO25,Income!$U$9:$U$1026,0),1)),"") | AY25: =IFERROR(IF($AQ25="Passive","",INDEX(Income!I$9:I$1026,MATCH(Calc!$AO25,Income!$U$9:$U$1026,0),1)),"") | AZ25: =IFERROR(IF($AQ25="Passive","",INDEX(Income!J$9:J$1026,MATCH(Calc!$AO25,Income!$U$9:$U$1026,0),1)),"") | BA25: =IFERROR(IF($AQ25="Passive","",INDEX(Income!K$9:K$1026,MATCH(Calc!$AO25,Income!$U$9:$U$1026,0),1)),"") | BB25: =IFERROR(IF($AQ25="Passive","",INDEX(Income!L$9:L$1026,MATCH(Calc!$AO25,Income!$U$9:$U$1026,0),1)),"") | ... BF25: =IFERROR(IF($AQ25="Passive","",INDEX(Income!P$9:P$1026,MATCH(Calc!$AO25,Income!$U$9:$U$1026,0),1)),"") | BH25: =IF(AND(ISNUMBER(MATCH($BI25,$E$5:$E$54,0)),ISNUMBER(MATCH($BJ25,$K$5:$K$24,0))),"Active","Passive") -> Passive | BI25: =IFERROR(INDEX(Expenses!B$9:B$1026,MATCH(Calc!$AO25,Expenses!$U$9:$U$1026,0),1),0) -> 0 | BJ25: =IFERROR(INDEX(Expenses!C$9:C$1026,MATCH(Calc!$AO25,Expenses!$U$9:$U$1026,0),1),0) -> 0 | BK25: =$BK$2+$AN25 -> 2021 | BL25: =IFERROR(IF($BH25="Passive","",INDEX(Expenses!E$9:E$1026,MATCH(Calc!$AO25,Expenses!$U$9:$U$1026,0),1)),"") | BM25: =IFERROR(IF($BH25="Passive","",INDEX(Expenses!F$9:F$1026,MATCH(Calc!$AO25,Expenses!$U$9:$U$1026,0),1)),"") | BN25: =IFERROR(IF($BH25="Passive","",INDEX(Expenses!G$9:G$1026,MATCH(Calc!$AO25,Expenses!$U$9:$U$1026,0),1)),"") | BO25: =IFERROR(IF($BH25="Passive","",INDEX(Expenses!H$9:H$1026,MATCH(Calc!$AO25,Expenses!$U$9:$U$1026,0),1)),"") | BP25: =IFERROR(IF($BH25="Passive","",INDEX(Expenses!I$9:I$1026,MATCH(Calc!$AO25,Expenses!$U$9:$U$1026,0),1)),"") | BQ25: =IFERROR(IF($BH25="Passive","",INDEX(Expenses!J$9:J$1026,MATCH(Calc!$AO25,Expenses!$U$9:$U$1026,0),1)),"") | BR25: =IFERROR(IF($BH25="Passive","",INDEX(Expenses!K$9:K$1026,MATCH(Calc!$AO25,Expenses!$U$9:$U$1026,0),1)),"") | BS25: =IFERROR(IF($BH25="Passive","",INDEX(Expenses!L$9:L$1026,MATCH(Calc!$AO25,Expenses!$U$9:$U$1026,0),1)),"") | ... BW25: =IFERROR(IF($BH25="Passive","",INDEX(Expenses!P$9:P$1026,MATCH(Calc!$AO25,Expenses!$U$9:$U$1026,0),1)),"")
B26: 22 | D26: =IFERROR(IF(INDEX(PropertyDatabase!$B$6:$B$55,$B26,1)=0,"",INDEX(PropertyDatabase!$B$6:$B$55,$B26,1)),"") | E26: =IFERROR(INDEX($D$4:$D$54, MATCH(0,INDEX((LEN($D$4:$D$54)=0)+COUNTIF($E$3:$E25,$D$4:$D$54),0),0)),"") | AN26: =IF($AO26<=100,0,IF(AND($AO26>100,$AO26<=200),1,IF(AND($AO26>200,$AO26<=300),2,IF(AND($AO26>300,$AO26<=400),3,IF(AND($AO26>400,$AO26<=500),4,IF(AND($AO26>500,$AO26<=600),5,IF(AND($AO26>600,$AO26<=700),6,IF(AND($AO26>700,$AO26<=800),7,IF(AND($AO26>800,$AO26<=900),8,IF(AND($AO26>900,$AO26<=1000),9)))))))))) -> 0 | AO26: 23 | AQ26: =IF(AND(ISNUMBER(MATCH($AR26,$E$5:$E$54,0)),ISNUMBER(MATCH($AS26,$H$5:$H$24,0))),"Active","Passive") -> Passive | AR26: =IFERROR(INDEX(Income!B$9:B$1026,MATCH(Calc!$AO26,Income!$U$9:$U$1026,0),1),0) -> 0 | AS26: =IFERROR(INDEX(Income!C$9:C$1026,MATCH(Calc!$AO26,Income!$U$9:$U$1026,0),1),0) -> 0 | AT26: =$AT$2+$AN26 -> 2021 | AU26: =IFERROR(IF($AQ26="Passive","",INDEX(Income!E$9:E$1026,MATCH(Calc!$AO26,Income!$U$9:$U$1026,0),1)),"") | AV26: =IFERROR(IF($AQ26="Passive","",INDEX(Income!F$9:F$1026,MATCH(Calc!$AO26,Income!$U$9:$U$1026,0),1)),"") | AW26: =IFERROR(IF($AQ26="Passive","",INDEX(Income!G$9:G$1026,MATCH(Calc!$AO26,Income!$U$9:$U$1026,0),1)),"") | AX26: =IFERROR(IF($AQ26="Passive","",INDEX(Income!H$9:H$1026,MATCH(Calc!$AO26,Income!$U$9:$U$1026,0),1)),"") | AY26: =IFERROR(IF($AQ26="Passive","",INDEX(Income!I$9:I$1026,MATCH(Calc!$AO26,Income!$U$9:$U$1026,0),1)),"") | AZ26: =IFERROR(IF($AQ26="Passive","",INDEX(Income!J$9:J$1026,MATCH(Calc!$AO26,Income!$U$9:$U$1026,0),1)),"") | BA26: =IFERROR(IF($AQ26="Passive","",INDEX(Income!K$9:K$1026,MATCH(Calc!$AO26,Income!$U$9:$U$1026,0),1)),"") | BB26: =IFERROR(IF($AQ26="Passive","",INDEX(Income!L$9:L$1026,MATCH(Calc!$AO26,Income!$U$9:$U$1026,0),1)),"") | ... BF26: =IFERROR(IF($AQ26="Passive","",INDEX(Income!P$9:P$1026,MATCH(Calc!$AO26,Income!$U$9:$U$1026,0),1)),"") | BH26: =IF(AND(ISNUMBER(MATCH($BI26,$E$5:$E$54,0)),ISNUMBER(MATCH($BJ26,$K$5:$K$24,0))),"Active","Passive") -> Passive | BI26: =IFERROR(INDEX(Expenses!B$9:B$1026,MATCH(Calc!$AO26,Expenses!$U$9:$U$1026,0),1),0) -> 0 | BJ26: =IFERROR(INDEX(Expenses!C$9:C$1026,MATCH(Calc!$AO26,Expenses!$U$9:$U$1026,0),1),0) -> 0 | BK26: =$BK$2+$AN26 -> 2021 | BL26: =IFERROR(IF($BH26="Passive","",INDEX(Expenses!E$9:E$1026,MATCH(Calc!$AO26,Expenses!$U$9:$U$1026,0),1)),"") | BM26: =IFERROR(IF($BH26="Passive","",INDEX(Expenses!F$9:F$1026,MATCH(Calc!$AO26,Expenses!$U$9:$U$1026,0),1)),"") | BN26: =IFERROR(IF($BH26="Passive","",INDEX(Expenses!G$9:G$1026,MATCH(Calc!$AO26,Expenses!$U$9:$U$1026,0),1)),"") | BO26: =IFERROR(IF($BH26="Passive","",INDEX(Expenses!H$9:H$1026,MATCH(Calc!$AO26,Expenses!$U$9:$U$1026,0),1)),"") | BP26: =IFERROR(IF($BH26="Passive","",INDEX(Expenses!I$9:I$1026,MATCH(Calc!$AO26,Expenses!$U$9:$U$1026,0),1)),"") | BQ26: =IFERROR(IF($BH26="Passive","",INDEX(Expenses!J$9:J$1026,MATCH(Calc!$AO26,Expenses!$U$9:$U$1026,0),1)),"") | BR26: =IFERROR(IF($BH26="Passive","",INDEX(Expenses!K$9:K$1026,MATCH(Calc!$AO26,Expenses!$U$9:$U$1026,0),1)),"") | BS26: =IFERROR(IF($BH26="Passive","",INDEX(Expenses!L$9:L$1026,MATCH(Calc!$AO26,Expenses!$U$9:$U$1026,0),1)),"") | ... BW26: =IFERROR(IF($BH26="Passive","",INDEX(Expenses!P$9:P$1026,MATCH(Calc!$AO26,Expenses!$U$9:$U$1026,0),1)),"")
B27: 23 | D27: =IFERROR(IF(INDEX(PropertyDatabase!$B$6:$B$55,$B27,1)=0,"",INDEX(PropertyDatabase!$B$6:$B$55,$B27,1)),"") | E27: =IFERROR(INDEX($D$4:$D$54, MATCH(0,INDEX((LEN($D$4:$D$54)=0)+COUNTIF($E$3:$E26,$D$4:$D$54),0),0)),"") | Z27: Bar Chart Header | AA27: Bar Chart (Cumulative Analysis) | AN27: =IF($AO27<=100,0,IF(AND($AO27>100,$AO27<=200),1,IF(AND($AO27>200,$AO27<=300),2,IF(AND($AO27>300,$AO27<=400),3,IF(AND($AO27>400,$AO27<=500),4,IF(AND($AO27>500,$AO27<=600),5,IF(AND($AO27>600,$AO27<=700),6,IF(AND($AO27>700,$AO27<=800),7,IF(AND($AO27>800,$AO27<=900),8,IF(AND($AO27>900,$AO27<=1000),9)))))))))) -> 0 | AO27: 24 | AQ27: =IF(AND(ISNUMBER(MATCH($AR27,$E$5:$E$54,0)),ISNUMBER(MATCH($AS27,$H$5:$H$24,0))),"Active","Passive") -> Passive | AR27: =IFERROR(INDEX(Income!B$9:B$1026,MATCH(Calc!$AO27,Income!$U$9:$U$1026,0),1),0) -> 0 | AS27: =IFERROR(INDEX(Income!C$9:C$1026,MATCH(Calc!$AO27,Income!$U$9:$U$1026,0),1),0) -> 0 | AT27: =$AT$2+$AN27 -> 2021 | AU27: =IFERROR(IF($AQ27="Passive","",INDEX(Income!E$9:E$1026,MATCH(Calc!$AO27,Income!$U$9:$U$1026,0),1)),"") | AV27: =IFERROR(IF($AQ27="Passive","",INDEX(Income!F$9:F$1026,MATCH(Calc!$AO27,Income!$U$9:$U$1026,0),1)),"") | AW27: =IFERROR(IF($AQ27="Passive","",INDEX(Income!G$9:G$1026,MATCH(Calc!$AO27,Income!$U$9:$U$1026,0),1)),"") | AX27: =IFERROR(IF($AQ27="Passive","",INDEX(Income!H$9:H$1026,MATCH(Calc!$AO27,Income!$U$9:$U$1026,0),1)),"") | AY27: =IFERROR(IF($AQ27="Passive","",INDEX(Income!I$9:I$1026,MATCH(Calc!$AO27,Income!$U$9:$U$1026,0),1)),"") | AZ27: =IFERROR(IF($AQ27="Passive","",INDEX(Income!J$9:J$1026,MATCH(Calc!$AO27,Income!$U$9:$U$1026,0),1)),"") | BA27: =IFERROR(IF($AQ27="Passive","",INDEX(Income!K$9:K$1026,MATCH(Calc!$AO27,Income!$U$9:$U$1026,0),1)),"") | BB27: =IFERROR(IF($AQ27="Passive","",INDEX(Income!L$9:L$1026,MATCH(Calc!$AO27,Income!$U$9:$U$1026,0),1)),"") | ... BF27: =IFERROR(IF($AQ27="Passive","",INDEX(Income!P$9:P$1026,MATCH(Calc!$AO27,Income!$U$9:$U$1026,0),1)),"") | BH27: =IF(AND(ISNUMBER(MATCH($BI27,$E$5:$E$54,0)),ISNUMBER(MATCH($BJ27,$K$5:$K$24,0))),"Active","Passive") -> Passive | BI27: =IFERROR(INDEX(Expenses!B$9:B$1026,MATCH(Calc!$AO27,Expenses!$U$9:$U$1026,0),1),0) -> 0 | BJ27: =IFERROR(INDEX(Expenses!C$9:C$1026,MATCH(Calc!$AO27,Expenses!$U$9:$U$1026,0),1),0) -> 0 | BK27: =$BK$2+$AN27 -> 2021 | BL27: =IFERROR(IF($BH27="Passive","",INDEX(Expenses!E$9:E$1026,MATCH(Calc!$AO27,Expenses!$U$9:$U$1026,0),1)),"") | BM27: =IFERROR(IF($BH27="Passive","",INDEX(Expenses!F$9:F$1026,MATCH(Calc!$AO27,Expenses!$U$9:$U$1026,0),1)),"") | BN27: =IFERROR(IF($BH27="Passive","",INDEX(Expenses!G$9:G$1026,MATCH(Calc!$AO27,Expenses!$U$9:$U$1026,0),1)),"") | BO27: =IFERROR(IF($BH27="Passive","",INDEX(Expenses!H$9:H$1026,MATCH(Calc!$AO27,Expenses!$U$9:$U$1026,0),1)),"") | BP27: =IFERROR(IF($BH27="Passive","",INDEX(Expenses!I$9:I$1026,MATCH(Calc!$AO27,Expenses!$U$9:$U$1026,0),1)),"") | BQ27: =IFERROR(IF($BH27="Passive","",INDEX(Expenses!J$9:J$1026,MATCH(Calc!$AO27,Expenses!$U$9:$U$1026,0),1)),"") | BR27: =IFERROR(IF($BH27="Passive","",INDEX(Expenses!K$9:K$1026,MATCH(Calc!$AO27,Expenses!$U$9:$U$1026,0),1)),"") | BS27: =IFERROR(IF($BH27="Passive","",INDEX(Expenses!L$9:L$1026,MATCH(Calc!$AO27,Expenses!$U$9:$U$1026,0),1)),"") | ... BW27: =IFERROR(IF($BH27="Passive","",INDEX(Expenses!P$9:P$1026,MATCH(Calc!$AO27,Expenses!$U$9:$U$1026,0),1)),"")
B28: 24 | D28: =IFERROR(IF(INDEX(PropertyDatabase!$B$6:$B$55,$B28,1)=0,"",INDEX(PropertyDatabase!$B$6:$B$55,$B28,1)),"") | E28: =IFERROR(INDEX($D$4:$D$54, MATCH(0,INDEX((LEN($D$4:$D$54)=0)+COUNTIF($E$3:$E27,$D$4:$D$54),0),0)),"") | Z28: =IF(OR(LEN(Dashboard!$H$6)=0,Dashboard!$H$6="All"),"",Dashboard!$H$6&"-")&""&IF(OR(LEN(Dashboard!$H$7)=0,Dashboard!$H$7="All"),"",Dashboard!$H$7&"-")&""&IF(OR(LEN(Dashboard!$H$8)=0,Dashboard!$H$8="All"),"",Dashboard!$H$8&"-")&""&"Cumulative Balance" -> Cumulative Balance | AA28: Income | AB28: Expense | AC28: Net Profit | AN28: =IF($AO28<=100,0,IF(AND($AO28>100,$AO28<=200),1,IF(AND($AO28>200,$AO28<=300),2,IF(AND($AO28>300,$AO28<=400),3,IF(AND($AO28>400,$AO28<=500),4,IF(AND($AO28>500,$AO28<=600),5,IF(AND($AO28>600,$AO28<=700),6,IF(AND($AO28>700,$AO28<=800),7,IF(AND($AO28>800,$AO28<=900),8,IF(AND($AO28>900,$AO28<=1000),9)))))))))) -> 0 | AO28: 25 | AQ28: =IF(AND(ISNUMBER(MATCH($AR28,$E$5:$E$54,0)),ISNUMBER(MATCH($AS28,$H$5:$H$24,0))),"Active","Passive") -> Passive | AR28: =IFERROR(INDEX(Income!B$9:B$1026,MATCH(Calc!$AO28,Income!$U$9:$U$1026,0),1),0) -> 0 | AS28: =IFERROR(INDEX(Income!C$9:C$1026,MATCH(Calc!$AO28,Income!$U$9:$U$1026,0),1),0) -> 0 | AT28: =$AT$2+$AN28 -> 2021 | AU28: =IFERROR(IF($AQ28="Passive","",INDEX(Income!E$9:E$1026,MATCH(Calc!$AO28,Income!$U$9:$U$1026,0),1)),"") | AV28: =IFERROR(IF($AQ28="Passive","",INDEX(Income!F$9:F$1026,MATCH(Calc!$AO28,Income!$U$9:$U$1026,0),1)),"") | AW28: =IFERROR(IF($AQ28="Passive","",INDEX(Income!G$9:G$1026,MATCH(Calc!$AO28,Income!$U$9:$U$1026,0),1)),"") | AX28: =IFERROR(IF($AQ28="Passive","",INDEX(Income!H$9:H$1026,MATCH(Calc!$AO28,Income!$U$9:$U$1026,0),1)),"") | AY28: =IFERROR(IF($AQ28="Passive","",INDEX(Income!I$9:I$1026,MATCH(Calc!$AO28,Income!$U$9:$U$1026,0),1)),"") | AZ28: =IFERROR(IF($AQ28="Passive","",INDEX(Income!J$9:J$1026,MATCH(Calc!$AO28,Income!$U$9:$U$1026,0),1)),"") | BA28: =IFERROR(IF($AQ28="Passive","",INDEX(Income!K$9:K$1026,MATCH(Calc!$AO28,Income!$U$9:$U$1026,0),1)),"") | BB28: =IFERROR(IF($AQ28="Passive","",INDEX(Income!L$9:L$1026,MATCH(Calc!$AO28,Income!$U$9:$U$1026,0),1)),"") | ... BF28: =IFERROR(IF($AQ28="Passive","",INDEX(Income!P$9:P$1026,MATCH(Calc!$AO28,Income!$U$9:$U$1026,0),1)),"") | BH28: =IF(AND(ISNUMBER(MATCH($BI28,$E$5:$E$54,0)),ISNUMBER(MATCH($BJ28,$K$5:$K$24,0))),"Active","Passive") -> Passive | BI28: =IFERROR(INDEX(Expenses!B$9:B$1026,MATCH(Calc!$AO28,Expenses!$U$9:$U$1026,0),1),0) -> 0 | BJ28: =IFERROR(INDEX(Expenses!C$9:C$1026,MATCH(Calc!$AO28,Expenses!$U$9:$U$1026,0),1),0) -> 0 | BK28: =$BK$2+$AN28 -> 2021 | BL28: =IFERROR(IF($BH28="Passive","",INDEX(Expenses!E$9:E$1026,MATCH(Calc!$AO28,Expenses!$U$9:$U$1026,0),1)),"") | BM28: =IFERROR(IF($BH28="Passive","",INDEX(Expenses!F$9:F$1026,MATCH(Calc!$AO28,Expenses!$U$9:$U$1026,0),1)),"") | BN28: =IFERROR(IF($BH28="Passive","",INDEX(Expenses!G$9:G$1026,MATCH(Calc!$AO28,Expenses!$U$9:$U$1026,0),1)),"") | BO28: =IFERROR(IF($BH28="Passive","",INDEX(Expenses!H$9:H$1026,MATCH(Calc!$AO28,Expenses!$U$9:$U$1026,0),1)),"") | BP28: =IFERROR(IF($BH28="Passive","",INDEX(Expenses!I$9:I$1026,MATCH(Calc!$AO28,Expenses!$U$9:$U$1026,0),1)),"") | BQ28: =IFERROR(IF($BH28="Passive","",INDEX(Expenses!J$9:J$1026,MATCH(Calc!$AO28,Expenses!$U$9:$U$1026,0),1)),"") | BR28: =IFERROR(IF($BH28="Passive","",INDEX(Expenses!K$9:K$1026,MATCH(Calc!$AO28,Expenses!$U$9:$U$1026,0),1)),"") | BS28: =IFERROR(IF($BH28="Passive","",INDEX(Expenses!L$9:L$1026,MATCH(Calc!$AO28,Expenses!$U$9:$U$1026,0),1)),"") | ... BW28: =IFERROR(IF($BH28="Passive","",INDEX(Expenses!P$9:P$1026,MATCH(Calc!$AO28,Expenses!$U$9:$U$1026,0),1)),"")
B29: 25 | D29: =IFERROR(IF(INDEX(PropertyDatabase!$B$6:$B$55,$B29,1)=0,"",INDEX(PropertyDatabase!$B$6:$B$55,$B29,1)),"") | E29: =IFERROR(INDEX($D$4:$D$54, MATCH(0,INDEX((LEN($D$4:$D$54)=0)+COUNTIF($E$3:$E28,$D$4:$D$54),0),0)),"") | AA29: =IF(month="All",SUM($AA$23:$AL$23),INDEX($AA$23:$AL$23,1,MATCH(month,$AA$22:$AL$22,0))) -> 107100 | AB29: =IF(month="All",SUM($AA$24:$AL$24),INDEX($AA$24:$AL$24,1,MATCH(month,$AA$22:$AL$22,0))) -> 12050 | AC29: =IFERROR($AA29-$AB29,"") -> 95050 | AN29: =IF($AO29<=100,0,IF(AND($AO29>100,$AO29<=200),1,IF(AND($AO29>200,$AO29<=300),2,IF(AND($AO29>300,$AO29<=400),3,IF(AND($AO29>400,$AO29<=500),4,IF(AND($AO29>500,$AO29<=600),5,IF(AND($AO29>600,$AO29<=700),6,IF(AND($AO29>700,$AO29<=800),7,IF(AND($AO29>800,$AO29<=900),8,IF(AND($AO29>900,$AO29<=1000),9)))))))))) -> 0 | AO29: 26 | AQ29: =IF(AND(ISNUMBER(MATCH($AR29,$E$5:$E$54,0)),ISNUMBER(MATCH($AS29,$H$5:$H$24,0))),"Active","Passive") -> Passive | AR29: =IFERROR(INDEX(Income!B$9:B$1026,MATCH(Calc!$AO29,Income!$U$9:$U$1026,0),1),0) -> 0 | AS29: =IFERROR(INDEX(Income!C$9:C$1026,MATCH(Calc!$AO29,Income!$U$9:$U$1026,0),1),0) -> 0 | AT29: =$AT$2+$AN29 -> 2021 | AU29: =IFERROR(IF($AQ29="Passive","",INDEX(Income!E$9:E$1026,MATCH(Calc!$AO29,Income!$U$9:$U$1026,0),1)),"") | AV29: =IFERROR(IF($AQ29="Passive","",INDEX(Income!F$9:F$1026,MATCH(Calc!$AO29,Income!$U$9:$U$1026,0),1)),"") | AW29: =IFERROR(IF($AQ29="Passive","",INDEX(Income!G$9:G$1026,MATCH(Calc!$AO29,Income!$U$9:$U$1026,0),1)),"") | AX29: =IFERROR(IF($AQ29="Passive","",INDEX(Income!H$9:H$1026,MATCH(Calc!$AO29,Income!$U$9:$U$1026,0),1)),"") | AY29: =IFERROR(IF($AQ29="Passive","",INDEX(Income!I$9:I$1026,MATCH(Calc!$AO29,Income!$U$9:$U$1026,0),1)),"") | AZ29: =IFERROR(IF($AQ29="Passive","",INDEX(Income!J$9:J$1026,MATCH(Calc!$AO29,Income!$U$9:$U$1026,0),1)),"") | BA29: =IFERROR(IF($AQ29="Passive","",INDEX(Income!K$9:K$1026,MATCH(Calc!$AO29,Income!$U$9:$U$1026,0),1)),"") | BB29: =IFERROR(IF($AQ29="Passive","",INDEX(Income!L$9:L$1026,MATCH(Calc!$AO29,Income!$U$9:$U$1026,0),1)),"") | ... BF29: =IFERROR(IF($AQ29="Passive","",INDEX(Income!P$9:P$1026,MATCH(Calc!$AO29,Income!$U$9:$U$1026,0),1)),"") | BH29: =IF(AND(ISNUMBER(MATCH($BI29,$E$5:$E$54,0)),ISNUMBER(MATCH($BJ29,$K$5:$K$24,0))),"Active","Passive") -> Passive | BI29: =IFERROR(INDEX(Expenses!B$9:B$1026,MATCH(Calc!$AO29,Expenses!$U$9:$U$1026,0),1),0) -> 0 | BJ29: =IFERROR(INDEX(Expenses!C$9:C$1026,MATCH(Calc!$AO29,Expenses!$U$9:$U$1026,0),1),0) -> 0 | BK29: =$BK$2+$AN29 -> 2021 | BL29: =IFERROR(IF($BH29="Passive","",INDEX(Expenses!E$9:E$1026,MATCH(Calc!$AO29,Expenses!$U$9:$U$1026,0),1)),"") | BM29: =IFERROR(IF($BH29="Passive","",INDEX(Expenses!F$9:F$1026,MATCH(Calc!$AO29,Expenses!$U$9:$U$1026,0),1)),"") | BN29: =IFERROR(IF($BH29="Passive","",INDEX(Expenses!G$9:G$1026,MATCH(Calc!$AO29,Expenses!$U$9:$U$1026,0),1)),"") | BO29: =IFERROR(IF($BH29="Passive","",INDEX(Expenses!H$9:H$1026,MATCH(Calc!$AO29,Expenses!$U$9:$U$1026,0),1)),"") | BP29: =IFERROR(IF($BH29="Passive","",INDEX(Expenses!I$9:I$1026,MATCH(Calc!$AO29,Expenses!$U$9:$U$1026,0),1)),"") | BQ29: =IFERROR(IF($BH29="Passive","",INDEX(Expenses!J$9:J$1026,MATCH(Calc!$AO29,Expenses!$U$9:$U$1026,0),1)),"") | BR29: =IFERROR(IF($BH29="Passive","",INDEX(Expenses!K$9:K$1026,MATCH(Calc!$AO29,Expenses!$U$9:$U$1026,0),1)),"") | BS29: =IFERROR(IF($BH29="Passive","",INDEX(Expenses!L$9:L$1026,MATCH(Calc!$AO29,Expenses!$U$9:$U$1026,0),1)),"") | ... BW29: =IFERROR(IF($BH29="Passive","",INDEX(Expenses!P$9:P$1026,MATCH(Calc!$AO29,Expenses!$U$9:$U$1026,0),1)),"")
B30: 26 | D30: =IFERROR(IF(INDEX(PropertyDatabase!$B$6:$B$55,$B30,1)=0,"",INDEX(PropertyDatabase!$B$6:$B$55,$B30,1)),"") | E30: =IFERROR(INDEX($D$4:$D$54, MATCH(0,INDEX((LEN($D$4:$D$54)=0)+COUNTIF($E$3:$E29,$D$4:$D$54),0),0)),"") | AN30: =IF($AO30<=100,0,IF(AND($AO30>100,$AO30<=200),1,IF(AND($AO30>200,$AO30<=300),2,IF(AND($AO30>300,$AO30<=400),3,IF(AND($AO30>400,$AO30<=500),4,IF(AND($AO30>500,$AO30<=600),5,IF(AND($AO30>600,$AO30<=700),6,IF(AND($AO30>700,$AO30<=800),7,IF(AND($AO30>800,$AO30<=900),8,IF(AND($AO30>900,$AO30<=1000),9)))))))))) -> 0 | AO30: 27 | AQ30: =IF(AND(ISNUMBER(MATCH($AR30,$E$5:$E$54,0)),ISNUMBER(MATCH($AS30,$H$5:$H$24,0))),"Active","Passive") -> Passive | AR30: =IFERROR(INDEX(Income!B$9:B$1026,MATCH(Calc!$AO30,Income!$U$9:$U$1026,0),1),0) -> 0 | AS30: =IFERROR(INDEX(Income!C$9:C$1026,MATCH(Calc!$AO30,Income!$U$9:$U$1026,0),1),0) -> 0 | AT30: =$AT$2+$AN30 -> 2021 | AU30: =IFERROR(IF($AQ30="Passive","",INDEX(Income!E$9:E$1026,MATCH(Calc!$AO30,Income!$U$9:$U$1026,0),1)),"") | AV30: =IFERROR(IF($AQ30="Passive","",INDEX(Income!F$9:F$1026,MATCH(Calc!$AO30,Income!$U$9:$U$1026,0),1)),"") | AW30: =IFERROR(IF($AQ30="Passive","",INDEX(Income!G$9:G$1026,MATCH(Calc!$AO30,Income!$U$9:$U$1026,0),1)),"") | AX30: =IFERROR(IF($AQ30="Passive","",INDEX(Income!H$9:H$1026,MATCH(Calc!$AO30,Income!$U$9:$U$1026,0),1)),"") | AY30: =IFERROR(IF($AQ30="Passive","",INDEX(Income!I$9:I$1026,MATCH(Calc!$AO30,Income!$U$9:$U$1026,0),1)),"") | AZ30: =IFERROR(IF($AQ30="Passive","",INDEX(Income!J$9:J$1026,MATCH(Calc!$AO30,Income!$U$9:$U$1026,0),1)),"") | BA30: =IFERROR(IF($AQ30="Passive","",INDEX(Income!K$9:K$1026,MATCH(Calc!$AO30,Income!$U$9:$U$1026,0),1)),"") | BB30: =IFERROR(IF($AQ30="Passive","",INDEX(Income!L$9:L$1026,MATCH(Calc!$AO30,Income!$U$9:$U$1026,0),1)),"") | ... BF30: =IFERROR(IF($AQ30="Passive","",INDEX(Income!P$9:P$1026,MATCH(Calc!$AO30,Income!$U$9:$U$1026,0),1)),"") | BH30: =IF(AND(ISNUMBER(MATCH($BI30,$E$5:$E$54,0)),ISNUMBER(MATCH($BJ30,$K$5:$K$24,0))),"Active","Passive") -> Passive | BI30: =IFERROR(INDEX(Expenses!B$9:B$1026,MATCH(Calc!$AO30,Expenses!$U$9:$U$1026,0),1),0) -> 0 | BJ30: =IFERROR(INDEX(Expenses!C$9:C$1026,MATCH(Calc!$AO30,Expenses!$U$9:$U$1026,0),1),0) -> 0 | BK30: =$BK$2+$AN30 -> 2021 | BL30: =IFERROR(IF($BH30="Passive","",INDEX(Expenses!E$9:E$1026,MATCH(Calc!$AO30,Expenses!$U$9:$U$1026,0),1)),"") | BM30: =IFERROR(IF($BH30="Passive","",INDEX(Expenses!F$9:F$1026,MATCH(Calc!$AO30,Expenses!$U$9:$U$1026,0),1)),"") | BN30: =IFERROR(IF($BH30="Passive","",INDEX(Expenses!G$9:G$1026,MATCH(Calc!$AO30,Expenses!$U$9:$U$1026,0),1)),"") | BO30: =IFERROR(IF($BH30="Passive","",INDEX(Expenses!H$9:H$1026,MATCH(Calc!$AO30,Expenses!$U$9:$U$1026,0),1)),"") | BP30: =IFERROR(IF($BH30="Passive","",INDEX(Expenses!I$9:I$1026,MATCH(Calc!$AO30,Expenses!$U$9:$U$1026,0),1)),"") | BQ30: =IFERROR(IF($BH30="Passive","",INDEX(Expenses!J$9:J$1026,MATCH(Calc!$AO30,Expenses!$U$9:$U$1026,0),1)),"") | BR30: =IFERROR(IF($BH30="Passive","",INDEX(Expenses!K$9:K$1026,MATCH(Calc!$AO30,Expenses!$U$9:$U$1026,0),1)),"") | BS30: =IFERROR(IF($BH30="Passive","",INDEX(Expenses!L$9:L$1026,MATCH(Calc!$AO30,Expenses!$U$9:$U$1026,0),1)),"") | ... BW30: =IFERROR(IF($BH30="Passive","",INDEX(Expenses!P$9:P$1026,MATCH(Calc!$AO30,Expenses!$U$9:$U$1026,0),1)),"")
B31: 27 | D31: =IFERROR(IF(INDEX(PropertyDatabase!$B$6:$B$55,$B31,1)=0,"",INDEX(PropertyDatabase!$B$6:$B$55,$B31,1)),"") | E31: =IFERROR(INDEX($D$4:$D$54, MATCH(0,INDEX((LEN($D$4:$D$54)=0)+COUNTIF($E$3:$E30,$D$4:$D$54),0),0)),"") | Z31: Column Expense Chart Header | AN31: =IF($AO31<=100,0,IF(AND($AO31>100,$AO31<=200),1,IF(AND($AO31>200,$AO31<=300),2,IF(AND($AO31>300,$AO31<=400),3,IF(AND($AO31>400,$AO31<=500),4,IF(AND($AO31>500,$AO31<=600),5,IF(AND($AO31>600,$AO31<=700),6,IF(AND($AO31>700,$AO31<=800),7,IF(AND($AO31>800,$AO31<=900),8,IF(AND($AO31>900,$AO31<=1000),9)))))))))) -> 0 | AO31: 28 | AQ31: =IF(AND(ISNUMBER(MATCH($AR31,$E$5:$E$54,0)),ISNUMBER(MATCH($AS31,$H$5:$H$24,0))),"Active","Passive") -> Passive | AR31: =IFERROR(INDEX(Income!B$9:B$1026,MATCH(Calc!$AO31,Income!$U$9:$U$1026,0),1),0) -> 0 | AS31: =IFERROR(INDEX(Income!C$9:C$1026,MATCH(Calc!$AO31,Income!$U$9:$U$1026,0),1),0) -> 0 | AT31: =$AT$2+$AN31 -> 2021 | AU31: =IFERROR(IF($AQ31="Passive","",INDEX(Income!E$9:E$1026,MATCH(Calc!$AO31,Income!$U$9:$U$1026,0),1)),"") | AV31: =IFERROR(IF($AQ31="Passive","",INDEX(Income!F$9:F$1026,MATCH(Calc!$AO31,Income!$U$9:$U$1026,0),1)),"") | AW31: =IFERROR(IF($AQ31="Passive","",INDEX(Income!G$9:G$1026,MATCH(Calc!$AO31,Income!$U$9:$U$1026,0),1)),"") | AX31: =IFERROR(IF($AQ31="Passive","",INDEX(Income!H$9:H$1026,MATCH(Calc!$AO31,Income!$U$9:$U$1026,0),1)),"") | AY31: =IFERROR(IF($AQ31="Passive","",INDEX(Income!I$9:I$1026,MATCH(Calc!$AO31,Income!$U$9:$U$1026,0),1)),"") | AZ31: =IFERROR(IF($AQ31="Passive","",INDEX(Income!J$9:J$1026,MATCH(Calc!$AO31,Income!$U$9:$U$1026,0),1)),"") | BA31: =IFERROR(IF($AQ31="Passive","",INDEX(Income!K$9:K$1026,MATCH(Calc!$AO31,Income!$U$9:$U$1026,0),1)),"") | BB31: =IFERROR(IF($AQ31="Passive","",INDEX(Income!L$9:L$1026,MATCH(Calc!$AO31,Income!$U$9:$U$1026,0),1)),"") | ... BF31: =IFERROR(IF($AQ31="Passive","",INDEX(Income!P$9:P$1026,MATCH(Calc!$AO31,Income!$U$9:$U$1026,0),1)),"") | BH31: =IF(AND(ISNUMBER(MATCH($BI31,$E$5:$E$54,0)),ISNUMBER(MATCH($BJ31,$K$5:$K$24,0))),"Active","Passive") -> Passive | BI31: =IFERROR(INDEX(Expenses!B$9:B$1026,MATCH(Calc!$AO31,Expenses!$U$9:$U$1026,0),1),0) -> 0 | BJ31: =IFERROR(INDEX(Expenses!C$9:C$1026,MATCH(Calc!$AO31,Expenses!$U$9:$U$1026,0),1),0) -> 0 | BK31: =$BK$2+$AN31 -> 2021 | BL31: =IFERROR(IF($BH31="Passive","",INDEX(Expenses!E$9:E$1026,MATCH(Calc!$AO31,Expenses!$U$9:$U$1026,0),1)),"") | BM31: =IFERROR(IF($BH31="Passive","",INDEX(Expenses!F$9:F$1026,MATCH(Calc!$AO31,Expenses!$U$9:$U$1026,0),1)),"") | BN31: =IFERROR(IF($BH31="Passive","",INDEX(Expenses!G$9:G$1026,MATCH(Calc!$AO31,Expenses!$U$9:$U$1026,0),1)),"") | BO31: =IFERROR(IF($BH31="Passive","",INDEX(Expenses!H$9:H$1026,MATCH(Calc!$AO31,Expenses!$U$9:$U$1026,0),1)),"") | BP31: =IFERROR(IF($BH31="Passive","",INDEX(Expenses!I$9:I$1026,MATCH(Calc!$AO31,Expenses!$U$9:$U$1026,0),1)),"") | BQ31: =IFERROR(IF($BH31="Passive","",INDEX(Expenses!J$9:J$1026,MATCH(Calc!$AO31,Expenses!$U$9:$U$1026,0),1)),"") | BR31: =IFERROR(IF($BH31="Passive","",INDEX(Expenses!K$9:K$1026,MATCH(Calc!$AO31,Expenses!$U$9:$U$1026,0),1)),"") | BS31: =IFERROR(IF($BH31="Passive","",INDEX(Expenses!L$9:L$1026,MATCH(Calc!$AO31,Expenses!$U$9:$U$1026,0),1)),"") | ... BW31: =IFERROR(IF($BH31="Passive","",INDEX(Expenses!P$9:P$1026,MATCH(Calc!$AO31,Expenses!$U$9:$U$1026,0),1)),"")
B32: 28 | D32: =IFERROR(IF(INDEX(PropertyDatabase!$B$6:$B$55,$B32,1)=0,"",INDEX(PropertyDatabase!$B$6:$B$55,$B32,1)),"") | E32: =IFERROR(INDEX($D$4:$D$54, MATCH(0,INDEX((LEN($D$4:$D$54)=0)+COUNTIF($E$3:$E31,$D$4:$D$54),0),0)),"") | Y32: =MAX(COUNTA($Y$34:$Y$53)-COUNTIF($Y$34:$Y$53,""),1) -> 10 | Z32: =IF(OR(LEN(Dashboard!$H$6)=0,Dashboard!$H$6="All"),"",Dashboard!$H$6&"-")&""&IF(OR(LEN(Dashboard!$H$7)=0,Dashboard!$H$7="All"),"",Dashboard!$H$7&"-")&""&IF(OR(LEN(Dashboard!$H$8)=0,Dashboard!$H$8="All"),"",Dashboard!$H$8&"-")&""&"Expense Details" -> Expense Details | AA32: Column Chart (Expense Analysis) | AN32: =IF($AO32<=100,0,IF(AND($AO32>100,$AO32<=200),1,IF(AND($AO32>200,$AO32<=300),2,IF(AND($AO32>300,$AO32<=400),3,IF(AND($AO32>400,$AO32<=500),4,IF(AND($AO32>500,$AO32<=600),5,IF(AND($AO32>600,$AO32<=700),6,IF(AND($AO32>700,$AO32<=800),7,IF(AND($AO32>800,$AO32<=900),8,IF(AND($AO32>900,$AO32<=1000),9)))))))))) -> 0 | AO32: 29 | AQ32: =IF(AND(ISNUMBER(MATCH($AR32,$E$5:$E$54,0)),ISNUMBER(MATCH($AS32,$H$5:$H$24,0))),"Active","Passive") -> Passive | AR32: =IFERROR(INDEX(Income!B$9:B$1026,MATCH(Calc!$AO32,Income!$U$9:$U$1026,0),1),0) -> 0 | AS32: =IFERROR(INDEX(Income!C$9:C$1026,MATCH(Calc!$AO32,Income!$U$9:$U$1026,0),1),0) -> 0 | AT32: =$AT$2+$AN32 -> 2021 | AU32: =IFERROR(IF($AQ32="Passive","",INDEX(Income!E$9:E$1026,MATCH(Calc!$AO32,Income!$U$9:$U$1026,0),1)),"") | AV32: =IFERROR(IF($AQ32="Passive","",INDEX(Income!F$9:F$1026,MATCH(Calc!$AO32,Income!$U$9:$U$1026,0),1)),"") | AW32: =IFERROR(IF($AQ32="Passive","",INDEX(Income!G$9:G$1026,MATCH(Calc!$AO32,Income!$U$9:$U$1026,0),1)),"") | AX32: =IFERROR(IF($AQ32="Passive","",INDEX(Income!H$9:H$1026,MATCH(Calc!$AO32,Income!$U$9:$U$1026,0),1)),"") | AY32: =IFERROR(IF($AQ32="Passive","",INDEX(Income!I$9:I$1026,MATCH(Calc!$AO32,Income!$U$9:$U$1026,0),1)),"") | AZ32: =IFERROR(IF($AQ32="Passive","",INDEX(Income!J$9:J$1026,MATCH(Calc!$AO32,Income!$U$9:$U$1026,0),1)),"") | BA32: =IFERROR(IF($AQ32="Passive","",INDEX(Income!K$9:K$1026,MATCH(Calc!$AO32,Income!$U$9:$U$1026,0),1)),"") | BB32: =IFERROR(IF($AQ32="Passive","",INDEX(Income!L$9:L$1026,MATCH(Calc!$AO32,Income!$U$9:$U$1026,0),1)),"") | ... BF32: =IFERROR(IF($AQ32="Passive","",INDEX(Income!P$9:P$1026,MATCH(Calc!$AO32,Income!$U$9:$U$1026,0),1)),"") | BH32: =IF(AND(ISNUMBER(MATCH($BI32,$E$5:$E$54,0)),ISNUMBER(MATCH($BJ32,$K$5:$K$24,0))),"Active","Passive") -> Passive | BI32: =IFERROR(INDEX(Expenses!B$9:B$1026,MATCH(Calc!$AO32,Expenses!$U$9:$U$1026,0),1),0) -> 0 | BJ32: =IFERROR(INDEX(Expenses!C$9:C$1026,MATCH(Calc!$AO32,Expenses!$U$9:$U$1026,0),1),0) -> 0 | BK32: =$BK$2+$AN32 -> 2021 | BL32: =IFERROR(IF($BH32="Passive","",INDEX(Expenses!E$9:E$1026,MATCH(Calc!$AO32,Expenses!$U$9:$U$1026,0),1)),"") | BM32: =IFERROR(IF($BH32="Passive","",INDEX(Expenses!F$9:F$1026,MATCH(Calc!$AO32,Expenses!$U$9:$U$1026,0),1)),"") | BN32: =IFERROR(IF($BH32="Passive","",INDEX(Expenses!G$9:G$1026,MATCH(Calc!$AO32,Expenses!$U$9:$U$1026,0),1)),"") | BO32: =IFERROR(IF($BH32="Passive","",INDEX(Expenses!H$9:H$1026,MATCH(Calc!$AO32,Expenses!$U$9:$U$1026,0),1)),"") | BP32: =IFERROR(IF($BH32="Passive","",INDEX(Expenses!I$9:I$1026,MATCH(Calc!$AO32,Expenses!$U$9:$U$1026,0),1)),"") | BQ32: =IFERROR(IF($BH32="Passive","",INDEX(Expenses!J$9:J$1026,MATCH(Calc!$AO32,Expenses!$U$9:$U$1026,0),1)),"") | BR32: =IFERROR(IF($BH32="Passive","",INDEX(Expenses!K$9:K$1026,MATCH(Calc!$AO32,Expenses!$U$9:$U$1026,0),1)),"") | BS32: =IFERROR(IF($BH32="Passive","",INDEX(Expenses!L$9:L$1026,MATCH(Calc!$AO32,Expenses!$U$9:$U$1026,0),1)),"") | ... BW32: =IFERROR(IF($BH32="Passive","",INDEX(Expenses!P$9:P$1026,MATCH(Calc!$AO32,Expenses!$U$9:$U$1026,0),1)),"")
B33: 29 | D33: =IFERROR(IF(INDEX(PropertyDatabase!$B$6:$B$55,$B33,1)=0,"",INDEX(PropertyDatabase!$B$6:$B$55,$B33,1)),"") | E33: =IFERROR(INDEX($D$4:$D$54, MATCH(0,INDEX((LEN($D$4:$D$54)=0)+COUNTIF($E$3:$E32,$D$4:$D$54),0),0)),"") | Y33: Expense Categories | Z33: Total Amount | AA33: =INDEX($T$5:$U$16,MATCH(MONTH(AA$7),$T$5:$T$16,0),2) -> February | AB33: =INDEX($T$5:$U$16,MATCH(MONTH(AB$7),$T$5:$T$16,0),2) -> March | AC33: =INDEX($T$5:$U$16,MATCH(MONTH(AC$7),$T$5:$T$16,0),2) -> April | AD33: =INDEX($T$5:$U$16,MATCH(MONTH(AD$7),$T$5:$T$16,0),2) -> May | AE33: =INDEX($T$5:$U$16,MATCH(MONTH(AE$7),$T$5:$T$16,0),2) -> June | AF33: =INDEX($T$5:$U$16,MATCH(MONTH(AF$7),$T$5:$T$16,0),2) -> July | AG33: =INDEX($T$5:$U$16,MATCH(MONTH(AG$7),$T$5:$T$16,0),2) -> August | AH33: =INDEX($T$5:$U$16,MATCH(MONTH(AH$7),$T$5:$T$16,0),2) -> September | ... AL33: =INDEX($T$5:$U$16,MATCH(MONTH(AL$7),$T$5:$T$16,0),2) -> January | AN33: =IF($AO33<=100,0,IF(AND($AO33>100,$AO33<=200),1,IF(AND($AO33>200,$AO33<=300),2,IF(AND($AO33>300,$AO33<=400),3,IF(AND($AO33>400,$AO33<=500),4,IF(AND($AO33>500,$AO33<=600),5,IF(AND($AO33>600,$AO33<=700),6,IF(AND($AO33>700,$AO33<=800),7,IF(AND($AO33>800,$AO33<=900),8,IF(AND($AO33>900,$AO33<=1000),9)))))))))) -> 0 | AO33: 30 | AQ33: =IF(AND(ISNUMBER(MATCH($AR33,$E$5:$E$54,0)),ISNUMBER(MATCH($AS33,$H$5:$H$24,0))),"Active","Passive") -> Passive | AR33: =IFERROR(INDEX(Income!B$9:B$1026,MATCH(Calc!$AO33,Income!$U$9:$U$1026,0),1),0) -> 0 | AS33: =IFERROR(INDEX(Income!C$9:C$1026,MATCH(Calc!$AO33,Income!$U$9:$U$1026,0),1),0) -> 0 | AT33: =$AT$2+$AN33 -> 2021 | AU33: =IFERROR(IF($AQ33="Passive","",INDEX(Income!E$9:E$1026,MATCH(Calc!$AO33,Income!$U$9:$U$1026,0),1)),"") | AV33: =IFERROR(IF($AQ33="Passive","",INDEX(Income!F$9:F$1026,MATCH(Calc!$AO33,Income!$U$9:$U$1026,0),1)),"") | AW33: =IFERROR(IF($AQ33="Passive","",INDEX(Income!G$9:G$1026,MATCH(Calc!$AO33,Income!$U$9:$U$1026,0),1)),"") | AX33: =IFERROR(IF($AQ33="Passive","",INDEX(Income!H$9:H$1026,MATCH(Calc!$AO33,Income!$U$9:$U$1026,0),1)),"") | AY33: =IFERROR(IF($AQ33="Passive","",INDEX(Income!I$9:I$1026,MATCH(Calc!$AO33,Income!$U$9:$U$1026,0),1)),"") | AZ33: =IFERROR(IF($AQ33="Passive","",INDEX(Income!J$9:J$1026,MATCH(Calc!$AO33,Income!$U$9:$U$1026,0),1)),"") | BA33: =IFERROR(IF($AQ33="Passive","",INDEX(Income!K$9:K$1026,MATCH(Calc!$AO33,Income!$U$9:$U$1026,0),1)),"") | BB33: =IFERROR(IF($AQ33="Passive","",INDEX(Income!L$9:L$1026,MATCH(Calc!$AO33,Income!$U$9:$U$1026,0),1)),"") | ... BF33: =IFERROR(IF($AQ33="Passive","",INDEX(Income!P$9:P$1026,MATCH(Calc!$AO33,Income!$U$9:$U$1026,0),1)),"") | BH33: =IF(AND(ISNUMBER(MATCH($BI33,$E$5:$E$54,0)),ISNUMBER(MATCH($BJ33,$K$5:$K$24,0))),"Active","Passive") -> Passive | BI33: =IFERROR(INDEX(Expenses!B$9:B$1026,MATCH(Calc!$AO33,Expenses!$U$9:$U$1026,0),1),0) -> 0 | BJ33: =IFERROR(INDEX(Expenses!C$9:C$1026,MATCH(Calc!$AO33,Expenses!$U$9:$U$1026,0),1),0) -> 0 | BK33: =$BK$2+$AN33 -> 2021 | BL33: =IFERROR(IF($BH33="Passive","",INDEX(Expenses!E$9:E$1026,MATCH(Calc!$AO33,Expenses!$U$9:$U$1026,0),1)),"") | BM33: =IFERROR(IF($BH33="Passive","",INDEX(Expenses!F$9:F$1026,MATCH(Calc!$AO33,Expenses!$U$9:$U$1026,0),1)),"") | BN33: =IFERROR(IF($BH33="Passive","",INDEX(Expenses!G$9:G$1026,MATCH(Calc!$AO33,Expenses!$U$9:$U$1026,0),1)),"") | BO33: =IFERROR(IF($BH33="Passive","",INDEX(Expenses!H$9:H$1026,MATCH(Calc!$AO33,Expenses!$U$9:$U$1026,0),1)),"") | BP33: =IFERROR(IF($BH33="Passive","",INDEX(Expenses!I$9:I$1026,MATCH(Calc!$AO33,Expenses!$U$9:$U$1026,0),1)),"") | BQ33: =IFERROR(IF($BH33="Passive","",INDEX(Expenses!J$9:J$1026,MATCH(Calc!$AO33,Expenses!$U$9:$U$1026,0),1)),"") | BR33: =IFERROR(IF($BH33="Passive","",INDEX(Expenses!K$9:K$1026,MATCH(Calc!$AO33,Expenses!$U$9:$U$1026,0),1)),"") | BS33: =IFERROR(IF($BH33="Passive","",INDEX(Expenses!L$9:L$1026,MATCH(Calc!$AO33,Expenses!$U$9:$U$1026,0),1)),"") | ... BW33: =IFERROR(IF($BH33="Passive","",INDEX(Expenses!P$9:P$1026,MATCH(Calc!$AO33,Expenses!$U$9:$U$1026,0),1)),"")
B34: 30 | D34: =IFERROR(IF(INDEX(PropertyDatabase!$B$6:$B$55,$B34,1)=0,"",INDEX(PropertyDatabase!$B$6:$B$55,$B34,1)),"") | E34: =IFERROR(INDEX($D$4:$D$54, MATCH(0,INDEX((LEN($D$4:$D$54)=0)+COUNTIF($E$3:$E33,$D$4:$D$54),0),0)),"") | Y34: =$K5 -> Advertising | Z34: =IF(month="All",SUM($AA34:$AL34),SUMIF($AA$33:$AL$33,month,$AA34:$AL34)) -> 1200 | AA34: =IFERROR(IF(AND(property="All",year="All"),SUMIF($BJ$4:$BJ$1003,$Y34,BL$4:BL$1003), IF(AND(property="All",year<>"All"),SUMIFS(BL$4:BL$1003,$BK$4:$BK$1003,year,$BJ$4:$BJ$1003,$Y34), IF(AND(property<>"All",year="All"),SUMIFS(BL$4:BL$1003,$BI$4:$BI$1003,property,$BJ$4:$BJ$1003,$Y34), IF(AND(property<>"All",year<>"All"),SUMIFS(BL$4:BL$1003,$BI$4:$BI$1003,property,$BK$4:$BK$1003,year,$BJ$4:$BJ$1003,$Y34),"")))),"") -> 0 | AB34: =IFERROR(IF(AND(property="All",year="All"),SUMIF($BJ$4:$BJ$1003,$Y34,BM$4:BM$1003), IF(AND(property="All",year<>"All"),SUMIFS(BM$4:BM$1003,$BK$4:$BK$1003,year,$BJ$4:$BJ$1003,$Y34), IF(AND(property<>"All",year="All"),SUMIFS(BM$4:BM$1003,$BI$4:$BI$1003,property,$BJ$4:$BJ$1003,$Y34), IF(AND(property<>"All",year<>"All"),SUMIFS(BM$4:BM$1003,$BI$4:$BI$1003,property,$BK$4:$BK$1003,year,$BJ$4:$BJ$1003,$Y34),"")))),"") -> 600 | AC34: =IFERROR(IF(AND(property="All",year="All"),SUMIF($BJ$4:$BJ$1003,$Y34,BN$4:BN$1003), IF(AND(property="All",year<>"All"),SUMIFS(BN$4:BN$1003,$BK$4:$BK$1003,year,$BJ$4:$BJ$1003,$Y34), IF(AND(property<>"All",year="All"),SUMIFS(BN$4:BN$1003,$BI$4:$BI$1003,property,$BJ$4:$BJ$1003,$Y34), IF(AND(property<>"All",year<>"All"),SUMIFS(BN$4:BN$1003,$BI$4:$BI$1003,property,$BK$4:$BK$1003,year,$BJ$4:$BJ$1003,$Y34),"")))),"") -> 250 | AD34: =IFERROR(IF(AND(property="All",year="All"),SUMIF($BJ$4:$BJ$1003,$Y34,BO$4:BO$1003), IF(AND(property="All",year<>"All"),SUMIFS(BO$4:BO$1003,$BK$4:$BK$1003,year,$BJ$4:$BJ$1003,$Y34), IF(AND(property<>"All",year="All"),SUMIFS(BO$4:BO$1003,$BI$4:$BI$1003,property,$BJ$4:$BJ$1003,$Y34), IF(AND(property<>"All",year<>"All"),SUMIFS(BO$4:BO$1003,$BI$4:$BI$1003,property,$BK$4:$BK$1003,year,$BJ$4:$BJ$1003,$Y34),"")))),"") -> 350 | AE34: =IFERROR(IF(AND(property="All",year="All"),SUMIF($BJ$4:$BJ$1003,$Y34,BP$4:BP$1003), IF(AND(property="All",year<>"All"),SUMIFS(BP$4:BP$1003,$BK$4:$BK$1003,year,$BJ$4:$BJ$1003,$Y34), IF(AND(property<>"All",year="All"),SUMIFS(BP$4:BP$1003,$BI$4:$BI$1003,property,$BJ$4:$BJ$1003,$Y34), IF(AND(property<>"All",year<>"All"),SUMIFS(BP$4:BP$1003,$BI$4:$BI$1003,property,$BK$4:$BK$1003,year,$BJ$4:$BJ$1003,$Y34),"")))),"") -> 0 | AF34: =IFERROR(IF(AND(property="All",year="All"),SUMIF($BJ$4:$BJ$1003,$Y34,BQ$4:BQ$1003), IF(AND(property="All",year<>"All"),SUMIFS(BQ$4:BQ$1003,$BK$4:$BK$1003,year,$BJ$4:$BJ$1003,$Y34), IF(AND(property<>"All",year="All"),SUMIFS(BQ$4:BQ$1003,$BI$4:$BI$1003,property,$BJ$4:$BJ$1003,$Y34), IF(AND(property<>"All",year<>"All"),SUMIFS(BQ$4:BQ$1003,$BI$4:$BI$1003,property,$BK$4:$BK$1003,year,$BJ$4:$BJ$1003,$Y34),"")))),"") -> 0 | AG34: =IFERROR(IF(AND(property="All",year="All"),SUMIF($BJ$4:$BJ$1003,$Y34,BR$4:BR$1003), IF(AND(property="All",year<>"All"),SUMIFS(BR$4:BR$1003,$BK$4:$BK$1003,year,$BJ$4:$BJ$1003,$Y34), IF(AND(property<>"All",year="All"),SUMIFS(BR$4:BR$1003,$BI$4:$BI$1003,property,$BJ$4:$BJ$1003,$Y34), IF(AND(property<>"All",year<>"All"),SUMIFS(BR$4:BR$1003,$BI$4:$BI$1003,property,$BK$4:$BK$1003,year,$BJ$4:$BJ$1003,$Y34),"")))),"") -> 0 | AH34: =IFERROR(IF(AND(property="All",year="All"),SUMIF($BJ$4:$BJ$1003,$Y34,BS$4:BS$1003), IF(AND(property="All",year<>"All"),SUMIFS(BS$4:BS$1003,$BK$4:$BK$1003,year,$BJ$4:$BJ$1003,$Y34), IF(AND(property<>"All",year="All"),SUMIFS(BS$4:BS$1003,$BI$4:$BI$1003,property,$BJ$4:$BJ$1003,$Y34), IF(AND(property<>"All",year<>"All"),SUMIFS(BS$4:BS$1003,$BI$4:$BI$1003,property,$BK$4:$BK$1003,year,$BJ$4:$BJ$1003,$Y34),"")))),"") -> 0 | ... AL34: =IFERROR(IF(AND(property="All",year="All"),SUMIF($BJ$4:$BJ$1003,$Y34,BW$4:BW$1003), IF(AND(property="All",year<>"All"),SUMIFS(BW$4:BW$1003,$BK$4:$BK$1003,year,$BJ$4:$BJ$1003,$Y34), IF(AND(property<>"All",year="All"),SUMIFS(BW$4:BW$1003,$BI$4:$BI$1003,property,$BJ$4:$BJ$1003,$Y34), IF(AND(property<>"All",year<>"All"),SUMIFS(BW$4:BW$1003,$BI$4:$BI$1003,property,$BK$4:$BK$1003,year,$BJ$4:$BJ$1003,$Y34),"")))),"") -> 0 | AN34: =IF($AO34<=100,0,IF(AND($AO34>100,$AO34<=200),1,IF(AND($AO34>200,$AO34<=300),2,IF(AND($AO34>300,$AO34<=400),3,IF(AND($AO34>400,$AO34<=500),4,IF(AND($AO34>500,$AO34<=600),5,IF(AND($AO34>600,$AO34<=700),6,IF(AND($AO34>700,$AO34<=800),7,IF(AND($AO34>800,$AO34<=900),8,IF(AND($AO34>900,$AO34<=1000),9)))))))))) -> 0 | AO34: 31 | AQ34: =IF(AND(ISNUMBER(MATCH($AR34,$E$5:$E$54,0)),ISNUMBER(MATCH($AS34,$H$5:$H$24,0))),"Active","Passive") -> Passive | AR34: =IFERROR(INDEX(Income!B$9:B$1026,MATCH(Calc!$AO34,Income!$U$9:$U$1026,0),1),0) -> 0 | AS34: =IFERROR(INDEX(Income!C$9:C$1026,MATCH(Calc!$AO34,Income!$U$9:$U$1026,0),1),0) -> 0 | AT34: =$AT$2+$AN34 -> 2021 | AU34: =IFERROR(IF($AQ34="Passive","",INDEX(Income!E$9:E$1026,MATCH(Calc!$AO34,Income!$U$9:$U$1026,0),1)),"") | AV34: =IFERROR(IF($AQ34="Passive","",INDEX(Income!F$9:F$1026,MATCH(Calc!$AO34,Income!$U$9:$U$1026,0),1)),"") | AW34: =IFERROR(IF($AQ34="Passive","",INDEX(Income!G$9:G$1026,MATCH(Calc!$AO34,Income!$U$9:$U$1026,0),1)),"") | AX34: =IFERROR(IF($AQ34="Passive","",INDEX(Income!H$9:H$1026,MATCH(Calc!$AO34,Income!$U$9:$U$1026,0),1)),"") | AY34: =IFERROR(IF($AQ34="Passive","",INDEX(Income!I$9:I$1026,MATCH(Calc!$AO34,Income!$U$9:$U$1026,0),1)),"") | AZ34: =IFERROR(IF($AQ34="Passive","",INDEX(Income!J$9:J$1026,MATCH(Calc!$AO34,Income!$U$9:$U$1026,0),1)),"") | BA34: =IFERROR(IF($AQ34="Passive","",INDEX(Income!K$9:K$1026,MATCH(Calc!$AO34,Income!$U$9:$U$1026,0),1)),"") | BB34: =IFERROR(IF($AQ34="Passive","",INDEX(Income!L$9:L$1026,MATCH(Calc!$AO34,Income!$U$9:$U$1026,0),1)),"") | ... BF34: =IFERROR(IF($AQ34="Passive","",INDEX(Income!P$9:P$1026,MATCH(Calc!$AO34,Income!$U$9:$U$1026,0),1)),"") | BH34: =IF(AND(ISNUMBER(MATCH($BI34,$E$5:$E$54,0)),ISNUMBER(MATCH($BJ34,$K$5:$K$24,0))),"Active","Passive") -> Passive | BI34: =IFERROR(INDEX(Expenses!B$9:B$1026,MATCH(Calc!$AO34,Expenses!$U$9:$U$1026,0),1),0) -> 0 | BJ34: =IFERROR(INDEX(Expenses!C$9:C$1026,MATCH(Calc!$AO34,Expenses!$U$9:$U$1026,0),1),0) -> 0 | BK34: =$BK$2+$AN34 -> 2021 | BL34: =IFERROR(IF($BH34="Passive","",INDEX(Expenses!E$9:E$1026,MATCH(Calc!$AO34,Expenses!$U$9:$U$1026,0),1)),"") | BM34: =IFERROR(IF($BH34="Passive","",INDEX(Expenses!F$9:F$1026,MATCH(Calc!$AO34,Expenses!$U$9:$U$1026,0),1)),"") | BN34: =IFERROR(IF($BH34="Passive","",INDEX(Expenses!G$9:G$1026,MATCH(Calc!$AO34,Expenses!$U$9:$U$1026,0),1)),"") | BO34: =IFERROR(IF($BH34="Passive","",INDEX(Expenses!H$9:H$1026,MATCH(Calc!$AO34,Expenses!$U$9:$U$1026,0),1)),"") | BP34: =IFERROR(IF($BH34="Passive","",INDEX(Expenses!I$9:I$1026,MATCH(Calc!$AO34,Expenses!$U$9:$U$1026,0),1)),"") | BQ34: =IFERROR(IF($BH34="Passive","",INDEX(Expenses!J$9:J$1026,MATCH(Calc!$AO34,Expenses!$U$9:$U$1026,0),1)),"") | BR34: =IFERROR(IF($BH34="Passive","",INDEX(Expenses!K$9:K$1026,MATCH(Calc!$AO34,Expenses!$U$9:$U$1026,0),1)),"") | BS34: =IFERROR(IF($BH34="Passive","",INDEX(Expenses!L$9:L$1026,MATCH(Calc!$AO34,Expenses!$U$9:$U$1026,0),1)),"") | ... BW34: =IFERROR(IF($BH34="Passive","",INDEX(Expenses!P$9:P$1026,MATCH(Calc!$AO34,Expenses!$U$9:$U$1026,0),1)),"")
B35: 31 | D35: =IFERROR(IF(INDEX(PropertyDatabase!$B$6:$B$55,$B35,1)=0,"",INDEX(PropertyDatabase!$B$6:$B$55,$B35,1)),"") | E35: =IFERROR(INDEX($D$4:$D$54, MATCH(0,INDEX((LEN($D$4:$D$54)=0)+COUNTIF($E$3:$E34,$D$4:$D$54),0),0)),"") | Y35: =$K6 -> Cleaning & Maintenance | Z35: =IF(month="All",SUM($AA35:$AL35),SUMIF($AA$33:$AL$33,month,$AA35:$AL35)) -> 2350 | AA35: =IFERROR(IF(AND(property="All",year="All"),SUMIF($BJ$4:$BJ$1003,$Y35,BL$4:BL$1003), IF(AND(property="All",year<>"All"),SUMIFS(BL$4:BL$1003,$BK$4:$BK$1003,year,$BJ$4:$BJ$1003,$Y35), IF(AND(property<>"All",year="All"),SUMIFS(BL$4:BL$1003,$BI$4:$BI$1003,property,$BJ$4:$BJ$1003,$Y35), IF(AND(property<>"All",year<>"All"),SUMIFS(BL$4:BL$1003,$BI$4:$BI$1003,property,$BK$4:$BK$1003,year,$BJ$4:$BJ$1003,$Y35),"")))),"") -> 0 | AB35: =IFERROR(IF(AND(property="All",year="All"),SUMIF($BJ$4:$BJ$1003,$Y35,BM$4:BM$1003), IF(AND(property="All",year<>"All"),SUMIFS(BM$4:BM$1003,$BK$4:$BK$1003,year,$BJ$4:$BJ$1003,$Y35), IF(AND(property<>"All",year="All"),SUMIFS(BM$4:BM$1003,$BI$4:$BI$1003,property,$BJ$4:$BJ$1003,$Y35), IF(AND(property<>"All",year<>"All"),SUMIFS(BM$4:BM$1003,$BI$4:$BI$1003,property,$BK$4:$BK$1003,year,$BJ$4:$BJ$1003,$Y35),"")))),"") -> 0 | AC35: =IFERROR(IF(AND(property="All",year="All"),SUMIF($BJ$4:$BJ$1003,$Y35,BN$4:BN$1003), IF(AND(property="All",year<>"All"),SUMIFS(BN$4:BN$1003,$BK$4:$BK$1003,year,$BJ$4:$BJ$1003,$Y35), IF(AND(property<>"All",year="All"),SUMIFS(BN$4:BN$1003,$BI$4:$BI$1003,property,$BJ$4:$BJ$1003,$Y35), IF(AND(property<>"All",year<>"All"),SUMIFS(BN$4:BN$1003,$BI$4:$BI$1003,property,$BK$4:$BK$1003,year,$BJ$4:$BJ$1003,$Y35),"")))),"") -> 1400 | AD35: =IFERROR(IF(AND(property="All",year="All"),SUMIF($BJ$4:$BJ$1003,$Y35,BO$4:BO$1003), IF(AND(property="All",year<>"All"),SUMIFS(BO$4:BO$1003,$BK$4:$BK$1003,year,$BJ$4:$BJ$1003,$Y35), IF(AND(property<>"All",year="All"),SUMIFS(BO$4:BO$1003,$BI$4:$BI$1003,property,$BJ$4:$BJ$1003,$Y35), IF(AND(property<>"All",year<>"All"),SUMIFS(BO$4:BO$1003,$BI$4:$BI$1003,property,$BK$4:$BK$1003,year,$BJ$4:$BJ$1003,$Y35),"")))),"") -> 0 | AE35: =IFERROR(IF(AND(property="All",year="All"),SUMIF($BJ$4:$BJ$1003,$Y35,BP$4:BP$1003), IF(AND(property="All",year<>"All"),SUMIFS(BP$4:BP$1003,$BK$4:$BK$1003,year,$BJ$4:$BJ$1003,$Y35), IF(AND(property<>"All",year="All"),SUMIFS(BP$4:BP$1003,$BI$4:$BI$1003,property,$BJ$4:$BJ$1003,$Y35), IF(AND(property<>"All",year<>"All"),SUMIFS(BP$4:BP$1003,$BI$4:$BI$1003,property,$BK$4:$BK$1003,year,$BJ$4:$BJ$1003,$Y35),"")))),"") -> 250 | AF35: =IFERROR(IF(AND(property="All",year="All"),SUMIF($BJ$4:$BJ$1003,$Y35,BQ$4:BQ$1003), IF(AND(property="All",year<>"All"),SUMIFS(BQ$4:BQ$1003,$BK$4:$BK$1003,year,$BJ$4:$BJ$1003,$Y35), IF(AND(property<>"All",year="All"),SUMIFS(BQ$4:BQ$1003,$BI$4:$BI$1003,property,$BJ$4:$BJ$1003,$Y35), IF(AND(property<>"All",year<>"All"),SUMIFS(BQ$4:BQ$1003,$BI$4:$BI$1003,property,$BK$4:$BK$1003,year,$BJ$4:$BJ$1003,$Y35),"")))),"") -> 0 | AG35: =IFERROR(IF(AND(property="All",year="All"),SUMIF($BJ$4:$BJ$1003,$Y35,BR$4:BR$1003), IF(AND(property="All",year<>"All"),SUMIFS(BR$4:BR$1003,$BK$4:$BK$1003,year,$BJ$4:$BJ$1003,$Y35), IF(AND(property<>"All",year="All"),SUMIFS(BR$4:BR$1003,$BI$4:$BI$1003,property,$BJ$4:$BJ$1003,$Y35), IF(AND(property<>"All",year<>"All"),SUMIFS(BR$4:BR$1003,$BI$4:$BI$1003,property,$BK$4:$BK$1003,year,$BJ$4:$BJ$1003,$Y35),"")))),"") -> 0 | AH35: =IFERROR(IF(AND(property="All",year="All"),SUMIF($BJ$4:$BJ$1003,$Y35,BS$4:BS$1003), IF(AND(property="All",year<>"All"),SUMIFS(BS$4:BS$1003,$BK$4:$BK$1003,year,$BJ$4:$BJ$1003,$Y35), IF(AND(property<>"All",year="All"),SUMIFS(BS$4:BS$1003,$BI$4:$BI$1003,property,$BJ$4:$BJ$1003,$Y35), IF(AND(property<>"All",year<>"All"),SUMIFS(BS$4:BS$1003,$BI$4:$BI$1003,property,$BK$4:$BK$1003,year,$BJ$4:$BJ$1003,$Y35),"")))),"") -> 0 | ... AL35: =IFERROR(IF(AND(property="All",year="All"),SUMIF($BJ$4:$BJ$1003,$Y35,BW$4:BW$1003), IF(AND(property="All",year<>"All"),SUMIFS(BW$4:BW$1003,$BK$4:$BK$1003,year,$BJ$4:$BJ$1003,$Y35), IF(AND(property<>"All",year="All"),SUMIFS(BW$4:BW$1003,$BI$4:$BI$1003,property,$BJ$4:$BJ$1003,$Y35), IF(AND(property<>"All",year<>"All"),SUMIFS(BW$4:BW$1003,$BI$4:$BI$1003,property,$BK$4:$BK$1003,year,$BJ$4:$BJ$1003,$Y35),"")))),"") -> 0 | AN35: =IF($AO35<=100,0,IF(AND($AO35>100,$AO35<=200),1,IF(AND($AO35>200,$AO35<=300),2,IF(AND($AO35>300,$AO35<=400),3,IF(AND($AO35>400,$AO35<=500),4,IF(AND($AO35>500,$AO35<=600),5,IF(AND($AO35>600,$AO35<=700),6,IF(AND($AO35>700,$AO35<=800),7,IF(AND($AO35>800,$AO35<=900),8,IF(AND($AO35>900,$AO35<=1000),9)))))))))) -> 0 | AO35: 32 | AQ35: =IF(AND(ISNUMBER(MATCH($AR35,$E$5:$E$54,0)),ISNUMBER(MATCH($AS35,$H$5:$H$24,0))),"Active","Passive") -> Passive | AR35: =IFERROR(INDEX(Income!B$9:B$1026,MATCH(Calc!$AO35,Income!$U$9:$U$1026,0),1),0) -> 0 | AS35: =IFERROR(INDEX(Income!C$9:C$1026,MATCH(Calc!$AO35,Income!$U$9:$U$1026,0),1),0) -> 0 | AT35: =$AT$2+$AN35 -> 2021 | AU35: =IFERROR(IF($AQ35="Passive","",INDEX(Income!E$9:E$1026,MATCH(Calc!$AO35,Income!$U$9:$U$1026,0),1)),"") | AV35: =IFERROR(IF($AQ35="Passive","",INDEX(Income!F$9:F$1026,MATCH(Calc!$AO35,Income!$U$9:$U$1026,0),1)),"") | AW35: =IFERROR(IF($AQ35="Passive","",INDEX(Income!G$9:G$1026,MATCH(Calc!$AO35,Income!$U$9:$U$1026,0),1)),"") | AX35: =IFERROR(IF($AQ35="Passive","",INDEX(Income!H$9:H$1026,MATCH(Calc!$AO35,Income!$U$9:$U$1026,0),1)),"") | AY35: =IFERROR(IF($AQ35="Passive","",INDEX(Income!I$9:I$1026,MATCH(Calc!$AO35,Income!$U$9:$U$1026,0),1)),"") | AZ35: =IFERROR(IF($AQ35="Passive","",INDEX(Income!J$9:J$1026,MATCH(Calc!$AO35,Income!$U$9:$U$1026,0),1)),"") | BA35: =IFERROR(IF($AQ35="Passive","",INDEX(Income!K$9:K$1026,MATCH(Calc!$AO35,Income!$U$9:$U$1026,0),1)),"") | BB35: =IFERROR(IF($AQ35="Passive","",INDEX(Income!L$9:L$1026,MATCH(Calc!$AO35,Income!$U$9:$U$1026,0),1)),"") | ... BF35: =IFERROR(IF($AQ35="Passive","",INDEX(Income!P$9:P$1026,MATCH(Calc!$AO35,Income!$U$9:$U$1026,0),1)),"") | BH35: =IF(AND(ISNUMBER(MATCH($BI35,$E$5:$E$54,0)),ISNUMBER(MATCH($BJ35,$K$5:$K$24,0))),"Active","Passive") -> Passive | BI35: =IFERROR(INDEX(Expenses!B$9:B$1026,MATCH(Calc!$AO35,Expenses!$U$9:$U$1026,0),1),0) -> 0 | BJ35: =IFERROR(INDEX(Expenses!C$9:C$1026,MATCH(Calc!$AO35,Expenses!$U$9:$U$1026,0),1),0) -> 0 | BK35: =$BK$2+$AN35 -> 2021 | BL35: =IFERROR(IF($BH35="Passive","",INDEX(Expenses!E$9:E$1026,MATCH(Calc!$AO35,Expenses!$U$9:$U$1026,0),1)),"") | BM35: =IFERROR(IF($BH35="Passive","",INDEX(Expenses!F$9:F$1026,MATCH(Calc!$AO35,Expenses!$U$9:$U$1026,0),1)),"") | BN35: =IFERROR(IF($BH35="Passive","",INDEX(Expenses!G$9:G$1026,MATCH(Calc!$AO35,Expenses!$U$9:$U$1026,0),1)),"") | BO35: =IFERROR(IF($BH35="Passive","",INDEX(Expenses!H$9:H$1026,MATCH(Calc!$AO35,Expenses!$U$9:$U$1026,0),1)),"") | BP35: =IFERROR(IF($BH35="Passive","",INDEX(Expenses!I$9:I$1026,MATCH(Calc!$AO35,Expenses!$U$9:$U$1026,0),1)),"") | BQ35: =IFERROR(IF($BH35="Passive","",INDEX(Expenses!J$9:J$1026,MATCH(Calc!$AO35,Expenses!$U$9:$U$1026,0),1)),"") | BR35: =IFERROR(IF($BH35="Passive","",INDEX(Expenses!K$9:K$1026,MATCH(Calc!$AO35,Expenses!$U$9:$U$1026,0),1)),"") | BS35: =IFERROR(IF($BH35="Passive","",INDEX(Expenses!L$9:L$1026,MATCH(Calc!$AO35,Expenses!$U$9:$U$1026,0),1)),"") | ... BW35: =IFERROR(IF($BH35="Passive","",INDEX(Expenses!P$9:P$1026,MATCH(Calc!$AO35,Expenses!$U$9:$U$1026,0),1)),"")
B36: 32 | D36: =IFERROR(IF(INDEX(PropertyDatabase!$B$6:$B$55,$B36,1)=0,"",INDEX(PropertyDatabase!$B$6:$B$55,$B36,1)),"") | E36: =IFERROR(INDEX($D$4:$D$54, MATCH(0,INDEX((LEN($D$4:$D$54)=0)+COUNTIF($E$3:$E35,$D$4:$D$54),0),0)),"") | Y36: =$K7 -> Commissions | Z36: =IF(month="All",SUM($AA36:$AL36),SUMIF($AA$33:$AL$33,month,$AA36:$AL36)) -> 2200 | AA36: =IFERROR(IF(AND(property="All",year="All"),SUMIF($BJ$4:$BJ$1003,$Y36,BL$4:BL$1003), IF(AND(property="All",year<>"All"),SUMIFS(BL$4:BL$1003,$BK$4:$BK$1003,year,$BJ$4:$BJ$1003,$Y36), IF(AND(property<>"All",year="All"),SUMIFS(BL$4:BL$1003,$BI$4:$BI$1003,property,$BJ$4:$BJ$1003,$Y36), IF(AND(property<>"All",year<>"All"),SUMIFS(BL$4:BL$1003,$BI$4:$BI$1003,property,$BK$4:$BK$1003,year,$BJ$4:$BJ$1003,$Y36),"")))),"") -> 0 | AB36: =IFERROR(IF(AND(property="All",year="All"),SUMIF($BJ$4:$BJ$1003,$Y36,BM$4:BM$1003), IF(AND(property="All",year<>"All"),SUMIFS(BM$4:BM$1003,$BK$4:$BK$1003,year,$BJ$4:$BJ$1003,$Y36), IF(AND(property<>"All",year="All"),SUMIFS(BM$4:BM$1003,$BI$4:$BI$1003,property,$BJ$4:$BJ$1003,$Y36), IF(AND(property<>"All",year<>"All"),SUMIFS(BM$4:BM$1003,$BI$4:$BI$1003,property,$BK$4:$BK$1003,year,$BJ$4:$BJ$1003,$Y36),"")))),"") -> 0 | AC36: =IFERROR(IF(AND(property="All",year="All"),SUMIF($BJ$4:$BJ$1003,$Y36,BN$4:BN$1003), IF(AND(property="All",year<>"All"),SUMIFS(BN$4:BN$1003,$BK$4:$BK$1003,year,$BJ$4:$BJ$1003,$Y36), IF(AND(property<>"All",year="All"),SUMIFS(BN$4:BN$1003,$BI$4:$BI$1003,property,$BJ$4:$BJ$1003,$Y36), IF(AND(property<>"All",year<>"All"),SUMIFS(BN$4:BN$1003,$BI$4:$BI$1003,property,$BK$4:$BK$1003,year,$BJ$4:$BJ$1003,$Y36),"")))),"") -> 500 | AD36: =IFERROR(IF(AND(property="All",year="All"),SUMIF($BJ$4:$BJ$1003,$Y36,BO$4:BO$1003), IF(AND(property="All",year<>"All"),SUMIFS(BO$4:BO$1003,$BK$4:$BK$1003,year,$BJ$4:$BJ$1003,$Y36), IF(AND(property<>"All",year="All"),SUMIFS(BO$4:BO$1003,$BI$4:$BI$1003,property,$BJ$4:$BJ$1003,$Y36), IF(AND(property<>"All",year<>"All"),SUMIFS(BO$4:BO$1003,$BI$4:$BI$1003,property,$BK$4:$BK$1003,year,$BJ$4:$BJ$1003,$Y36),"")))),"") -> 0 | AE36: =IFERROR(IF(AND(property="All",year="All"),SUMIF($BJ$4:$BJ$1003,$Y36,BP$4:BP$1003), IF(AND(property="All",year<>"All"),SUMIFS(BP$4:BP$1003,$BK$4:$BK$1003,year,$BJ$4:$BJ$1003,$Y36), IF(AND(property<>"All",year="All"),SUMIFS(BP$4:BP$1003,$BI$4:$BI$1003,property,$BJ$4:$BJ$1003,$Y36), IF(AND(property<>"All",year<>"All"),SUMIFS(BP$4:BP$1003,$BI$4:$BI$1003,property,$BK$4:$BK$1003,year,$BJ$4:$BJ$1003,$Y36),"")))),"") -> 1700 | AF36: =IFERROR(IF(AND(property="All",year="All"),SUMIF($BJ$4:$BJ$1003,$Y36,BQ$4:BQ$1003), IF(AND(property="All",year<>"All"),SUMIFS(BQ$4:BQ$1003,$BK$4:$BK$1003,year,$BJ$4:$BJ$1003,$Y36), IF(AND(property<>"All",year="All"),SUMIFS(BQ$4:BQ$1003,$BI$4:$BI$1003,property,$BJ$4:$BJ$1003,$Y36), IF(AND(property<>"All",year<>"All"),SUMIFS(BQ$4:BQ$1003,$BI$4:$BI$1003,property,$BK$4:$BK$1003,year,$BJ$4:$BJ$1003,$Y36),"")))),"") -> 0 | AG36: =IFERROR(IF(AND(property="All",year="All"),SUMIF($BJ$4:$BJ$1003,$Y36,BR$4:BR$1003), IF(AND(property="All",year<>"All"),SUMIFS(BR$4:BR$1003,$BK$4:$BK$1003,year,$BJ$4:$BJ$1003,$Y36), IF(AND(property<>"All",year="All"),SUMIFS(BR$4:BR$1003,$BI$4:$BI$1003,property,$BJ$4:$BJ$1003,$Y36), IF(AND(property<>"All",year<>"All"),SUMIFS(BR$4:BR$1003,$BI$4:$BI$1003,property,$BK$4:$BK$1003,year,$BJ$4:$BJ$1003,$Y36),"")))),"") -> 0 | AH36: =IFERROR(IF(AND(property="All",year="All"),SUMIF($BJ$4:$BJ$1003,$Y36,BS$4:BS$1003), IF(AND(property="All",year<>"All"),SUMIFS(BS$4:BS$1003,$BK$4:$BK$1003,year,$BJ$4:$BJ$1003,$Y36), IF(AND(property<>"All",year="All"),SUMIFS(BS$4:BS$1003,$BI$4:$BI$1003,property,$BJ$4:$BJ$1003,$Y36), IF(AND(property<>"All",year<>"All"),SUMIFS(BS$4:BS$1003,$BI$4:$BI$1003,property,$BK$4:$BK$1003,year,$BJ$4:$BJ$1003,$Y36),"")))),"") -> 0 | ... AL36: =IFERROR(IF(AND(property="All",year="All"),SUMIF($BJ$4:$BJ$1003,$Y36,BW$4:BW$1003), IF(AND(property="All",year<>"All"),SUMIFS(BW$4:BW$1003,$BK$4:$BK$1003,year,$BJ$4:$BJ$1003,$Y36), IF(AND(property<>"All",year="All"),SUMIFS(BW$4:BW$1003,$BI$4:$BI$1003,property,$BJ$4:$BJ$1003,$Y36), IF(AND(property<>"All",year<>"All"),SUMIFS(BW$4:BW$1003,$BI$4:$BI$1003,property,$BK$4:$BK$1003,year,$BJ$4:$BJ$1003,$Y36),"")))),"") -> 0 | AN36: =IF($AO36<=100,0,IF(AND($AO36>100,$AO36<=200),1,IF(AND($AO36>200,$AO36<=300),2,IF(AND($AO36>300,$AO36<=400),3,IF(AND($AO36>400,$AO36<=500),4,IF(AND($AO36>500,$AO36<=600),5,IF(AND($AO36>600,$AO36<=700),6,IF(AND($AO36>700,$AO36<=800),7,IF(AND($AO36>800,$AO36<=900),8,IF(AND($AO36>900,$AO36<=1000),9)))))))))) -> 0 | AO36: 33 | AQ36: =IF(AND(ISNUMBER(MATCH($AR36,$E$5:$E$54,0)),ISNUMBER(MATCH($AS36,$H$5:$H$24,0))),"Active","Passive") -> Passive | AR36: =IFERROR(INDEX(Income!B$9:B$1026,MATCH(Calc!$AO36,Income!$U$9:$U$1026,0),1),0) -> 0 | AS36: =IFERROR(INDEX(Income!C$9:C$1026,MATCH(Calc!$AO36,Income!$U$9:$U$1026,0),1),0) -> 0 | AT36: =$AT$2+$AN36 -> 2021 | AU36: =IFERROR(IF($AQ36="Passive","",INDEX(Income!E$9:E$1026,MATCH(Calc!$AO36,Income!$U$9:$U$1026,0),1)),"") | AV36: =IFERROR(IF($AQ36="Passive","",INDEX(Income!F$9:F$1026,MATCH(Calc!$AO36,Income!$U$9:$U$1026,0),1)),"") | AW36: =IFERROR(IF($AQ36="Passive","",INDEX(Income!G$9:G$1026,MATCH(Calc!$AO36,Income!$U$9:$U$1026,0),1)),"") | AX36: =IFERROR(IF($AQ36="Passive","",INDEX(Income!H$9:H$1026,MATCH(Calc!$AO36,Income!$U$9:$U$1026,0),1)),"") | AY36: =IFERROR(IF($AQ36="Passive","",INDEX(Income!I$9:I$1026,MATCH(Calc!$AO36,Income!$U$9:$U$1026,0),1)),"") | AZ36: =IFERROR(IF($AQ36="Passive","",INDEX(Income!J$9:J$1026,MATCH(Calc!$AO36,Income!$U$9:$U$1026,0),1)),"") | BA36: =IFERROR(IF($AQ36="Passive","",INDEX(Income!K$9:K$1026,MATCH(Calc!$AO36,Income!$U$9:$U$1026,0),1)),"") | BB36: =IFERROR(IF($AQ36="Passive","",INDEX(Income!L$9:L$1026,MATCH(Calc!$AO36,Income!$U$9:$U$1026,0),1)),"") | ... BF36: =IFERROR(IF($AQ36="Passive","",INDEX(Income!P$9:P$1026,MATCH(Calc!$AO36,Income!$U$9:$U$1026,0),1)),"") | BH36: =IF(AND(ISNUMBER(MATCH($BI36,$E$5:$E$54,0)),ISNUMBER(MATCH($BJ36,$K$5:$K$24,0))),"Active","Passive") -> Passive | BI36: =IFERROR(INDEX(Expenses!B$9:B$1026,MATCH(Calc!$AO36,Expenses!$U$9:$U$1026,0),1),0) -> 0 | BJ36: =IFERROR(INDEX(Expenses!C$9:C$1026,MATCH(Calc!$AO36,Expenses!$U$9:$U$1026,0),1),0) -> 0 | BK36: =$BK$2+$AN36 -> 2021 | BL36: =IFERROR(IF($BH36="Passive","",INDEX(Expenses!E$9:E$1026,MATCH(Calc!$AO36,Expenses!$U$9:$U$1026,0),1)),"") | BM36: =IFERROR(IF($BH36="Passive","",INDEX(Expenses!F$9:F$1026,MATCH(Calc!$AO36,Expenses!$U$9:$U$1026,0),1)),"") | BN36: =IFERROR(IF($BH36="Passive","",INDEX(Expenses!G$9:G$1026,MATCH(Calc!$AO36,Expenses!$U$9:$U$1026,0),1)),"") | BO36: =IFERROR(IF($BH36="Passive","",INDEX(Expenses!H$9:H$1026,MATCH(Calc!$AO36,Expenses!$U$9:$U$1026,0),1)),"") | BP36: =IFERROR(IF($BH36="Passive","",INDEX(Expenses!I$9:I$1026,MATCH(Calc!$AO36,Expenses!$U$9:$U$1026,0),1)),"") | BQ36: =IFERROR(IF($BH36="Passive","",INDEX(Expenses!J$9:J$1026,MATCH(Calc!$AO36,Expenses!$U$9:$U$1026,0),1)),"") | BR36: =IFERROR(IF($BH36="Passive","",INDEX(Expenses!K$9:K$1026,MATCH(Calc!$AO36,Expenses!$U$9:$U$1026,0),1)),"") | BS36: =IFERROR(IF($BH36="Passive","",INDEX(Expenses!L$9:L$1026,MATCH(Calc!$AO36,Expenses!$U$9:$U$1026,0),1)),"") | ... BW36: =IFERROR(IF($BH36="Passive","",INDEX(Expenses!P$9:P$1026,MATCH(Calc!$AO36,Expenses!$U$9:$U$1026,0),1)),"")
B37: 33 | D37: =IFERROR(IF(INDEX(PropertyDatabase!$B$6:$B$55,$B37,1)=0,"",INDEX(PropertyDatabase!$B$6:$B$55,$B37,1)),"") | E37: =IFERROR(INDEX($D$4:$D$54, MATCH(0,INDEX((LEN($D$4:$D$54)=0)+COUNTIF($E$3:$E36,$D$4:$D$54),0),0)),"") | Y37: =$K8 -> Insurance | Z37: =IF(month="All",SUM($AA37:$AL37),SUMIF($AA$33:$AL$33,month,$AA37:$AL37)) -> 3100 | AA37: =IFERROR(IF(AND(property="All",year="All"),SUMIF($BJ$4:$BJ$1003,$Y37,BL$4:BL$1003), IF(AND(property="All",year<>"All"),SUMIFS(BL$4:BL$1003,$BK$4:$BK$1003,year,$BJ$4:$BJ$1003,$Y37), IF(AND(property<>"All",year="All"),SUMIFS(BL$4:BL$1003,$BI$4:$BI$1003,property,$BJ$4:$BJ$1003,$Y37), IF(AND(property<>"All",year<>"All"),SUMIFS(BL$4:BL$1003,$BI$4:$BI$1003,property,$BK$4:$BK$1003,year,$BJ$4:$BJ$1003,$Y37),"")))),"") -> 0 | AB37: =IFERROR(IF(AND(property="All",year="All"),SUMIF($BJ$4:$BJ$1003,$Y37,BM$4:BM$1003), IF(AND(property="All",year<>"All"),SUMIFS(BM$4:BM$1003,$BK$4:$BK$1003,year,$BJ$4:$BJ$1003,$Y37), IF(AND(property<>"All",year="All"),SUMIFS(BM$4:BM$1003,$BI$4:$BI$1003,property,$BJ$4:$BJ$1003,$Y37), IF(AND(property<>"All",year<>"All"),SUMIFS(BM$4:BM$1003,$BI$4:$BI$1003,property,$BK$4:$BK$1003,year,$BJ$4:$BJ$1003,$Y37),"")))),"") -> 0 | AC37: =IFERROR(IF(AND(property="All",year="All"),SUMIF($BJ$4:$BJ$1003,$Y37,BN$4:BN$1003), IF(AND(property="All",year<>"All"),SUMIFS(BN$4:BN$1003,$BK$4:$BK$1003,year,$BJ$4:$BJ$1003,$Y37), IF(AND(property<>"All",year="All"),SUMIFS(BN$4:BN$1003,$BI$4:$BI$1003,property,$BJ$4:$BJ$1003,$Y37), IF(AND(property<>"All",year<>"All"),SUMIFS(BN$4:BN$1003,$BI$4:$BI$1003,property,$BK$4:$BK$1003,year,$BJ$4:$BJ$1003,$Y37),"")))),"") -> 0 | AD37: =IFERROR(IF(AND(property="All",year="All"),SUMIF($BJ$4:$BJ$1003,$Y37,BO$4:BO$1003), IF(AND(property="All",year<>"All"),SUMIFS(BO$4:BO$1003,$BK$4:$BK$1003,year,$BJ$4:$BJ$1003,$Y37), IF(AND(property<>"All",year="All"),SUMIFS(BO$4:BO$1003,$BI$4:$BI$1003,property,$BJ$4:$BJ$1003,$Y37), IF(AND(property<>"All",year<>"All"),SUMIFS(BO$4:BO$1003,$BI$4:$BI$1003,property,$BK$4:$BK$1003,year,$BJ$4:$BJ$1003,$Y37),"")))),"") -> 500 | AE37: =IFERROR(IF(AND(property="All",year="All"),SUMIF($BJ$4:$BJ$1003,$Y37,BP$4:BP$1003), IF(AND(property="All",year<>"All"),SUMIFS(BP$4:BP$1003,$BK$4:$BK$1003,year,$BJ$4:$BJ$1003,$Y37), IF(AND(property<>"All",year="All"),SUMIFS(BP$4:BP$1003,$BI$4:$BI$1003,property,$BJ$4:$BJ$1003,$Y37), IF(AND(property<>"All",year<>"All"),SUMIFS(BP$4:BP$1003,$BI$4:$BI$1003,property,$BK$4:$BK$1003,year,$BJ$4:$BJ$1003,$Y37),"")))),"") -> 800 | AF37: =IFERROR(IF(AND(property="All",year="All"),SUMIF($BJ$4:$BJ$1003,$Y37,BQ$4:BQ$1003), IF(AND(property="All",year<>"All"),SUMIFS(BQ$4:BQ$1003,$BK$4:$BK$1003,year,$BJ$4:$BJ$1003,$Y37), IF(AND(property<>"All",year="All"),SUMIFS(BQ$4:BQ$1003,$BI$4:$BI$1003,property,$BJ$4:$BJ$1003,$Y37), IF(AND(property<>"All",year<>"All"),SUMIFS(BQ$4:BQ$1003,$BI$4:$BI$1003,property,$BK$4:$BK$1003,year,$BJ$4:$BJ$1003,$Y37),"")))),"") -> 1100 | AG37: =IFERROR(IF(AND(property="All",year="All"),SUMIF($BJ$4:$BJ$1003,$Y37,BR$4:BR$1003), IF(AND(property="All",year<>"All"),SUMIFS(BR$4:BR$1003,$BK$4:$BK$1003,year,$BJ$4:$BJ$1003,$Y37), IF(AND(property<>"All",year="All"),SUMIFS(BR$4:BR$1003,$BI$4:$BI$1003,property,$BJ$4:$BJ$1003,$Y37), IF(AND(property<>"All",year<>"All"),SUMIFS(BR$4:BR$1003,$BI$4:$BI$1003,property,$BK$4:$BK$1003,year,$BJ$4:$BJ$1003,$Y37),"")))),"") -> 700 | AH37: =IFERROR(IF(AND(property="All",year="All"),SUMIF($BJ$4:$BJ$1003,$Y37,BS$4:BS$1003), IF(AND(property="All",year<>"All"),SUMIFS(BS$4:BS$1003,$BK$4:$BK$1003,year,$BJ$4:$BJ$1003,$Y37), IF(AND(property<>"All",year="All"),SUMIFS(BS$4:BS$1003,$BI$4:$BI$1003,property,$BJ$4:$BJ$1003,$Y37), IF(AND(property<>"All",year<>"All"),SUMIFS(BS$4:BS$1003,$BI$4:$BI$1003,property,$BK$4:$BK$1003,year,$BJ$4:$BJ$1003,$Y37),"")))),"") -> 0 | ... AL37: =IFERROR(IF(AND(property="All",year="All"),SUMIF($BJ$4:$BJ$1003,$Y37,BW$4:BW$1003), IF(AND(property="All",year<>"All"),SUMIFS(BW$4:BW$1003,$BK$4:$BK$1003,year,$BJ$4:$BJ$1003,$Y37), IF(AND(property<>"All",year="All"),SUMIFS(BW$4:BW$1003,$BI$4:$BI$1003,property,$BJ$4:$BJ$1003,$Y37), IF(AND(property<>"All",year<>"All"),SUMIFS(BW$4:BW$1003,$BI$4:$BI$1003,property,$BK$4:$BK$1003,year,$BJ$4:$BJ$1003,$Y37),"")))),"") -> 0 | AN37: =IF($AO37<=100,0,IF(AND($AO37>100,$AO37<=200),1,IF(AND($AO37>200,$AO37<=300),2,IF(AND($AO37>300,$AO37<=400),3,IF(AND($AO37>400,$AO37<=500),4,IF(AND($AO37>500,$AO37<=600),5,IF(AND($AO37>600,$AO37<=700),6,IF(AND($AO37>700,$AO37<=800),7,IF(AND($AO37>800,$AO37<=900),8,IF(AND($AO37>900,$AO37<=1000),9)))))))))) -> 0 | AO37: 34 | AQ37: =IF(AND(ISNUMBER(MATCH($AR37,$E$5:$E$54,0)),ISNUMBER(MATCH($AS37,$H$5:$H$24,0))),"Active","Passive") -> Passive | AR37: =IFERROR(INDEX(Income!B$9:B$1026,MATCH(Calc!$AO37,Income!$U$9:$U$1026,0),1),0) -> 0 | AS37: =IFERROR(INDEX(Income!C$9:C$1026,MATCH(Calc!$AO37,Income!$U$9:$U$1026,0),1),0) -> 0 | AT37: =$AT$2+$AN37 -> 2021 | AU37: =IFERROR(IF($AQ37="Passive","",INDEX(Income!E$9:E$1026,MATCH(Calc!$AO37,Income!$U$9:$U$1026,0),1)),"") | AV37: =IFERROR(IF($AQ37="Passive","",INDEX(Income!F$9:F$1026,MATCH(Calc!$AO37,Income!$U$9:$U$1026,0),1)),"") | AW37: =IFERROR(IF($AQ37="Passive","",INDEX(Income!G$9:G$1026,MATCH(Calc!$AO37,Income!$U$9:$U$1026,0),1)),"") | AX37: =IFERROR(IF($AQ37="Passive","",INDEX(Income!H$9:H$1026,MATCH(Calc!$AO37,Income!$U$9:$U$1026,0),1)),"") | AY37: =IFERROR(IF($AQ37="Passive","",INDEX(Income!I$9:I$1026,MATCH(Calc!$AO37,Income!$U$9:$U$1026,0),1)),"") | AZ37: =IFERROR(IF($AQ37="Passive","",INDEX(Income!J$9:J$1026,MATCH(Calc!$AO37,Income!$U$9:$U$1026,0),1)),"") | BA37: =IFERROR(IF($AQ37="Passive","",INDEX(Income!K$9:K$1026,MATCH(Calc!$AO37,Income!$U$9:$U$1026,0),1)),"") | BB37: =IFERROR(IF($AQ37="Passive","",INDEX(Income!L$9:L$1026,MATCH(Calc!$AO37,Income!$U$9:$U$1026,0),1)),"") | ... BF37: =IFERROR(IF($AQ37="Passive","",INDEX(Income!P$9:P$1026,MATCH(Calc!$AO37,Income!$U$9:$U$1026,0),1)),"") | BH37: =IF(AND(ISNUMBER(MATCH($BI37,$E$5:$E$54,0)),ISNUMBER(MATCH($BJ37,$K$5:$K$24,0))),"Active","Passive") -> Passive | BI37: =IFERROR(INDEX(Expenses!B$9:B$1026,MATCH(Calc!$AO37,Expenses!$U$9:$U$1026,0),1),0) -> 0 | BJ37: =IFERROR(INDEX(Expenses!C$9:C$1026,MATCH(Calc!$AO37,Expenses!$U$9:$U$1026,0),1),0) -> 0 | BK37: =$BK$2+$AN37 -> 2021 | BL37: =IFERROR(IF($BH37="Passive","",INDEX(Expenses!E$9:E$1026,MATCH(Calc!$AO37,Expenses!$U$9:$U$1026,0),1)),"") | BM37: =IFERROR(IF($BH37="Passive","",INDEX(Expenses!F$9:F$1026,MATCH(Calc!$AO37,Expenses!$U$9:$U$1026,0),1)),"") | BN37: =IFERROR(IF($BH37="Passive","",INDEX(Expenses!G$9:G$1026,MATCH(Calc!$AO37,Expenses!$U$9:$U$1026,0),1)),"") | BO37: =IFERROR(IF($BH37="Passive","",INDEX(Expenses!H$9:H$1026,MATCH(Calc!$AO37,Expenses!$U$9:$U$1026,0),1)),"") | BP37: =IFERROR(IF($BH37="Passive","",INDEX(Expenses!I$9:I$1026,MATCH(Calc!$AO37,Expenses!$U$9:$U$1026,0),1)),"") | BQ37: =IFERROR(IF($BH37="Passive","",INDEX(Expenses!J$9:J$1026,MATCH(Calc!$AO37,Expenses!$U$9:$U$1026,0),1)),"") | BR37: =IFERROR(IF($BH37="Passive","",INDEX(Expenses!K$9:K$1026,MATCH(Calc!$AO37,Expenses!$U$9:$U$1026,0),1)),"") | BS37: =IFERROR(IF($BH37="Passive","",INDEX(Expenses!L$9:L$1026,MATCH(Calc!$AO37,Expenses!$U$9:$U$1026,0),1)),"") | ... BW37: =IFERROR(IF($BH37="Passive","",INDEX(Expenses!P$9:P$1026,MATCH(Calc!$AO37,Expenses!$U$9:$U$1026,0),1)),"")
B38: 34 | D38: =IFERROR(IF(INDEX(PropertyDatabase!$B$6:$B$55,$B38,1)=0,"",INDEX(PropertyDatabase!$B$6:$B$55,$B38,1)),"") | E38: =IFERROR(INDEX($D$4:$D$54, MATCH(0,INDEX((LEN($D$4:$D$54)=0)+COUNTIF($E$3:$E37,$D$4:$D$54),0),0)),"") | Y38: =$K9 -> Management Fees | Z38: =IF(month="All",SUM($AA38:$AL38),SUMIF($AA$33:$AL$33,month,$AA38:$AL38)) -> 0 | AA38: =IFERROR(IF(AND(property="All",year="All"),SUMIF($BJ$4:$BJ$1003,$Y38,BL$4:BL$1003), IF(AND(property="All",year<>"All"),SUMIFS(BL$4:BL$1003,$BK$4:$BK$1003,year,$BJ$4:$BJ$1003,$Y38), IF(AND(property<>"All",year="All"),SUMIFS(BL$4:BL$1003,$BI$4:$BI$1003,property,$BJ$4:$BJ$1003,$Y38), IF(AND(property<>"All",year<>"All"),SUMIFS(BL$4:BL$1003,$BI$4:$BI$1003,property,$BK$4:$BK$1003,year,$BJ$4:$BJ$1003,$Y38),"")))),"") -> 0 | AB38: =IFERROR(IF(AND(property="All",year="All"),SUMIF($BJ$4:$BJ$1003,$Y38,BM$4:BM$1003), IF(AND(property="All",year<>"All"),SUMIFS(BM$4:BM$1003,$BK$4:$BK$1003,year,$BJ$4:$BJ$1003,$Y38), IF(AND(property<>"All",year="All"),SUMIFS(BM$4:BM$1003,$BI$4:$BI$1003,property,$BJ$4:$BJ$1003,$Y38), IF(AND(property<>"All",year<>"All"),SUMIFS(BM$4:BM$1003,$BI$4:$BI$1003,property,$BK$4:$BK$1003,year,$BJ$4:$BJ$1003,$Y38),"")))),"") -> 0 | AC38: =IFERROR(IF(AND(property="All",year="All"),SUMIF($BJ$4:$BJ$1003,$Y38,BN$4:BN$1003), IF(AND(property="All",year<>"All"),SUMIFS(BN$4:BN$1003,$BK$4:$BK$1003,year,$BJ$4:$BJ$1003,$Y38), IF(AND(property<>"All",year="All"),SUMIFS(BN$4:BN$1003,$BI$4:$BI$1003,property,$BJ$4:$BJ$1003,$Y38), IF(AND(property<>"All",year<>"All"),SUMIFS(BN$4:BN$1003,$BI$4:$BI$1003,property,$BK$4:$BK$1003,year,$BJ$4:$BJ$1003,$Y38),"")))),"") -> 0 | AD38: =IFERROR(IF(AND(property="All",year="All"),SUMIF($BJ$4:$BJ$1003,$Y38,BO$4:BO$1003), IF(AND(property="All",year<>"All"),SUMIFS(BO$4:BO$1003,$BK$4:$BK$1003,year,$BJ$4:$BJ$1003,$Y38), IF(AND(property<>"All",year="All"),SUMIFS(BO$4:BO$1003,$BI$4:$BI$1003,property,$BJ$4:$BJ$1003,$Y38), IF(AND(property<>"All",year<>"All"),SUMIFS(BO$4:BO$1003,$BI$4:$BI$1003,property,$BK$4:$BK$1003,year,$BJ$4:$BJ$1003,$Y38),"")))),"") -> 0 | AE38: =IFERROR(IF(AND(property="All",year="All"),SUMIF($BJ$4:$BJ$1003,$Y38,BP$4:BP$1003), IF(AND(property="All",year<>"All"),SUMIFS(BP$4:BP$1003,$BK$4:$BK$1003,year,$BJ$4:$BJ$1003,$Y38), IF(AND(property<>"All",year="All"),SUMIFS(BP$4:BP$1003,$BI$4:$BI$1003,property,$BJ$4:$BJ$1003,$Y38), IF(AND(property<>"All",year<>"All"),SUMIFS(BP$4:BP$1003,$BI$4:$BI$1003,property,$BK$4:$BK$1003,year,$BJ$4:$BJ$1003,$Y38),"")))),"") -> 0 | AF38: =IFERROR(IF(AND(property="All",year="All"),SUMIF($BJ$4:$BJ$1003,$Y38,BQ$4:BQ$1003), IF(AND(property="All",year<>"All"),SUMIFS(BQ$4:BQ$1003,$BK$4:$BK$1003,year,$BJ$4:$BJ$1003,$Y38), IF(AND(property<>"All",year="All"),SUMIFS(BQ$4:BQ$1003,$BI$4:$BI$1003,property,$BJ$4:$BJ$1003,$Y38), IF(AND(property<>"All",year<>"All"),SUMIFS(BQ$4:BQ$1003,$BI$4:$BI$1003,property,$BK$4:$BK$1003,year,$BJ$4:$BJ$1003,$Y38),"")))),"") -> 0 | AG38: =IFERROR(IF(AND(property="All",year="All"),SUMIF($BJ$4:$BJ$1003,$Y38,BR$4:BR$1003), IF(AND(property="All",year<>"All"),SUMIFS(BR$4:BR$1003,$BK$4:$BK$1003,year,$BJ$4:$BJ$1003,$Y38), IF(AND(property<>"All",year="All"),SUMIFS(BR$4:BR$1003,$BI$4:$BI$1003,property,$BJ$4:$BJ$1003,$Y38), IF(AND(property<>"All",year<>"All"),SUMIFS(BR$4:BR$1003,$BI$4:$BI$1003,property,$BK$4:$BK$1003,year,$BJ$4:$BJ$1003,$Y38),"")))),"") -> 0 | AH38: =IFERROR(IF(AND(property="All",year="All"),SUMIF($BJ$4:$BJ$1003,$Y38,BS$4:BS$1003), IF(AND(property="All",year<>"All"),SUMIFS(BS$4:BS$1003,$BK$4:$BK$1003,year,$BJ$4:$BJ$1003,$Y38), IF(AND(property<>"All",year="All"),SUMIFS(BS$4:BS$1003,$BI$4:$BI$1003,property,$BJ$4:$BJ$1003,$Y38), IF(AND(property<>"All",year<>"All"),SUMIFS(BS$4:BS$1003,$BI$4:$BI$1003,property,$BK$4:$BK$1003,year,$BJ$4:$BJ$1003,$Y38),"")))),"") -> 0 | ... AL38: =IFERROR(IF(AND(property="All",year="All"),SUMIF($BJ$4:$BJ$1003,$Y38,BW$4:BW$1003), IF(AND(property="All",year<>"All"),SUMIFS(BW$4:BW$1003,$BK$4:$BK$1003,year,$BJ$4:$BJ$1003,$Y38), IF(AND(property<>"All",year="All"),SUMIFS(BW$4:BW$1003,$BI$4:$BI$1003,property,$BJ$4:$BJ$1003,$Y38), IF(AND(property<>"All",year<>"All"),SUMIFS(BW$4:BW$1003,$BI$4:$BI$1003,property,$BK$4:$BK$1003,year,$BJ$4:$BJ$1003,$Y38),"")))),"") -> 0 | AN38: =IF($AO38<=100,0,IF(AND($AO38>100,$AO38<=200),1,IF(AND($AO38>200,$AO38<=300),2,IF(AND($AO38>300,$AO38<=400),3,IF(AND($AO38>400,$AO38<=500),4,IF(AND($AO38>500,$AO38<=600),5,IF(AND($AO38>600,$AO38<=700),6,IF(AND($AO38>700,$AO38<=800),7,IF(AND($AO38>800,$AO38<=900),8,IF(AND($AO38>900,$AO38<=1000),9)))))))))) -> 0 | AO38: 35 | AQ38: =IF(AND(ISNUMBER(MATCH($AR38,$E$5:$E$54,0)),ISNUMBER(MATCH($AS38,$H$5:$H$24,0))),"Active","Passive") -> Passive | AR38: =IFERROR(INDEX(Income!B$9:B$1026,MATCH(Calc!$AO38,Income!$U$9:$U$1026,0),1),0) -> 0 | AS38: =IFERROR(INDEX(Income!C$9:C$1026,MATCH(Calc!$AO38,Income!$U$9:$U$1026,0),1),0) -> 0 | AT38: =$AT$2+$AN38 -> 2021 | AU38: =IFERROR(IF($AQ38="Passive","",INDEX(Income!E$9:E$1026,MATCH(Calc!$AO38,Income!$U$9:$U$1026,0),1)),"") | AV38: =IFERROR(IF($AQ38="Passive","",INDEX(Income!F$9:F$1026,MATCH(Calc!$AO38,Income!$U$9:$U$1026,0),1)),"") | AW38: =IFERROR(IF($AQ38="Passive","",INDEX(Income!G$9:G$1026,MATCH(Calc!$AO38,Income!$U$9:$U$1026,0),1)),"") | AX38: =IFERROR(IF($AQ38="Passive","",INDEX(Income!H$9:H$1026,MATCH(Calc!$AO38,Income!$U$9:$U$1026,0),1)),"") | AY38: =IFERROR(IF($AQ38="Passive","",INDEX(Income!I$9:I$1026,MATCH(Calc!$AO38,Income!$U$9:$U$1026,0),1)),"") | AZ38: =IFERROR(IF($AQ38="Passive","",INDEX(Income!J$9:J$1026,MATCH(Calc!$AO38,Income!$U$9:$U$1026,0),1)),"") | BA38: =IFERROR(IF($AQ38="Passive","",INDEX(Income!K$9:K$1026,MATCH(Calc!$AO38,Income!$U$9:$U$1026,0),1)),"") | BB38: =IFERROR(IF($AQ38="Passive","",INDEX(Income!L$9:L$1026,MATCH(Calc!$AO38,Income!$U$9:$U$1026,0),1)),"") | ... BF38: =IFERROR(IF($AQ38="Passive","",INDEX(Income!P$9:P$1026,MATCH(Calc!$AO38,Income!$U$9:$U$1026,0),1)),"") | BH38: =IF(AND(ISNUMBER(MATCH($BI38,$E$5:$E$54,0)),ISNUMBER(MATCH($BJ38,$K$5:$K$24,0))),"Active","Passive") -> Passive | BI38: =IFERROR(INDEX(Expenses!B$9:B$1026,MATCH(Calc!$AO38,Expenses!$U$9:$U$1026,0),1),0) -> 0 | BJ38: =IFERROR(INDEX(Expenses!C$9:C$1026,MATCH(Calc!$AO38,Expenses!$U$9:$U$1026,0),1),0) -> 0 | BK38: =$BK$2+$AN38 -> 2021 | BL38: =IFERROR(IF($BH38="Passive","",INDEX(Expenses!E$9:E$1026,MATCH(Calc!$AO38,Expenses!$U$9:$U$1026,0),1)),"") | BM38: =IFERROR(IF($BH38="Passive","",INDEX(Expenses!F$9:F$1026,MATCH(Calc!$AO38,Expenses!$U$9:$U$1026,0),1)),"") | BN38: =IFERROR(IF($BH38="Passive","",INDEX(Expenses!G$9:G$1026,MATCH(Calc!$AO38,Expenses!$U$9:$U$1026,0),1)),"") | BO38: =IFERROR(IF($BH38="Passive","",INDEX(Expenses!H$9:H$1026,MATCH(Calc!$AO38,Expenses!$U$9:$U$1026,0),1)),"") | BP38: =IFERROR(IF($BH38="Passive","",INDEX(Expenses!I$9:I$1026,MATCH(Calc!$AO38,Expenses!$U$9:$U$1026,0),1)),"") | BQ38: =IFERROR(IF($BH38="Passive","",INDEX(Expenses!J$9:J$1026,MATCH(Calc!$AO38,Expenses!$U$9:$U$1026,0),1)),"") | BR38: =IFERROR(IF($BH38="Passive","",INDEX(Expenses!K$9:K$1026,MATCH(Calc!$AO38,Expenses!$U$9:$U$1026,0),1)),"") | BS38: =IFERROR(IF($BH38="Passive","",INDEX(Expenses!L$9:L$1026,MATCH(Calc!$AO38,Expenses!$U$9:$U$1026,0),1)),"") | ... BW38: =IFERROR(IF($BH38="Passive","",INDEX(Expenses!P$9:P$1026,MATCH(Calc!$AO38,Expenses!$U$9:$U$1026,0),1)),"")
B39: 35 | D39: =IFERROR(IF(INDEX(PropertyDatabase!$B$6:$B$55,$B39,1)=0,"",INDEX(PropertyDatabase!$B$6:$B$55,$B39,1)),"") | E39: =IFERROR(INDEX($D$4:$D$54, MATCH(0,INDEX((LEN($D$4:$D$54)=0)+COUNTIF($E$3:$E38,$D$4:$D$54),0),0)),"") | Y39: =$K10 -> Repairs | Z39: =IF(month="All",SUM($AA39:$AL39),SUMIF($AA$33:$AL$33,month,$AA39:$AL39)) -> 2150 | AA39: =IFERROR(IF(AND(property="All",year="All"),SUMIF($BJ$4:$BJ$1003,$Y39,BL$4:BL$1003), IF(AND(property="All",year<>"All"),SUMIFS(BL$4:BL$1003,$BK$4:$BK$1003,year,$BJ$4:$BJ$1003,$Y39), IF(AND(property<>"All",year="All"),SUMIFS(BL$4:BL$1003,$BI$4:$BI$1003,property,$BJ$4:$BJ$1003,$Y39), IF(AND(property<>"All",year<>"All"),SUMIFS(BL$4:BL$1003,$BI$4:$BI$1003,property,$BK$4:$BK$1003,year,$BJ$4:$BJ$1003,$Y39),"")))),"") -> 0 | AB39: =IFERROR(IF(AND(property="All",year="All"),SUMIF($BJ$4:$BJ$1003,$Y39,BM$4:BM$1003), IF(AND(property="All",year<>"All"),SUMIFS(BM$4:BM$1003,$BK$4:$BK$1003,year,$BJ$4:$BJ$1003,$Y39), IF(AND(property<>"All",year="All"),SUMIFS(BM$4:BM$1003,$BI$4:$BI$1003,property,$BJ$4:$BJ$1003,$Y39), IF(AND(property<>"All",year<>"All"),SUMIFS(BM$4:BM$1003,$BI$4:$BI$1003,property,$BK$4:$BK$1003,year,$BJ$4:$BJ$1003,$Y39),"")))),"") -> 0 | AC39: =IFERROR(IF(AND(property="All",year="All"),SUMIF($BJ$4:$BJ$1003,$Y39,BN$4:BN$1003), IF(AND(property="All",year<>"All"),SUMIFS(BN$4:BN$1003,$BK$4:$BK$1003,year,$BJ$4:$BJ$1003,$Y39), IF(AND(property<>"All",year="All"),SUMIFS(BN$4:BN$1003,$BI$4:$BI$1003,property,$BJ$4:$BJ$1003,$Y39), IF(AND(property<>"All",year<>"All"),SUMIFS(BN$4:BN$1003,$BI$4:$BI$1003,property,$BK$4:$BK$1003,year,$BJ$4:$BJ$1003,$Y39),"")))),"") -> 0 | AD39: =IFERROR(IF(AND(property="All",year="All"),SUMIF($BJ$4:$BJ$1003,$Y39,BO$4:BO$1003), IF(AND(property="All",year<>"All"),SUMIFS(BO$4:BO$1003,$BK$4:$BK$1003,year,$BJ$4:$BJ$1003,$Y39), IF(AND(property<>"All",year="All"),SUMIFS(BO$4:BO$1003,$BI$4:$BI$1003,property,$BJ$4:$BJ$1003,$Y39), IF(AND(property<>"All",year<>"All"),SUMIFS(BO$4:BO$1003,$BI$4:$BI$1003,property,$BK$4:$BK$1003,year,$BJ$4:$BJ$1003,$Y39),"")))),"") -> 0 | AE39: =IFERROR(IF(AND(property="All",year="All"),SUMIF($BJ$4:$BJ$1003,$Y39,BP$4:BP$1003), IF(AND(property="All",year<>"All"),SUMIFS(BP$4:BP$1003,$BK$4:$BK$1003,year,$BJ$4:$BJ$1003,$Y39), IF(AND(property<>"All",year="All"),SUMIFS(BP$4:BP$1003,$BI$4:$BI$1003,property,$BJ$4:$BJ$1003,$Y39), IF(AND(property<>"All",year<>"All"),SUMIFS(BP$4:BP$1003,$BI$4:$BI$1003,property,$BK$4:$BK$1003,year,$BJ$4:$BJ$1003,$Y39),"")))),"") -> 0 | AF39: =IFERROR(IF(AND(property="All",year="All"),SUMIF($BJ$4:$BJ$1003,$Y39,BQ$4:BQ$1003), IF(AND(property="All",year<>"All"),SUMIFS(BQ$4:BQ$1003,$BK$4:$BK$1003,year,$BJ$4:$BJ$1003,$Y39), IF(AND(property<>"All",year="All"),SUMIFS(BQ$4:BQ$1003,$BI$4:$BI$1003,property,$BJ$4:$BJ$1003,$Y39), IF(AND(property<>"All",year<>"All"),SUMIFS(BQ$4:BQ$1003,$BI$4:$BI$1003,property,$BK$4:$BK$1003,year,$BJ$4:$BJ$1003,$Y39),"")))),"") -> 2150 | AG39: =IFERROR(IF(AND(property="All",year="All"),SUMIF($BJ$4:$BJ$1003,$Y39,BR$4:BR$1003), IF(AND(property="All",year<>"All"),SUMIFS(BR$4:BR$1003,$BK$4:$BK$1003,year,$BJ$4:$BJ$1003,$Y39), IF(AND(property<>"All",year="All"),SUMIFS(BR$4:BR$1003,$BI$4:$BI$1003,property,$BJ$4:$BJ$1003,$Y39), IF(AND(property<>"All",year<>"All"),SUMIFS(BR$4:BR$1003,$BI$4:$BI$1003,property,$BK$4:$BK$1003,year,$BJ$4:$BJ$1003,$Y39),"")))),"") -> 0 | AH39: =IFERROR(IF(AND(property="All",year="All"),SUMIF($BJ$4:$BJ$1003,$Y39,BS$4:BS$1003), IF(AND(property="All",year<>"All"),SUMIFS(BS$4:BS$1003,$BK$4:$BK$1003,year,$BJ$4:$BJ$1003,$Y39), IF(AND(property<>"All",year="All"),SUMIFS(BS$4:BS$1003,$BI$4:$BI$1003,property,$BJ$4:$BJ$1003,$Y39), IF(AND(property<>"All",year<>"All"),SUMIFS(BS$4:BS$1003,$BI$4:$BI$1003,property,$BK$4:$BK$1003,year,$BJ$4:$BJ$1003,$Y39),"")))),"") -> 0 | ... AL39: =IFERROR(IF(AND(property="All",year="All"),SUMIF($BJ$4:$BJ$1003,$Y39,BW$4:BW$1003), IF(AND(property="All",year<>"All"),SUMIFS(BW$4:BW$1003,$BK$4:$BK$1003,year,$BJ$4:$BJ$1003,$Y39), IF(AND(property<>"All",year="All"),SUMIFS(BW$4:BW$1003,$BI$4:$BI$1003,property,$BJ$4:$BJ$1003,$Y39), IF(AND(property<>"All",year<>"All"),SUMIFS(BW$4:BW$1003,$BI$4:$BI$1003,property,$BK$4:$BK$1003,year,$BJ$4:$BJ$1003,$Y39),"")))),"") -> 0 | AN39: =IF($AO39<=100,0,IF(AND($AO39>100,$AO39<=200),1,IF(AND($AO39>200,$AO39<=300),2,IF(AND($AO39>300,$AO39<=400),3,IF(AND($AO39>400,$AO39<=500),4,IF(AND($AO39>500,$AO39<=600),5,IF(AND($AO39>600,$AO39<=700),6,IF(AND($AO39>700,$AO39<=800),7,IF(AND($AO39>800,$AO39<=900),8,IF(AND($AO39>900,$AO39<=1000),9)))))))))) -> 0 | AO39: 36 | AQ39: =IF(AND(ISNUMBER(MATCH($AR39,$E$5:$E$54,0)),ISNUMBER(MATCH($AS39,$H$5:$H$24,0))),"Active","Passive") -> Passive | AR39: =IFERROR(INDEX(Income!B$9:B$1026,MATCH(Calc!$AO39,Income!$U$9:$U$1026,0),1),0) -> 0 | AS39: =IFERROR(INDEX(Income!C$9:C$1026,MATCH(Calc!$AO39,Income!$U$9:$U$1026,0),1),0) -> 0 | AT39: =$AT$2+$AN39 -> 2021 | AU39: =IFERROR(IF($AQ39="Passive","",INDEX(Income!E$9:E$1026,MATCH(Calc!$AO39,Income!$U$9:$U$1026,0),1)),"") | AV39: =IFERROR(IF($AQ39="Passive","",INDEX(Income!F$9:F$1026,MATCH(Calc!$AO39,Income!$U$9:$U$1026,0),1)),"") | AW39: =IFERROR(IF($AQ39="Passive","",INDEX(Income!G$9:G$1026,MATCH(Calc!$AO39,Income!$U$9:$U$1026,0),1)),"") | AX39: =IFERROR(IF($AQ39="Passive","",INDEX(Income!H$9:H$1026,MATCH(Calc!$AO39,Income!$U$9:$U$1026,0),1)),"") | AY39: =IFERROR(IF($AQ39="Passive","",INDEX(Income!I$9:I$1026,MATCH(Calc!$AO39,Income!$U$9:$U$1026,0),1)),"") | AZ39: =IFERROR(IF($AQ39="Passive","",INDEX(Income!J$9:J$1026,MATCH(Calc!$AO39,Income!$U$9:$U$1026,0),1)),"") | BA39: =IFERROR(IF($AQ39="Passive","",INDEX(Income!K$9:K$1026,MATCH(Calc!$AO39,Income!$U$9:$U$1026,0),1)),"") | BB39: =IFERROR(IF($AQ39="Passive","",INDEX(Income!L$9:L$1026,MATCH(Calc!$AO39,Income!$U$9:$U$1026,0),1)),"") | ... BF39: =IFERROR(IF($AQ39="Passive","",INDEX(Income!P$9:P$1026,MATCH(Calc!$AO39,Income!$U$9:$U$1026,0),1)),"") | BH39: =IF(AND(ISNUMBER(MATCH($BI39,$E$5:$E$54,0)),ISNUMBER(MATCH($BJ39,$K$5:$K$24,0))),"Active","Passive") -> Passive | BI39: =IFERROR(INDEX(Expenses!B$9:B$1026,MATCH(Calc!$AO39,Expenses!$U$9:$U$1026,0),1),0) -> 0 | BJ39: =IFERROR(INDEX(Expenses!C$9:C$1026,MATCH(Calc!$AO39,Expenses!$U$9:$U$1026,0),1),0) -> 0 | BK39: =$BK$2+$AN39 -> 2021 | BL39: =IFERROR(IF($BH39="Passive","",INDEX(Expenses!E$9:E$1026,MATCH(Calc!$AO39,Expenses!$U$9:$U$1026,0),1)),"") | BM39: =IFERROR(IF($BH39="Passive","",INDEX(Expenses!F$9:F$1026,MATCH(Calc!$AO39,Expenses!$U$9:$U$1026,0),1)),"") | BN39: =IFERROR(IF($BH39="Passive","",INDEX(Expenses!G$9:G$1026,MATCH(Calc!$AO39,Expenses!$U$9:$U$1026,0),1)),"") | BO39: =IFERROR(IF($BH39="Passive","",INDEX(Expenses!H$9:H$1026,MATCH(Calc!$AO39,Expenses!$U$9:$U$1026,0),1)),"") | BP39: =IFERROR(IF($BH39="Passive","",INDEX(Expenses!I$9:I$1026,MATCH(Calc!$AO39,Expenses!$U$9:$U$1026,0),1)),"") | BQ39: =IFERROR(IF($BH39="Passive","",INDEX(Expenses!J$9:J$1026,MATCH(Calc!$AO39,Expenses!$U$9:$U$1026,0),1)),"") | BR39: =IFERROR(IF($BH39="Passive","",INDEX(Expenses!K$9:K$1026,MATCH(Calc!$AO39,Expenses!$U$9:$U$1026,0),1)),"") | BS39: =IFERROR(IF($BH39="Passive","",INDEX(Expenses!L$9:L$1026,MATCH(Calc!$AO39,Expenses!$U$9:$U$1026,0),1)),"") | ... BW39: =IFERROR(IF($BH39="Passive","",INDEX(Expenses!P$9:P$1026,MATCH(Calc!$AO39,Expenses!$U$9:$U$1026,0),1)),"")
B40: 36 | D40: =IFERROR(IF(INDEX(PropertyDatabase!$B$6:$B$55,$B40,1)=0,"",INDEX(PropertyDatabase!$B$6:$B$55,$B40,1)),"") | E40: =IFERROR(INDEX($D$4:$D$54, MATCH(0,INDEX((LEN($D$4:$D$54)=0)+COUNTIF($E$3:$E39,$D$4:$D$54),0),0)),"") | Y40: =$K11 -> Supplies | Z40: =IF(month="All",SUM($AA40:$AL40),SUMIF($AA$33:$AL$33,month,$AA40:$AL40)) -> 0 | AA40: =IFERROR(IF(AND(property="All",year="All"),SUMIF($BJ$4:$BJ$1003,$Y40,BL$4:BL$1003), IF(AND(property="All",year<>"All"),SUMIFS(BL$4:BL$1003,$BK$4:$BK$1003,year,$BJ$4:$BJ$1003,$Y40), IF(AND(property<>"All",year="All"),SUMIFS(BL$4:BL$1003,$BI$4:$BI$1003,property,$BJ$4:$BJ$1003,$Y40), IF(AND(property<>"All",year<>"All"),SUMIFS(BL$4:BL$1003,$BI$4:$BI$1003,property,$BK$4:$BK$1003,year,$BJ$4:$BJ$1003,$Y40),"")))),"") -> 0 | AB40: =IFERROR(IF(AND(property="All",year="All"),SUMIF($BJ$4:$BJ$1003,$Y40,BM$4:BM$1003), IF(AND(property="All",year<>"All"),SUMIFS(BM$4:BM$1003,$BK$4:$BK$1003,year,$BJ$4:$BJ$1003,$Y40), IF(AND(property<>"All",year="All"),SUMIFS(BM$4:BM$1003,$BI$4:$BI$1003,property,$BJ$4:$BJ$1003,$Y40), IF(AND(property<>"All",year<>"All"),SUMIFS(BM$4:BM$1003,$BI$4:$BI$1003,property,$BK$4:$BK$1003,year,$BJ$4:$BJ$1003,$Y40),"")))),"") -> 0 | AC40: =IFERROR(IF(AND(property="All",year="All"),SUMIF($BJ$4:$BJ$1003,$Y40,BN$4:BN$1003), IF(AND(property="All",year<>"All"),SUMIFS(BN$4:BN$1003,$BK$4:$BK$1003,year,$BJ$4:$BJ$1003,$Y40), IF(AND(property<>"All",year="All"),SUMIFS(BN$4:BN$1003,$BI$4:$BI$1003,property,$BJ$4:$BJ$1003,$Y40), IF(AND(property<>"All",year<>"All"),SUMIFS(BN$4:BN$1003,$BI$4:$BI$1003,property,$BK$4:$BK$1003,year,$BJ$4:$BJ$1003,$Y40),"")))),"") -> 0 | AD40: =IFERROR(IF(AND(property="All",year="All"),SUMIF($BJ$4:$BJ$1003,$Y40,BO$4:BO$1003), IF(AND(property="All",year<>"All"),SUMIFS(BO$4:BO$1003,$BK$4:$BK$1003,year,$BJ$4:$BJ$1003,$Y40), IF(AND(property<>"All",year="All"),SUMIFS(BO$4:BO$1003,$BI$4:$BI$1003,property,$BJ$4:$BJ$1003,$Y40), IF(AND(property<>"All",year<>"All"),SUMIFS(BO$4:BO$1003,$BI$4:$BI$1003,property,$BK$4:$BK$1003,year,$BJ$4:$BJ$1003,$Y40),"")))),"") -> 0 | AE40: =IFERROR(IF(AND(property="All",year="All"),SUMIF($BJ$4:$BJ$1003,$Y40,BP$4:BP$1003), IF(AND(property="All",year<>"All"),SUMIFS(BP$4:BP$1003,$BK$4:$BK$1003,year,$BJ$4:$BJ$1003,$Y40), IF(AND(property<>"All",year="All"),SUMIFS(BP$4:BP$1003,$BI$4:$BI$1003,property,$BJ$4:$BJ$1003,$Y40), IF(AND(property<>"All",year<>"All"),SUMIFS(BP$4:BP$1003,$BI$4:$BI$1003,property,$BK$4:$BK$1003,year,$BJ$4:$BJ$1003,$Y40),"")))),"") -> 0 | AF40: =IFERROR(IF(AND(property="All",year="All"),SUMIF($BJ$4:$BJ$1003,$Y40,BQ$4:BQ$1003), IF(AND(property="All",year<>"All"),SUMIFS(BQ$4:BQ$1003,$BK$4:$BK$1003,year,$BJ$4:$BJ$1003,$Y40), IF(AND(property<>"All",year="All"),SUMIFS(BQ$4:BQ$1003,$BI$4:$BI$1003,property,$BJ$4:$BJ$1003,$Y40), IF(AND(property<>"All",year<>"All"),SUMIFS(BQ$4:BQ$1003,$BI$4:$BI$1003,property,$BK$4:$BK$1003,year,$BJ$4:$BJ$1003,$Y40),"")))),"") -> 0 | AG40: =IFERROR(IF(AND(property="All",year="All"),SUMIF($BJ$4:$BJ$1003,$Y40,BR$4:BR$1003), IF(AND(property="All",year<>"All"),SUMIFS(BR$4:BR$1003,$BK$4:$BK$1003,year,$BJ$4:$BJ$1003,$Y40), IF(AND(property<>"All",year="All"),SUMIFS(BR$4:BR$1003,$BI$4:$BI$1003,property,$BJ$4:$BJ$1003,$Y40), IF(AND(property<>"All",year<>"All"),SUMIFS(BR$4:BR$1003,$BI$4:$BI$1003,property,$BK$4:$BK$1003,year,$BJ$4:$BJ$1003,$Y40),"")))),"") -> 0 | AH40: =IFERROR(IF(AND(property="All",year="All"),SUMIF($BJ$4:$BJ$1003,$Y40,BS$4:BS$1003), IF(AND(property="All",year<>"All"),SUMIFS(BS$4:BS$1003,$BK$4:$BK$1003,year,$BJ$4:$BJ$1003,$Y40), IF(AND(property<>"All",year="All"),SUMIFS(BS$4:BS$1003,$BI$4:$BI$1003,property,$BJ$4:$BJ$1003,$Y40), IF(AND(property<>"All",year<>"All"),SUMIFS(BS$4:BS$1003,$BI$4:$BI$1003,property,$BK$4:$BK$1003,year,$BJ$4:$BJ$1003,$Y40),"")))),"") -> 0 | ... AL40: =IFERROR(IF(AND(property="All",year="All"),SUMIF($BJ$4:$BJ$1003,$Y40,BW$4:BW$1003), IF(AND(property="All",year<>"All"),SUMIFS(BW$4:BW$1003,$BK$4:$BK$1003,year,$BJ$4:$BJ$1003,$Y40), IF(AND(property<>"All",year="All"),SUMIFS(BW$4:BW$1003,$BI$4:$BI$1003,property,$BJ$4:$BJ$1003,$Y40), IF(AND(property<>"All",year<>"All"),SUMIFS(BW$4:BW$1003,$BI$4:$BI$1003,property,$BK$4:$BK$1003,year,$BJ$4:$BJ$1003,$Y40),"")))),"") -> 0 | AN40: =IF($AO40<=100,0,IF(AND($AO40>100,$AO40<=200),1,IF(AND($AO40>200,$AO40<=300),2,IF(AND($AO40>300,$AO40<=400),3,IF(AND($AO40>400,$AO40<=500),4,IF(AND($AO40>500,$AO40<=600),5,IF(AND($AO40>600,$AO40<=700),6,IF(AND($AO40>700,$AO40<=800),7,IF(AND($AO40>800,$AO40<=900),8,IF(AND($AO40>900,$AO40<=1000),9)))))))))) -> 0 | AO40: 37 | AQ40: =IF(AND(ISNUMBER(MATCH($AR40,$E$5:$E$54,0)),ISNUMBER(MATCH($AS40,$H$5:$H$24,0))),"Active","Passive") -> Passive | AR40: =IFERROR(INDEX(Income!B$9:B$1026,MATCH(Calc!$AO40,Income!$U$9:$U$1026,0),1),0) -> 0 | AS40: =IFERROR(INDEX(Income!C$9:C$1026,MATCH(Calc!$AO40,Income!$U$9:$U$1026,0),1),0) -> 0 | AT40: =$AT$2+$AN40 -> 2021 | AU40: =IFERROR(IF($AQ40="Passive","",INDEX(Income!E$9:E$1026,MATCH(Calc!$AO40,Income!$U$9:$U$1026,0),1)),"") | AV40: =IFERROR(IF($AQ40="Passive","",INDEX(Income!F$9:F$1026,MATCH(Calc!$AO40,Income!$U$9:$U$1026,0),1)),"") | AW40: =IFERROR(IF($AQ40="Passive","",INDEX(Income!G$9:G$1026,MATCH(Calc!$AO40,Income!$U$9:$U$1026,0),1)),"") | AX40: =IFERROR(IF($AQ40="Passive","",INDEX(Income!H$9:H$1026,MATCH(Calc!$AO40,Income!$U$9:$U$1026,0),1)),"") | AY40: =IFERROR(IF($AQ40="Passive","",INDEX(Income!I$9:I$1026,MATCH(Calc!$AO40,Income!$U$9:$U$1026,0),1)),"") | AZ40: =IFERROR(IF($AQ40="Passive","",INDEX(Income!J$9:J$1026,MATCH(Calc!$AO40,Income!$U$9:$U$1026,0),1)),"") | BA40: =IFERROR(IF($AQ40="Passive","",INDEX(Income!K$9:K$1026,MATCH(Calc!$AO40,Income!$U$9:$U$1026,0),1)),"") | BB40: =IFERROR(IF($AQ40="Passive","",INDEX(Income!L$9:L$1026,MATCH(Calc!$AO40,Income!$U$9:$U$1026,0),1)),"") | ... BF40: =IFERROR(IF($AQ40="Passive","",INDEX(Income!P$9:P$1026,MATCH(Calc!$AO40,Income!$U$9:$U$1026,0),1)),"") | BH40: =IF(AND(ISNUMBER(MATCH($BI40,$E$5:$E$54,0)),ISNUMBER(MATCH($BJ40,$K$5:$K$24,0))),"Active","Passive") -> Passive | BI40: =IFERROR(INDEX(Expenses!B$9:B$1026,MATCH(Calc!$AO40,Expenses!$U$9:$U$1026,0),1),0) -> 0 | BJ40: =IFERROR(INDEX(Expenses!C$9:C$1026,MATCH(Calc!$AO40,Expenses!$U$9:$U$1026,0),1),0) -> 0 | BK40: =$BK$2+$AN40 -> 2021 | BL40: =IFERROR(IF($BH40="Passive","",INDEX(Expenses!E$9:E$1026,MATCH(Calc!$AO40,Expenses!$U$9:$U$1026,0),1)),"") | BM40: =IFERROR(IF($BH40="Passive","",INDEX(Expenses!F$9:F$1026,MATCH(Calc!$AO40,Expenses!$U$9:$U$1026,0),1)),"") | BN40: =IFERROR(IF($BH40="Passive","",INDEX(Expenses!G$9:G$1026,MATCH(Calc!$AO40,Expenses!$U$9:$U$1026,0),1)),"") | BO40: =IFERROR(IF($BH40="Passive","",INDEX(Expenses!H$9:H$1026,MATCH(Calc!$AO40,Expenses!$U$9:$U$1026,0),1)),"") | BP40: =IFERROR(IF($BH40="Passive","",INDEX(Expenses!I$9:I$1026,MATCH(Calc!$AO40,Expenses!$U$9:$U$1026,0),1)),"") | BQ40: =IFERROR(IF($BH40="Passive","",INDEX(Expenses!J$9:J$1026,MATCH(Calc!$AO40,Expenses!$U$9:$U$1026,0),1)),"") | BR40: =IFERROR(IF($BH40="Passive","",INDEX(Expenses!K$9:K$1026,MATCH(Calc!$AO40,Expenses!$U$9:$U$1026,0),1)),"") | BS40: =IFERROR(IF($BH40="Passive","",INDEX(Expenses!L$9:L$1026,MATCH(Calc!$AO40,Expenses!$U$9:$U$1026,0),1)),"") | ... BW40: =IFERROR(IF($BH40="Passive","",INDEX(Expenses!P$9:P$1026,MATCH(Calc!$AO40,Expenses!$U$9:$U$1026,0),1)),"")
